Workbook
Name 設備: #REF!
Name 設備: [1]データ参照シート!$B$2
Name 設備: [1]データ参照シート!$B$2
Name 設備: [1]データ参照シート!$B$2
Name 設備: [1]データ参照シート!$B$2
Name 設備: [1]データ参照シート!$B$2
Name 設備: [1]データ参照シート!$B$2
Name 設備: [1]データ参照シート!$B$2
Name 設備: [1]データ参照シート!$B$2
Name 設備: [1]データ参照シート!$B$2
Name 設備: #REF!
Name 設備: #REF!
Name 設備: #REF!
Name 前払い: '共通１ー１（基本情報（１）～（11））'!$R$214
Name 大分類: #REF!
Name 大分類: #REF!
Name 大分類: #REF!
Name 大分類: #REF!
Name 大分類: #REF!
Name 大分類: #REF!
Name 大分類: [2]基本情報!#REF!
Name 大分類: #REF!
Name 大分類: #REF!
Name 大分類: [3]基本情報入力シート!#REF!
Name 大分類: [3]基本情報入力シート!#REF!
Name 大分類: #REF!
Name 大分類: [4]基本情報!#REF!
Name 大分類: [4]基本情報!#REF!
Name 大分類: [4]基本情報!#REF!
Name 大分類: #REF!
Name 大分類: #REF!
Name 第10号の２様式: #REF!
Name 第10号の３様式: #REF!
Name 別1その2: [5]対策!$K$2:$K$9
Name 別1その2: [5]対策!$K$2:$K$9
Name 別1その2: [5]対策!$K$2:$K$9
Name 別1その2: [5]対策!$K$2:$K$9
Name 別1その2: [5]対策!$K$2:$K$9
Name 別1その2: [5]対策!$K$2:$K$9
Name 別1その2: #REF!
Name 別1その2: [5]対策!$K$2:$K$9
Name 別1その2: [5]対策!$K$2:$K$9
Name 別1その2: [5]対策!$K$2:$K$9
Name 別1その2: #REF!

Sheet 記載要領
B2: 区市町村公共施設等への再生可能エネルギー導入促進事業 申請関係様式の記入要領
B17: １．入力の流れ
C18: （１）交付申請について
D19: 共通様式１－２から申請する助成対象設備を入力してください。
D20: 共通様式１－２を作成後、共通様式２より助成金額を計算してください。
C21: （２）その他届出、申請について
D22: 実績報告を除く届出、申請にも使用することができるため、大切に保管してください。
C24: （3）個別様式への入力
F26: セルの色が黄色い部分に入力してください。
F28: セルの色が水色の部分は自動計算、又はリンク自動表示されています。入力は不要です。
F30: セルの色がピンク色の部分は、プルダウンリストから選択してください。
F32: セルが着色されていない部分は、全て保護が掛かっていますので、入力はできません。
B35: 区市町村公共施設等への再生可能エネルギー導入促進事業 申請関係様式のpdf作成要領
B38: １．申請する各様式のpdf作成ついて
D39: 各様式を印刷するにあたっては、セルの色を印刷しないようお願い致します。
B42: ２．設定方法
D43: ※本ファイルは、セルの色を印刷しないよう設定しています。
D44: もし、設定が解除されておりましたら、下記の手順を基に設定してください。
C46: 【印刷設定の手順】
D47: ①「ファイル」メニューの「ページ設定」を実行し、「ページ設定」ダイアログボックスを表示する。
D48: ②「シート」タブをクリックして「白黒印刷」チェックボックスをオンにする。
D50: 「印刷プレビュー」→「ページ設定」→「シート」タブ→印刷の「白黒印刷」にチェック→「OK」→印刷

Sheet 日本標準産業中分類
B1: 日本標準産業中分類
B2: 大分類 | C2: 中分類
B3: Ａ 農業、林業 | C3: 1 農業
C4: 2 林業
B5: Ｂ 漁業 | C5: 3 漁業
C6: 4 水産養殖業
B7: Ｃ 鉱業、採石業、砂利採取業 | C7: 5 鉱業、採石業、砂利採取業
B8: Ｄ 建設業 | C8: 6 総合工事業
C9: 7 職別工事業（設備工事業を除く）
C10: 8 設備工事業
B11: Ｅ 製造業 | C11: 9 食料品製造業
C12: 10 飲料・たばこ・飼料製造業
C13: 11 繊維工業
C14: 12 木材・木製品製造業（家具を除く）
C15: 13 家具・装備品製造業
C16: 14 パルプ・紙・紙加工品製造業
C17: 15 印刷・同関連業
C18: 16 化学工業
C19: 17 石油製品・石炭製品製造業
C20: 18 プラスチック製品製造業（別掲を除く）
C21: 19ゴム製品製造業
C22: 20なめし革・同製品・毛皮製造業
C23: 21 窯業・土石製品製造業
... C34: 32 その他の製造業
B35: Ｆ 電気・ガス・熱供給・水道業 | C35: 33 電気業
C36: 34 ガス業
C37: 35 熱供給業
C38: 36 水道業
B39: Ｇ 情報通信業 | C39: 37 通信業
C40: 38 放送業
C41: 39 情報サービス業
C42: 40 インターネット付随サービス業
C43: 41 映像・音声・文字情報制作業
B44: Ｈ 運輸業、郵便業 | C44: 42 鉄道業
C45: 43 道路旅客運送業
C46: 44 道路貨物運送業
C47: 45 水運業
C48: 46 航空運輸業
C49: 47 倉庫業
C50: 48 運輸に附帯するサービス業
C51: 49 郵便業（信書便事業を含む）
B52: Ｉ 卸売・小売業 | C52: 50 各種商品卸売業
C53: 51 繊維・衣服等卸売業
C54: 52 飲食料品卸売業
C55: 53 建築材料、鉱物・金属材料等卸売業
C56: 54 機械器具卸売業
C57: 55 その他の卸売業
C58: 56 各種商品小売業
C59: 57 織物・衣服・身の回り品小売業
C60: 58 飲食料品小売業
C61: 59 機械器具小売業
C62: 60 その他の小売業
C63: 61 無店舗小売業
B64: Ｊ 金融業・保険業 | C64: 62 銀行業
C65: 63 協同組織金融業
C66: 64 貸金業、クレジットカード業等非預金信用機関
C67: 65 金融商品取引業、商品先物取引業
C68: 66 補助的金融業等
C69: 67 保険業（保険媒介代理業、保険サービス業を含む）
B70: Ｋ 不動産業、物品賃貸業 | C70: 68 不動産取引業
C71: 69 不動産賃貸業・管理業
C72: 70 物品賃貸業
B73: Ｌ 学術研究、専門・技術サービ | C73: 71 学術・開発研究機関
C74: 72 専門サービス業（他に分類されないもの）
C75: 73 広告業
C76: 74 技術サービス業（他に分類されないもの）
B77: Ｍ 宿泊業、飲食サービス業 | C77: 75 宿泊業
C78: 76 飲食店
C79: 77 持ち帰り・配達飲食サービス業
B80: Ｎ 生活関連サービス業、娯楽業 | C80: 78 洗濯・理容・美容・浴場業
C81: 79 その他の生活関連サービス業
C82: 80 娯楽業
B83: Ｏ 教育、学習支援業 | C83: 81 学校教育
C84: 82 その他の教育、学習支援業
B85: Ｐ 医療、福祉 | C85: 83 医療業
C86: 84 保健衛生
C87: 85 社会保険・社会福祉・介護事業
B88: Ｑ 複合サービス事業 | C88: 86 郵便局
C89: 87 協同組合（他に分類されないもの）
B90: Ｒ サービス業（他に分類されな いもの） | C90: 88 廃棄物処理業
C91: 89 自動車整備業
C92: 90 機械等修理業（別掲を除く）
C93: 91 職業紹介・労働者派遣業
C94: 92 その他の事業サービス業
C95: 93 政治・経済・文化団体
C96: 94 宗教
C97: 95 その他のサービス業
C98: 96 外国公務
B99: Ｓ 公務（他に分類されるものを 除く） | C99: 97 国家公務
C100: 98 地方公務
B101: Ｔ 分類不能の産業 | C101: 99 分類不能の産業

Sheet 会社規模判断資料
B2: 中小企業法上の分類 | C2: 資本金の額または出資の額の総額 | E2: 常時使用する従業員の数
B3: 製造業・その他 | C3: 3億円以下 | E3: 300人以下
B4: 卸売業 | C4: 1億円以下 | E4: 100人以下
B5: サービス業 | C5: 5千万円以下 | E5: 100人以下
B6: 小売業 | C6: 5千万円以下 | E6: 50人以下
B8: 中小企業法上の分類 | C8: 日本標準産業分類
B9: 中小企業法上の分類 | C9: 大分類コード | D9: 中分類コード | E9: 小分類コード | F9: 細分類コード | G9: 項目名
B10: 製造業・その他 | C10: A | D10: 0 | E10: 0 | F10: 0 | G10: 農業，林業
B11: 製造業・その他 | C11: A | D11: 1 | E11: 0 | F11: 0 | G11: 農業
B12: 製造業・その他 | C12: A | D12: 1 | E12: 10 | F12: 0 | G12: 管理，補助的経済活動を行う事業所（01農業）
B13: 製造業・その他 | C13: A | D13: 1 | E13: 10 | F13: 100 | G13: 主として管理事務を行う本社等
B14: 製造業・その他 | C14: A | D14: 1 | E14: 10 | F14: 109 | G14: その他の管理，補助的経済活動を行う事業所
B15: 製造業・その他 | C15: A | D15: 1 | E15: 11 | F15: 0 | G15: 耕種農業
B16: 製造業・その他 | C16: A | D16: 1 | E16: 11 | F16: 111 | G16: 米作農業
B17: 製造業・その他 | C17: A | D17: 1 | E17: 11 | F17: 112 | G17: 米作以外の穀作農業
B18: 製造業・その他 | C18: A | D18: 1 | E18: 11 | F18: 113 | G18: 野菜作農業（きのこ類の栽培を含む）
B19: 製造業・その他 | C19: A | D19: 1 | E19: 11 | F19: 114 | G19: 果樹作農業
B20: 製造業・その他 | C20: A | D20: 1 | E20: 11 | F20: 115 | G20: 花き作農業
B21: 製造業・その他 | C21: A | D21: 1 | E21: 11 | F21: 116 | G21: 工芸農作物農業
... B2118: 製造業・その他 | C2118: T | D2118: 99 | E2118: 999 | F2118: 9999 | G2118: 分類不能の産業

Sheet 第1号
A1: 第１号様式（第８条関係) | BA1: 第１号様式（第８条関係)
M3: 年 | O3: 月 | Q3: 日 | BK3: 令和５ | BM3: 年 | BN3: 6 | BO3: 月 | BP3: 1 | BQ3: 日 | BX3: 令和6 | BY3: 1 | BZ3: 1
BX4: 令和7 | BY4: 2 | BZ4: 2
A5: 公益財団法人 東京都環境公社 | BA5: 公益財団法人 東京都環境公社 | BX5: 令和8 | BY5: 3 | BZ5: 3
A6: 理事長 殿 | BA6: 理事長 殿 | BY6: 4 | BZ6: 4
BY7: 5 | BZ7: 5
I8: （助成対象事業者） | BI8: （助成対象事業者） | BY8: 6 | BZ8: 6
I9: 住 所 | J9: =IF('共通１ー１（基本情報（１）～（11））'!C6="","",'共通１ー１（基本情報（１）～（11））'!C6) | L9: =IF('共通１ー１（基本情報（１）～（11））'!C7="","",'共通１ー１（基本情報（１）～（11））'!C7&'共通１ー１（基本情報（１）～（11））'!C8&'共通１ー１（基本情報（１）～（11））'!C9) | BI9: 住 所 | BJ9: =#REF! -> #REF! | BL9: =#REF! -> #REF! | BY9: 7 | BZ9: 7
I10: 名 称 | J10: =IF('共通１ー１（基本情報（１）～（11））'!C5="","",'共通１ー１（基本情報（１）～（11））'!C5) | BI10: 名 称 | BJ10: =#REF! -> #REF! | BY10: 8 | BZ10: 8
I11: 代表者 | J11: =IF('共通１ー１（基本情報（１）～（11））'!C10="","",'共通１ー１（基本情報（１）～（11））'!C10) | M11: =IF('共通１ー１（基本情報（１）～（11））'!C11="","",'共通１ー１（基本情報（１）～（11））'!C11) | BI11: 代表者 | BJ11: =#REF! -> #REF! | BM11: =#REF! -> #REF! | BY11: 9 | BZ11: 9
I12: 担当者 | J12: =IF('共通１ー１（基本情報（１）～（11））'!C12="","",'共通１ー１（基本情報（１）～（11））'!C12) | M12: =IF('共通１ー１（基本情報（１）～（11））'!C13="","",'共通１ー１（基本情報（１）～（11））'!C13) | BI12: 担当者 | BJ12: =#REF! -> #REF! | BM12: =#REF! -> #REF! | BY12: 10 | BZ12: 10
BY13: 11 | BZ13: 11
I14: （手続代行者） | BI14: （手続代行者） | BY14: 12 | BZ14: 12
I15: 住 所 | J15: =IF('共通１ー１（基本情報（１）～（11））'!C61="","",'共通１ー１（基本情報（１）～（11））'!C61&'共通１ー１（基本情報（１）～（11））'!C62&'共通１ー１（基本情報（１）～（11））'!C63) | BI15: 住 所 | BJ15: =#REF! -> #REF! | BZ15: 13
I16: 名 称 | J16: =IF('共通１ー１（基本情報（１）～（11））'!C59="","",'共通１ー１（基本情報（１）～（11））'!C59) | BI16: 名 称 | BJ16: =#REF! -> #REF! | BZ16: 14
I17: 代表者 | J17: =IF('共通１ー１（基本情報（１）～（11））'!C64="","",'共通１ー１（基本情報（１）～（11））'!C64) | M17: =IF('共通１ー１（基本情報（１）～（11））'!C65="","",'共通１ー１（基本情報（１）～（11））'!C65) | BI17: 代表者 | BJ17: =#REF! -> #REF! | BM17: =#REF! -> #REF! | BZ17: 15
I18: 担当者 | J18: =IF('共通１ー１（基本情報（１）～（11））'!C66="","",'共通１ー１（基本情報（１）～（11））'!C66) | M18: =IF('共通１ー１（基本情報（１）～（11））'!C67="","",'共通１ー１（基本情報（１）～（11））'!C67) | BI18: 担当者 | BJ18: =#REF! -> #REF! | BM18: =#REF! -> #REF! | BZ18: 16
BZ19: 17
BB20: 助成金交付申請書 | BZ20: 18
BZ21: 19
A22: 助成金交付申請書 | BZ22: 20
BZ23: 21
B24: 区市町村公共施設等への再生可能エネルギー導入促進事業助成金（都外設置都内消費）交付要綱（令和６年６月25日付６都環公地温第1780号） 第８条第１項の規定に基づき、下記のとおり助成金の交付を申請します。 | BB24: 地産地消型再エネ・蓄エネ設備導入促進事業助成金（都内設置）交付要綱（令和6年●月●日付６都環公地温第●号） 第８条第１項の規定に基づき、下記のとおり助成金の交付を申請します。 | BZ24: 22
B25: 記 | BB25: 記 | BZ25: 23
C26: 助成対象事業の名称 | BZ26: 24
C27: 助成対象事業の開始及び 実績報告書兼助成金交付請求書提出予定日 | K27: ～ | BC27: 助成対象事業の開始及び 完了予定日 | BK27: ～ | BZ27: 25
C28: 助成金交付申請額等 | H28: (1) 助成事業に要する経費 | K28: =IF(L9="","",共通２_発電設備!G42) | P28: 円 | BC28: 助成金交付申請額等 | BH28: (1) 助成事業に要する経費 | BP28: 円 | BZ28: 26
BZ29: 27
H30: (2) 助成対象経費 | K30: =IF(L9="","",共通２_発電設備!M43) | P30: 円 | BH30: (3) 助成対象経費 | BP30: 円 | BZ30: 28
BZ31: 29
H32: (3) 助成金交付申請額 | K32: =IF(L9="","",共通２_発電設備!M46) | P32: 円 | BH32: (4) 助成金交付申請額 | BP32: 円 | BZ32: 30
BC33: ※他助成金等受給(予定)額はその他執行団体等の補助金・助成金を申請しない場合は | BZ33: 31
BD34: 【0】を記入してください。

Sheet 第２号 (助成対象者) 
B1: 第２号様式（第８条関係)
B2: 誓 約 書
A3: 【助成対象者】
B5: 公益財団法人 東京都環境公社
B6: 理事長 殿
A8: １． | B8: 区市町村公共施設等への再生可能エネルギー導入促進事業助成金（都外設置都内消費）交付要綱（令和６年６月25日付６都環公地温第1780号） 第８条第１項の規定に基づく助成金の交付の申請を行うに当たり、当該申請により助成金等の交付を受けようとする者（法人その他の団体にあっては、代表者、役員又は使用人その他の従業員若しくは構成員を含む。）が交付要綱第４条に規定する助成対象事業者又は、交付要綱第９条の規定に基づき、助成対象事業者から依頼を受け、当該申請に係る手続きの代行を行うもの（以下、「手続き代行者」という。）に該当し、将来にわたっても該当するよう法令等を遵守することをここに誓約いたします。 | AT8: ←※各誓約内容をご確認のうえ、チェックを入れてください。
A13: ２. | B13: この誓約に違反又は相違があり、交付要綱第22条の規定により助成金交付決定の全部又は一部の取消しを受けた場合において、交付要綱第24条に規定する助成金の返還を請求されたときは、これに異議なく応じることを誓約いたします。
A16: ３. | B16: 貴公社理事長又は東京都が必要と認めた場合には、暴力団関係者であるか否かの確認のため、警視庁へ照会がなされることに同意いたします。
C18: ※ この誓約書における「暴力団関係者」とは、次に掲げる者をいう。
D19: ・暴力団又は暴力団員が実質的に経営を支配する法人等に所属する者
D20: ・暴力団又は暴力団員を雇用している者
D21: ・暴力団又は暴力団員を不当に利用していると認められる者
D22: ・暴力団の維持、運営に協力し、又は関与していると認められる者
D23: ・暴力団又は暴力団員と社会的に非難されるべき関係を有していると認められる者
A24: ４. | B24: 当該申請した事業は、取得財産等の処分制限がかかる期間において「再生可能エネルギー電気の利用の促進に関する特別措置法」（平成23年法律第108号）第９条第４項の認定を受けないことに同意いたします。
A26: ５. | B26: 助成対象設備を設置する施設の所有者および関連する権利関係者に交付要綱第３条、第５条、第11条、第12条、第28条、第33条及び第34条の規定を周知した上で、助成金交付申請及び助成対象設備の設置に関する許可を得ていることを誓約いたします。
A29: ６. | B29: 助成事業実施するに当たり、交付要綱、その他関係法令の規程を遵守することを誓約いたします。
A31: ７. | B31: 本申請書は、事実に基づき、申請者の不利益にならない範囲において訂正される可能性があることについて同意いたします。
A33: ８. | B33: 本申請について、契約を締結するにあたり、キャッシュバック等（※）を利用する場合は、その額は助成対象経費から除き申請します。 ※「キャッシュバック等」とは、キャッシュバックや協賛金（工事実績のＨＰ掲載に対する謝礼等）等の名目で、設備等の購入者や工事の発注者に対して購入額の一部又は全額に相当する金額を払い戻すものであり、購入額を実質的に減額又は無償とするものです。
A36: ９. | B36: 施工業者について、次の事項を理解し、法令上必要な許可等を受けていることを確認したことを誓約いたします。 ・建設業法では、税込 500 万円以上（建築一式工事にあっては、税込 1,500 万円以上）の建設工事を請け負う場合は、建設業の許可を得なければならないと定められており、建設業の許可を受けずに税込 500 万円以上の工事を請け負った場合は建設業法違反になること。 ・電気工事業法により、契約額にかかわらず、自社で施工する場合は自社、別の事業者に施工をさせる場合は当該事業者において、電気工事業登録をしている必要があること。
A38: 10. | B38: 本助成対象事業に関する申請等の手続の代行を手続代行者に依頼するにあたり、次の事項を理解し、手続代行者が当該法律違反に該当していないことを誓約します。 ・行政書士ではないものが、他人の依頼を受けいかなる名目によるかを問わず報酬を得て、官公署に提出する書類、その他権利義務又は事実証明に関する書類の作成を業として行うことは法律で禁止されていること。
A40: 11. | B40: 本助成対象事業に関する申請等の手続の代行を手続代行者に依頼した場合であっても、当該手続代行者の行為について、最終的な責任を負うことを確認したことを誓約いたします。
A42: 12. | B42: 個人情報を含む申請情報を本助成金事業の審査、交付決定、交付、適正な執行、事業報告、統計分析並びに東京都及び公社が実施する各種事業の広報活動等のため、必要な範囲内で東京都に提供するほか、交付要綱第35条に従い利用されることを承諾します。公社は、個人情報を含む申請情報を「個人情報の保護に関する規程」及び「プライバシーポリシー（個人情報保護方針）」に基づき適切に管理し、法令を遵守します。
K45: 年 | N45: 月 | Q45: 日
G46: 事業者名（法人の場合のみ記入） | W46: 申請者名（法人の場合は代表者役職 氏名）※ | AT46: ←誓約内容を確認し、日付の記入と自著又は押印をしてください。
B49: ※自著又は押印すること

Sheet 第２号 (共同申請者)  
B1: 第２号様式（第８条関係)
B2: 誓 約 書
A3: 【共同申請者】
B5: 公益財団法人 東京都環境公社
B6: 理事長 殿
A8: １． | B8: 区市町村公共施設等への再生可能エネルギー導入促進事業助成金（都外設置都内消費）交付要綱（令和６年６月25日付６都環公地温第1780号） 第８条第１項の規定に基づく助成金の交付の申請を行うに当たり、当該申請により助成金等の交付を受けようとする者（法人その他の団体にあっては、代表者、役員又は使用人その他の従業員若しくは構成員を含む。）が交付要綱第４条に規定する助成対象事業者又は、交付要綱第９条の規定に基づき、助成対象事業者から依頼を受け、当該申請に係る手続きの代行を行うもの（以下、「手続き代行者」という。）に該当し、将来にわたっても該当するよう法令等を遵守することをここに誓約いたします。 | AT8: ←※各誓約内容をご確認のうえ、チェックを入れてください。
A13: ２. | B13: この誓約に違反又は相違があり、交付要綱第22条の規定により助成金交付決定の全部又は一部の取消しを受けた場合において、交付要綱第24条に規定する助成金の返還を請求されたときは、これに異議なく応じることを誓約いたします。
A16: ３. | B16: 貴公社理事長又は東京都が必要と認めた場合には、暴力団関係者であるか否かの確認のため、警視庁へ照会がなされることに同意いたします。
C18: ※ この誓約書における「暴力団関係者」とは、次に掲げる者をいう。
D19: ・暴力団又は暴力団員が実質的に経営を支配する法人等に所属する者
D20: ・暴力団又は暴力団員を雇用している者
D21: ・暴力団又は暴力団員を不当に利用していると認められる者
D22: ・暴力団の維持、運営に協力し、又は関与していると認められる者
D23: ・暴力団又は暴力団員と社会的に非難されるべき関係を有していると認められる者
A24: ４. | B24: 当該申請した事業は、取得財産等の処分制限がかかる期間において「再生可能エネルギー電気の利用の促進に関する特別措置法」（平成23年法律第108号）第９条第４項の認定を受けないことに同意いたします。
A26: ５. | B26: 助成対象設備を設置する施設の所有者および関連する権利関係者に交付要綱第３条、第５条、第11条、第12条、第28条、第33条及び第34条の規定を周知した上で、助成金交付申請及び助成対象設備の設置に関する許可を得ていることを誓約いたします。
A29: ６. | B29: 助成事業実施するに当たり、交付要綱、その他関係法令の規程を遵守することを誓約いたします。
A31: ７. | B31: 本申請書は、事実に基づき、申請者の不利益にならない範囲において訂正される可能性があることについて同意いたします。
A33: ８. | B33: 本申請について、契約を締結するにあたり、キャッシュバック等（※）を利用する場合は、その額は助成対象経費から除き申請します。 ※「キャッシュバック等」とは、キャッシュバックや協賛金（工事実績のＨＰ掲載に対する謝礼等）等の名目で、設備等の購入者や工事の発注者に対して購入額の一部又は全額に相当する金額を払い戻すものであり、購入額を実質的に減額又は無償とするものです。
A36: ９. | B36: 施工業者について、次の事項を理解し、法令上必要な許可等を受けていることを確認したことを誓約いたします。 ・建設業法では、税込 500 万円以上（建築一式工事にあっては、税込 1,500 万円以上）の建設工事を請け負う場合は、建設業の許可を得なければならないと定められており、建設業の許可を受けずに税込 500 万円以上の工事を請け負った場合は建設業法違反になること。 ・電気工事業法により、契約額にかかわらず、自社で施工する場合は自社、別の事業者に施工をさせる場合は当該事業者において、電気工事業登録をしている必要があること。
A38: 10. | B38: 本助成対象事業に関する申請等の手続の代行を手続代行者に依頼するにあたり、次の事項を理解し、手続代行者が当該法律違反に該当していないことを誓約します。 ・行政書士ではないものが、他人の依頼を受けいかなる名目によるかを問わず報酬を得て、官公署に提出する書類、その他権利義務又は事実証明に関する書類の作成を業として行うことは法律で禁止されていること。
A40: 11. | B40: 本助成対象事業に関する申請等の手続の代行を手続代行者に依頼した場合であっても、当該手続代行者の行為について、最終的な責任を負うことを確認したことを誓約いたします。
A42: 12. | B42: 個人情報を含む申請情報を本助成金事業の審査、交付決定、交付、適正な執行、事業報告、統計分析並びに東京都及び公社が実施する各種事業の広報活動等のため、必要な範囲内で東京都に提供するほか、交付要綱第35条に従い利用されることを承諾します。公社は、個人情報を含む申請情報を「個人情報の保護に関する規程」及び「プライバシーポリシー（個人情報保護方針）」に基づき適切に管理し、法令を遵守します。
K45: 年 | N45: 月 | Q45: 日
G46: 事業者名（法人の場合のみ記入） | W46: 申請者名（法人の場合は代表者役職 氏名）※ | AT46: ←誓約内容を確認し、日付の記入と自著又は押印をしてください。
B49: ※自著又は押印すること

Sheet 第２号(手続代行者）
B1: 第２号様式（第８条関係)
B3: 誓 約 書
A4: 【手続代行者】
B6: 公益財団法人 東京都環境公社
B7: 理事長 殿
A9: １． | B9: 区市町村公共施設等への再生可能エネルギー導入促進事業助成金（都外設置都内消費）交付要綱（令和６年６月25日付６都環公地温第1780号） 第８条第１項の規定に基づく助成金の交付の申請を行うに当たり、当該申請により助成金等の交付を受けようとする者（法人その他の団体にあっては、代表者、役員又は使用人その他の従業員若しくは構成員を含む。）が交付要綱第４条に規定する助成対象事業者又は、交付要綱第９条の規定に基づき、助成対象事業者から依頼を受け、当該申請に係る手続きの代行を行うもの（以下、「手続き代行者」という。）に該当し、将来にわたっても該当するよう法令等を遵守することをここに誓約いたします。 | AT9: ←※各誓約内容をご確認のうえ、チェックを入れてください。
A14: ２. | B14: この誓約に違反又は相違があり、交付要綱第22条の規定により助成金交付決定の全部又は一部の取消しを受けた場合において、交付要綱第24条に規定する助成金の返還を請求されたときは、これに異議なく応じることを誓約いたします。
A17: ３. | B17: 貴公社理事長又は東京都が必要と認めた場合には、暴力団関係者であるか否かの確認のため、警視庁へ照会がなされることに同意いたします。
C19: ※ この誓約書における「暴力団関係者」とは、次に掲げる者をいう。
D20: ・暴力団又は暴力団員が実質的に経営を支配する法人等に所属する者
D21: ・暴力団又は暴力団員を雇用している者
D22: ・暴力団又は暴力団員を不当に利用していると認められる者
D23: ・暴力団の維持、運営に協力し、又は関与していると認められる者
D24: ・暴力団又は暴力団員と社会的に非難されるべき関係を有していると認められる者
A25: ４. | B25: 事業の円滑な推進のため、交付要綱及びその他公社が定める交付申請等に係る全ての要件を理解し、申請者にその内容を誤りのないよう説明するとともに、当該申請者及び公社との連携を図ることを誓約いたします。
A27: ５. | B27: 交付要綱及びその他公社が定める手続を遅滞なく行うとともに、公社からの内容確認等に対し、指定される期限までに回答することを誓約いたします。
A29: ６. | B29: 公社が、必要に応じて、手続代行者が行う手続について調査を実施し、手続代行者が交付要綱の規定に従って手続を遂行していないと認めるときは、当該手続代行者に対し、代行の停止を求めることができることに同意します。
A31: ７. | B31: 前項の調査に協力することを同意します。
A33: ８. | B33: 従業員等（本事業に関する業務を委託する場合は当該委託事業者を含む。）に対して、交付要綱及びその他公社が定める交付申請等に係る全ての要件について、周知徹底するとともに、指揮監督を行うことを誓約いたします。
A35: ９. | B35: 本申請書は、事実に基づき、申請者の不利益にならない範囲において訂正される可能性があることについて同意いたします。
A37: 10. | B37: 本申請について、契約を締結するにあたり、キャッシュバック等（※）を利用する場合は、その額は助成対象経費から除き申請します。 ※「キャッシュバック等」とは、キャッシュバックや協賛金（工事実績のＨＰ掲載に対する謝礼等）等の名目で、設備等の購入者や工事の発注者に対して購入額の一部又は全額に相当する金額を払い戻すものであり、購入額を実質的に減額又は無償とするものです。
A39: 11. | B39: 施工業者について、次の事項を理解し、法令上必要な許可等を受けていることを確認したことを誓約します。
B40: ・建設業法では、税込 500 万円以上（建築一式工事にあっては、税込 1,500 万円以上）の建設工事を請け負う場合は、建設業の許可を得なければならないと定められており、建設業の許可を受けずに税込 500 万円以上の工事を請け負った場合は建設業法違反になること。 ・電気工事業法により、契約額にかかわらず、自社で施工する場合は自社、別の事業者に施工をさせる場合は当該事業者において、電気工事業登録をしている必要があること。
A43: 12. | B43: 本助成対象事業に関する申請等の手続を代行するにあたり、次の事項を理解し、当該法律違反に該当しないことを誓約します。
B45: ・行政書士ではないものが、他人の依頼を受けいかなる名目によるかを問わず報酬を得て、官公署に提出する書類、その他権利義務又は事実証明に関する書類の作成を業として行うことは法律で禁止されていること。
A47: 13. | B47: 本助成対象事業に関する申請等の手続を代行するにあたり、手続代行者の行為について、申請者に帰属し、当該行為に伴う責任が助成事業者にも及ぶことを確認したことを誓約します。
A49: 14. | B49: 個人情報を含む申請情報を本助成金事業の審査、交付決定、交付、適正な執行、事業報告、統計分析並びに東京都及び公社が実施する各種事業の広報活動等のため、必要な範囲内で東京都に提供するほか、交付要綱第35条に従い利用されることを承諾します。公社は、個人情報を含む申請情報を「個人情報の保護に関する規程」及び「プライバシーポリシー（個人情報保護方針）」に基づき適切に管理し、法令を遵守します。
K52: 年 | N52: 月 | Q52: 日
G53: 事業者名 | W53: 代表者役職 氏名※ | AT53: ←誓約内容を確認し、日付の記入と自著又は押印をしてください。
B56: ※自著又は押印すること

Sheet 共通１ー１（基本情報（１）～（11））
A1: 共通様式１（第８条関係)
A2: 事業実施計画書
A3: １．助成事業に関する基本情報
A4: （１）助成対象事業者
A5: 事業者の名称
A6: （本社）所在地 | B6: 〒
B7: 住所（都道府県）
B8: 住所（区市町村）
B9: 住所（区市町村以降）
A10: 代表者 | B10: 役職名
B11: 氏名
A12: 担当者連絡先 | B12: 部課名
B13: 氏名
B14: 電話番号
B15: E-mail
A17: （２）共同申請者①
A18: 役割 | C18: 選択
A19: 事業者の名称
A20: （本社）所在地 | B20: 〒
B21: 住所（都道府県）
B22: 住所（区市町村）
B23: 住所（区市町村以降）
A24: 代表者 | B24: 役職名
B25: 氏名
A26: 担当者連絡先 | B26: 部課名
B27: 氏名
B28: 電話番号
B29: E-mail
A31: （３）共同申請者②
A32: 役割 | C32: 選択
A33: 事業者の名称
A34: （本社）所在地 | B34: 〒
B35: 住所（都道府県）
B36: 住所（区市町村）
B37: 住所（区市町村以降）
A38: 代表者 | B38: 役職名
B39: 氏名
A40: 担当者連絡先 | B40: 部課名
B41: 氏名
B42: 電話番号
B43: E-mail
A44: （４）共同申請者③
A45: 役割 | C45: 選択
A46: 事業者の名称
A47: （本社）所在地 | B47: 〒
B48: 住所（都道府県）
B49: 住所（区市町村）
B50: 住所（区市町村以降）
A51: 代表者 | B51: 役職名
B52: 氏名
A53: 担当者連絡先 | B53: 部課名
B54: 氏名
B55: 電話番号
B56: E-mail
A58: （５）手続代行者
A59: 事業者の名称
A60: 本社所在地 | B60: 〒
B61: 住所（都道府県）
B62: 住所（区市町村）
B63: 住所（区市町村以降）
A64: 代表者 | B64: 役職名
B65: 氏名
A66: 担当者連絡先 | B66: 部課名 | Q66: 選択
B67: 氏名 | Q67: 太陽光発電
B68: 電話番号 | Q68: 蓄電池
B69: E-mail | Q69: 太陽光発電・蓄電地
Q70: 風力発電
A71: （６）－１．設備の導入場所 | Q71: 風力発電・蓄電池
A72: 導入場所の名称 | Q72: 水力発電
A73: 導入設備 | C73: 選択 | Q73: 水力発電・蓄電池
A74: 所在地 | B74: 〒 | Q74: 地熱発電
B75: 住所（都道府県） | Q75: 地熱発電・蓄電池
B76: 住所（区市町村） | Q76: バイオマス発電
B77: 住所（区市町村以降） | Q77: バイオマス発電・蓄電池
A78: 所有代表者 | B78: 事業者の会社名
B79: 代表者氏名
A81: （６）－２．設備の導入場所
A82: 導入場所の名称
A83: 導入設備 | C83: 選択
A84: 所在地 | B84: 〒
B85: 住所（都道府県）
B86: 住所（区市町村）
B87: 住所（区市町村以降）
A88: 所有代表者 | B88: 事業者の会社名
B89: 代表者氏名
A91: （６）－３．設備の導入場所
A92: 導入場所の名称
A93: 導入設備 | C93: 選択
A94: 所在地 | B94: 〒
B95: 住所（都道府県）
B96: 住所（区市町村）
B97: 住所（区市町村以降）
A98: 所有代表者 | B98: 事業者の会社名
B99: 代表者氏名
A101: （６）－４．設備の導入場所
A102: 導入場所の名称
A103: 導入設備 | C103: 選択
A104: 所在地 | B104: 〒
B105: 住所（都道府県）
B106: 住所（区市町村）
...

Sheet 共通１ー１（基本情報（12）～（15））
B1: （12）再エネ電気等供給方法の概要 | BB1: （１２）再エネ電気等供給方法の概要
B3: 【再エネ電気等供給方法の概要】 | P3: 形態①～形態⑤のいずれかを選択してください | BB3: 【電力供給方法の概要】
B4: 形態の区分 | E4: 形態①～形態⑤のいずれかを選択してください | P4: 形態① 発電事業者→自己託送→需要家 | BB4: 形態の区分 | BE4: 形態② 発電事業者→小売電気事業者→需要家
B5: 小売電気事業者 | E5: 名称 | P5: 形態② 発電事業者→小売電気事業者→需要家 | BB5: 小売電気事業者 | BE5: 名称 | BF5: ○○○○小売電気事業者
E6: 住所 | P6: 形態③ 発電事業者→需要家 | BE6: 住所 | BF6: ○○県○○市○○区○○町 ２－２－２
B7: 【概要】 | P7: 形態④ 発電事業者→電力市場→需要家 | BB7: 【概要】
P8: 形態⑤ ①から④のいずれにも該当しないもの
B21: ［添付資料］ | BB21: ［添付資料］
B22: ・自己託送、小売電気事業者を介して供給することに係る申込書(写し)（添付資料21） | BB22: ・自己託送、小売電気事業者を介して供給することに係る申込書(写し)（添付資料19）
B24: （13）発電事業者・電力需要家間の契約年数または事業継続年数 | BB24: （１３）発電事業者・電力需要家間の契約年数または事業継続年数
B26: 項目 | E26: 年数 | BB26: 項目 | BE26: 年数
BB27: 電力契約年数（第三者所有） | BE27: 10年
B30: ［添付資料］ | BB30: ［添付資料］
B31: ・電力購入契約書（写し）又は契約書案 （添付資料22） | BB31: ・電力購入契約書（写し）又は契約書案 （添付資料20）
B33: （14）再エネ設置地域との関係構築 | BB33: （１４）再エネ設置地域との関係構築
B35: ①非常時における助成対象設備の利活用に係る協定 | BB35: ①非常時における助成対象設備の利活用に係る協定
B37: 協定締結先 | BB37: 協定締結先
B39: 自治体等の名称 | BB39: 自治体等の名称 | BD39: ○○県○○市
B40: 代表者職・氏名 | BB40: 代表者職・氏名 | BD40: 市長 ○○ ○○○
B41: 住所 | BB41: 住所 | BD41: ○○県○○市○○町１－１－１
B42: 【概要】 | BB42: 【概要】
B55: ［添付資料］ | BB55: ［添付資料］
B56: ・交付要綱第３条第２項第一号を満たすことが分かる資料 （添付資料23） | BB56: ・交付要綱第３条第２項第一号を満たすことが分かる資料 （添付資料22）
B58: ②再エネ設置地域との関係構築 （ (１) を除くもの ） | BB58: ②再エネ設置地域との関係構築 （ (１) を除くもの ）
B60: 関係構築 (ア）～(オ) | O60: （ア）助成対象設備から得られた電気を、本店所在地が再エネ設置地域に属する小売電気事業者に卸し、都内の特定の施設に供給する | BB60: 関係構築 (ア）～(カ) | BC60: （ア）助成対象設備から得られた電気を、本店所在地が再エネ設置地域に属する小売電気事業者に卸し、都内の特定の施設に供給する
O61: （イ）助成対象設備設置に係る出資または融資を、本店所在地が再エネ設置地域に属する事業者または再エネ設置地域住民から受ける
O62: （ウ）助成対象設備に係る施工または維持管理を再エネ設置地域に属する事業者に担わせる
O63: （エ）助成対象設備から得られた電気の需給管理を再エネ設置地域に属する事業者に担わせる
O64: （オ）その他公社が認める再エネ設置地域との関係構築を行う
B65: ③再エネ設置地域事業者（又は小売電気事業者、住民、自治体等） | BB65: ③再エネ設置地域事業者（又は小売電気事業者、住民、自治体等）
B66: 名称 | BB66: 名称 | BC66: 小売電気事業者 株式会社
B67: 代表者名 | BB67: 代表者名 | BC67: 代表取締役 ○○ ○○
B68: 住所 | BB68: 住所 | BC68: ○○県○○市○○区○○町 ２－２－２
B69: 【概要】 | BB69: 【概要】
B82: ［添付資料］ | BB82: ［添付資料］
B83: ・交付要綱第３条第２項第二号ア～オいずれかを満たすことがわかる資料（添付資料24） | BB83: ・交付要綱第３条第２項第二号ア～カいずれかを満たすことがわかる資料（添付資料23）
B87: （15）事業の実施体制 | BB87: （15）事業の実施体制
B89: 以下の事業関係者が記載された、実施体制図を記載、または添付してください | BB89: （１）以下の事業関係者が記載された、実施体制図を記載、または添付してください
C91: (ア)助成対象事業者（申請代表者） | G91: (カ)発電した再エネ電気等の需要先 | L91: □←体制図へ記載した項目はチェックを付けてください。 | BC91: (ア)助成対象事業者（申請代表者） | BG91: (カ)発電した再エネ電気等の需要先
C92: (イ)共同申請者 | G92: (キ)助成対象事業への出資、又は融資者 | BC92: (イ)共同申請者 | BG92: (キ)助成対象事業への出資、又は融資者
C93: (ウ)発電事業者 | G93: (ク)助成対象設備の施工事業者 | BC93: (ウ)発電事業者 | BG93: (ク)助成対象設備の施工事業者
C94: (エ)非常時における助成対象設備の利活用に係る協定等を締結した自治体等 | G94: (ケ)助成対象設備の維持管理事業者 | BC94: (エ)非常時における助成対象設備の利活用に係る協定等を締結した自治体等 | BG94: (ケ)助成対象設備の維持管理事業者
G95: (コ)助成対象設備から得られた電気の受給管理 | BG95: (コ)助成対象設備から得られた電気の受給
C96: (オ)発電した再エネ電気の卸先小売電気事業者 | G96: を担う事業者 | BC96: (オ)発電した再エネ電気の卸先小売電気事業者 | BG96: 管理を担う事業者
BG97: (サ)電力市場
BB98: 体制図 例
BB102: 都内需要家 | BG102: (イ）共同申請申請者③
BE104: 電力供給契約
BB108: (イ）共同申請申請者①
BG110: (イ）共同申請申請者②
BD113: 非常時における助成対象設備の利活用に係る協定等を締結
BB115: 自治体
BG117: 施工業者

Sheet 共通１－２(太陽光）
B2: ２．設備の概要(※複数施設で設置の場合は様式をコピーし追加すること) | BB2: ２．設備の概要
B3: ※複数の型式を導入する場合は、それぞれの型式ごとにまとめること。 | BB3: ※複数の型式を導入する場合は、それぞれの型式ごとにまとめること。
B5: （１）設備導入場所の名称 | BB5: （２）設備導入場所ごとの設備概要
C7: 導入場所の名称 | BC7: 導入場所名称 | BF7: =IF('[6]第４号（太陽光,蓄電池）'!BE17="","",'[6]第４号（太陽光,蓄電池）'!BE17) -> ○○県○○市○○町１－１－１
B9: （２）太陽光発電システム出力 | BB9: （１）太陽光発電システム出力
D10: 太陽光発電システム総出力 | G10: =IF(G21="","",IF(MIN(SUM(G21,G29,G37),SUM(G47,G55,G63,G98,G109,G119))>=1,ROUNDDOWN(MIN(SUM(G21,G29,G37),SUM(G47,G55,G63,G98,G109,G119)),0),ROUNDDOWN(MIN(SUM(G21,G29,G37),SUM(G47,G55,G63,G98,G109,G119)),1))) | H10: kW | BD10: 太陽光発電システム総出力 | BG10: =IF(BG21="","",IF(MIN(SUM(BG21,BG29,BG37),SUM(BG47,BG55,BG63,BG98,BG109,BG119))>=1,ROUNDDOWN(MIN(SUM(BG21,BG29,BG37),SUM(BG47,BG55,BG63,BG98,BG109,BG119)),0),ROUNDDOWN(MIN(SUM(BG21,BG29,BG37),SUM(BG47,BG55,BG63,BG98,BG109,BG119)),1))) -> 9 | BH10: kW
D11: ※太陽電池モジュールとパワーコンディショナのいずれか低い方の出力。 | BD11: ※太陽電池モジュールとパワーコンディショナのいずれか低い方の出力。
D12: （1.0kW以上の場合は、小数点以下切り捨て、1.0kW未満の場合は小数点第2位を切り捨て） | BD12: （1.0kW以上の場合は、小数点以下切り捨て、1.0kW未満の場合は小数点第2位を切り捨て）
B14: （３）太陽電池モジュール | BB14: （２）太陽電池モジュール
C15: ① | D15: 機器番号/見積明細番号 | BC15: ① | BD15: 機器番号/見積明細番号 | BG15: Ａ-１
D16: 製造者名（メーカー名） | BD16: 製造者名（メーカー名） | BG16: ○○ソーラー
D17: 型式名 | BD17: 型式名 | BG17: ABC-123
D18: 設備の仕様が確認できるURL | BD18: 設備の仕様が確認できるURL | BG18: https://
D19: １枚あたりの公称最大出力 | J19: W | BD19: １枚あたりの公称最大出力 | BG19: 300 | BJ19: W
D20: 使用枚数 | J20: 枚 | BD20: 使用枚数 | BG20: 40 | BJ20: 枚
D21: 公称最大出力合計 | G21: =IF(G19="","",ROUNDDOWN((G19*G20)/1000,2)) | J21: kW | BD21: 公称最大出力合計 | BG21: =IF(BG19="","",ROUNDDOWN((BG19*BG20)/1000,2)) -> 12 | BJ21: kW
C23: ② | D23: 機器番号/見積明細番号 | BC23: ② | BD23: 機器番号/見積明細番号
D24: 製造者名（メーカー名） | BD24: 製造者名（メーカー名）
D25: 型式名 | BD25: 型式名
D26: 設備の仕様が確認できるURL | BD26: 設備の仕様が確認できるURL
D27: １枚あたりの公称最大出力 | J27: W | BD27: １枚あたりの公称最大出力 | BJ27: W
D28: 使用枚数 | J28: 枚 | BD28: 使用枚数 | BJ28: 枚
D29: 公称最大出力合計 | G29: =IF(G27="","",ROUNDDOWN((G27*G28)/1000,2)) | J29: kW | BD29: 公称最大出力合計 | BG29: =IF(BG27="","",ROUNDDOWN((BG27*BG28)/1000,2)) | BJ29: kW
C31: ③ | D31: 機器番号/見積明細番号 | BC31: ③ | BD31: 機器番号/見積明細番号
D32: 製造者名（メーカー名） | BD32: 製造者名（メーカー名）
D33: 型式名 | BD33: 型式名
D34: 設備の仕様が確認できるURL | BD34: 設備の仕様が確認できるURL
D35: １枚あたりの公称最大出力 | J35: W | BD35: １枚あたりの公称最大出力 | BJ35: W
D36: 使用枚数 | J36: 枚 | BD36: 使用枚数 | BJ36: 枚
D37: 公称最大出力合計 | G37: =IF(G35="","",ROUNDDOWN((G35*G36)/1000,2)) | J37: kW | BD37: 公称最大出力合計 | BG37: =IF(BG35="","",ROUNDDOWN((BG35*BG36)/1000,2)) | BJ37: kW
B40: （４）パワーコンディショナ（※蓄電池一体型ハイブリッドパワコンの場合は、（５）に記載すること。） | BB40: （３）パワーコンディショナ（※蓄電池一体型ハイブリッドパワコンの場合は、（５）に記載すること。）
C41: ① | D41: 機器番号/見積明細番号 | BC41: ① | BD41: 機器番号/見積明細番号 | BG41: Ａ-２
D42: 製造者名（メーカー名） | BD42: 製造者名（メーカー名） | BG42: ○○ソーラー
D43: 型式名 | BD43: 型式名 | BG43: PCS-123
D44: 設備の仕様が確認できるURL | BD44: 設備の仕様が確認できるURL | BG44: https://
D45: １台あたりの定格出力 | J45: kW | BD45: １台あたりの定格出力 | BG45: 9.9 | BJ45: kW
D46: 台数 | J46: 台 | BD46: 台数 | BG46: 1 | BJ46: 台
D47: 定格出力合計 | G47: =IF(G45="","",ROUNDDOWN(G45*G46,2)) | J47: kW | BD47: 定格出力合計 | BG47: =IF(BG45="","",ROUNDDOWN(BG45*BG46,2)) -> 9.9 | BJ47: kW
C49: ② | D49: 機器番号/見積明細番号 | BC49: ② | BD49: 機器番号/見積明細番号
D50: 製造者名（メーカー名） | BD50: 製造者名（メーカー名）
D51: 型式名 | BD51: 型式名
D52: 設備の仕様が確認できるURL | BD52: 設備の仕様が確認できるURL
D53: １台あたりの定格出力 | J53: kW | BD53: １台あたりの定格出力 | BJ53: kW
D54: 台数 | J54: 台 | BD54: 台数 | BJ54: 台
D55: 定格出力合計 | G55: =IF(G53="","",ROUNDDOWN(G53*G54,2)) | J55: kW | BD55: 定格出力合計 | BG55: =IF(BG53="","",ROUNDDOWN(BG53*BG54,2)) | BJ55: kW
C57: ③ | D57: 機器番号/見積明細番号 | BC57: ③ | BD57: 機器番号/見積明細番号
D58: 製造者名（メーカー名） | BD58: 製造者名（メーカー名）
D59: 型式名 | BD59: 型式名
D60: 設備の仕様が確認できるURL | BD60: 設備の仕様が確認できるURL
D61: １台あたりの定格出力 | J61: kW | BD61: １台あたりの定格出力 | BJ61: kW
D62: 台数 | J62: 台 | BD62: 台数 | BJ62: 台
D63: 定格出力合計 | G63: =IF(G61="","",ROUNDDOWN(G61*G62,2)) | J63: kW | BD63: 定格出力合計 | BG63: =IF(BG61="","",ROUNDDOWN(BG61*BG62,2)) | BJ63: kW
D64: ※蓄電池専用パワーコンディショナーは記載しないこと。 | BD64: ※蓄電池専用パワーコンディショナーは記載しないこと。
B65: （５）蓄電池 | BB65: （４）蓄電池
C66: ① | D66: 機器番号/見積明細番号 | BC66: ① | BD66: 機器番号/見積明細番号 | BG66: A-３
D67: 製造者名（メーカー名） | BD67: 製造者名（メーカー名） | BG67: ○○ソーラー
D68: 型式名 | BD68: 型式名 | BG68: LIB-123
D69: 設備の仕様が確認できるURL | BD69: 設備の仕様が確認できるURL | BG69: https://
D70: １台あたりの定格容量 | J70: kWh | BD70: １台あたりの定格容量 | BG70: 20 | BJ70: kWh
D71: 台数 | J71: 台 | BD71: 台数 | BG71: 1 | BJ71: 台
D72: 定格容量合計 | G72: =IF(G70="","",ROUNDDOWN(G70*G71,2)) | J72: kWh | BD72: 定格容量合計 | BG72: =IF(BG70="","",ROUNDDOWN(BG70*BG71,2)) -> 20 | BJ72: kWh
C74: ② | D74: 機器番号/見積明細番号 | BC74: ② | BD74: 機器番号/見積明細番号
D75: 製造者名（メーカー名） | BD75: 製造者名（メーカー名）
D76: 型式名 | BD76: 型式名
D77: 設備の仕様が確認できるURL | BD77: 設備の仕様が確認できるURL
D78: １台あたりの定格容量 | J78: kWh | BD78: １台あたりの定格容量 | BJ78: kWh
D79: 台数 | J79: 台 | BD79: 台数 | BJ79: 台
D80: 定格容量合計 | G80: =IF(G78="","",ROUNDDOWN(G78*G79,2)) | J80: kWh | BD80: 定格容量合計 | BG80: =IF(BG78="","",ROUNDDOWN(BG78*BG79,2)) | BJ80: kWh
C82: ③ | D82: 機器番号/見積明細番号 | BC82: ③ | BD82: 機器番号/見積明細番号
D83: 製造者名（メーカー名） | BD83: 製造者名（メーカー名）
D84: 型式名 | BD84: 型式名
D85: 設備の仕様が確認できるURL | BD85: 設備の仕様が確認できるURL
D86: １台あたりの定格容量 | J86: kWh | BD86: １台あたりの定格容量 | BJ86: kWh
D87: 台数 | J87: 台 | BD87: 台数 | BJ87: 台
D88: 定格容量合計 | G88: =IF(G86="","",ROUNDDOWN(G86*G87,2)) | J88: kWh | BD88: 定格容量合計 | BG88: =IF(BG86="","",ROUNDDOWN(BG86*BG87,2)) | BJ88: kWh
B90: （６）蓄電池（ハイブリッドパワコン一体型タイプ） | BB90: （５）蓄電池（ハイブリッドパワコン一体型タイプ）
C91: ① | D91: 機器番号/見積明細番号 | BC91: ① | BD91: 機器番号/見積明細番号
D92: 製造者名（メーカー名） | BD92: 製造者名（メーカー名）
D93: 型式名 | BD93: 型式名
D94: 設備の仕様が確認できるURL | BD94: 設備の仕様が確認できるURL
D95: １台あたりの定格出力（連系） | J95: kW | BD95: １台あたりの定格出力（連系） | BJ95: kW
D96: １台あたりの定格容量 | J96: kWh | BD96: １台あたりの定格容量 | BJ96: kWh
D97: 台数 | J97: 台 | BD97: 台数 | BJ97: 台
D98: 定格出力合計（連系） | G98: =IF(G95="","",ROUNDDOWN(G95*G97,2)) | J98: kW | BD98: 定格出力合計（連系） | BG98: =IF(BG95="","",ROUNDDOWN(BG95*BG97,2)) | BJ98: kW
D99: 定格容量合計 | G99: =IF(G96="","",ROUNDDOWN(G96*G97,2)) | J99: kWh | BD99: 定格容量合計 | BG99: =IF(BG96="","",ROUNDDOWN(BG96*BG97,2)) | BJ99: kWh
C102: ② | D102: 機器番号/見積明細番号 | BC102: ② | BD102: 機器番号/見積明細番号
D103: 製造者名（メーカー名） | BD103: 製造者名（メーカー名）
D104: 型式名 | BD104: 型式名
D105: 設備の仕様が確認できるURL | BD105: 設備の仕様が確認できるURL
D106: １台あたりの定格出力（連系） | J106: kW | BD106: １台あたりの定格出力（連系） | BJ106: kW
D107: １台あたりの定格容量 | J107: kWh | BD107: １台あたりの定格容量 | BJ107: kWh
D108: 台数 | J108: 台 | BD108: 台数 | BJ108: 台
D109: 定格出力合計（連系） | G109: =IF(G106="","",ROUNDDOWN(G106*G108,2)) | J109: kW | BD109: 定格出力合計（連系） | BG109: =IF(BG106="","",ROUNDDOWN(BG106*BG108,2)) | BJ109: kW
D110: 定格容量合計 | G110: =IF(G107="","",ROUNDDOWN(G107*G108,2)) | J110: kWh | BD110: 定格容量合計 | BG110: =IF(BG107="","",ROUNDDOWN(BG107*BG108,2)) | BJ110: kWh
C112: ③ | D112: 機器番号/見積明細番号 | BC112: ③ | BD112: 機器番号/見積明細番号
D113: 製造者名（メーカー名） | BD113: 製造者名（メーカー名）
D114: 型式名 | BD114: 型式名
D115: 設備の仕様が確認できるURL | BD115: 設備の仕様が確認できるURL
D116: １台あたりの定格出力（連系） | J116: kW | BD116: １台あたりの定格出力（連系） | BJ116: kW
D117: １台あたりの定格容量 | J117: kWh | BD117: １台あたりの定格容量 | BJ117: kWh
...

Sheet 共通１－２（風力)
B1: ２．設備の概要(※複数施設で設置の場合は様式をコピーし追加すること)
B2: ※複数の型式を導入する場合は、それぞれの型式ごとにまとめること。
B4: （１）設備導入場所の名称 | BB4: （２）設備導入場所ごとの設備概要
C6: 導入場所の名称 | BC6: 導入場所名称 | BF6: =IF('[6]第４号（太陽光,蓄電池）'!BE16="","",'[6]第４号（太陽光,蓄電池）'!BE16) -> ○○県○○市○○町１－１－１
B8: （2）風力発電出力
D9: 発電総出力 | G9: =IF(G17="","",ROUNDDOWN(SUM(G19,G27,G35),1)) | H9: kW
B12: （3）発電機
C13: ① | D13: 機器番号/見積明細番号
D14: 製造者名（メーカー名）
D15: 型式名
D16: 設備の仕様が確認できるURL
D17: １基あたりの定格出力 | J17: W
D18: 基数 | J18: 基
D19: 定格出力合計 | G19: =IF(G17="","",ROUNDDOWN((G17*G18)/1000,2)) | J19: kW
C21: ② | D21: 機器番号/見積明細番号
D22: 製造者名（メーカー名）
D23: 型式名
D24: 設備の仕様が確認できるURL
D25: １基あたりの定格出力 | J25: W
D26: 基数 | J26: 基
D27: 定格出力合計 | G27: =IF(G25="","",ROUNDDOWN((G25*G26)/1000,2)) | J27: kW
C29: ③ | D29: 機器番号/見積明細番号
D30: 製造者名（メーカー名）
D31: 型式名
D32: 設備の仕様が確認できるURL
D33: １基あたりの定格出力 | J33: W
D34: 基数 | J34: 基
D35: 定格出力合計 | G35: =IF(G33="","",ROUNDDOWN((G33*G34)/1000,2)) | J35: kW
B38: （4）蓄電池
C39: ① | D39: 機器番号/見積明細番号
D40: 製造者名（メーカー名）
D41: 型式名
D42: 設備の仕様が確認できるURL
D43: １台あたりの定格容量 | J43: kWh
D44: 台数 | J44: 台
D45: 定格容量合計 | G45: =IF(G43="","",ROUNDDOWN(G43*G44,2)) | J45: kWh
C47: ② | D47: 機器番号/見積明細番号
D48: 製造者名（メーカー名）
D49: 型式名
D50: 設備の仕様が確認できるURL
D51: １台あたりの定格容量 | J51: kWh
D52: 台数 | J52: 台
D53: 定格容量合計 | G53: =IF(G51="","",ROUNDDOWN(G51*G52,2)) | J53: kWh
C55: ③ | D55: 機器番号/見積明細番号
D56: 製造者名（メーカー名）
D57: 型式名
D58: 設備の仕様が確認できるURL
D59: １台あたりの定格容量 | J59: kWh
D60: 台数 | J60: 台
D61: 定格容量合計 | G61: =IF(G59="","",ROUNDDOWN(G59*G60,2)) | J61: kWh
B63: （5）蓄電池総容量
D64: 定格容量総計 | G64: =IF(G45="","",SUM(,G45,G53,G61)) | H64: kWh
D65: 助成容量 | G65: =IF(G64="","",IF(G64<=G9*2,G64,G9*2)) | H65: kWh

Sheet 共通１－２（水力)
B1: ２．設備の概要(※複数施設で設置の場合は様式をコピーし追加すること)
B2: ※複数の型式を導入する場合は、それぞれの型式ごとにまとめること。
B5: （１）設備導入場所の名称 | BB5: （２）設備導入場所ごとの設備概要
C7: 導入場所の名称 | BC7: 導入場所名称 | BF7: =IF('[6]第４号（太陽光,蓄電池）'!BE17="","",'[6]第４号（太陽光,蓄電池）'!BE17) -> ○○県○○市○○町１－１－１
B9: （2）水力発電出力
D10: 発電総出力 | G10: =IF(G15="","",ROUNDDOWN(SUM(G20,G29,G38),0)) | H10: kW | M10: ※発電総出力1,000kW以下
B12: （3）水力発電設備及び出力
C13: ① | D13: 機器番号/見積明細番号
C14: ① | D14: 発電方式
D15: 水の流量 | J15: m3/s
D16: 有効落差 | J16: m
D17: 重力加速度 | G17: 9.8 | J17: m/s2
D18: 水車の効率 | J18: ％
D19: 発電機の効率 | J19: ％
D20: 定格出力 | G20: =IF(G14="","",ROUNDDOWN((G15*G16*G17*G18/100*G19/100),0)) | J20: kW
D22: 機器番号/見積明細番号
C23: ② | D23: 発電方式
D24: 水の流量 | J24: m3/s
D25: 有効落差 | J25: m
D26: 重力加速度 | G26: 9.8 | J26: m/s2
D27: 水車の効率 | J27: ％
D28: 発電機の効率 | J28: ％
D29: 定格出力 | G29: =IF(G23="","",ROUNDDOWN((G24*G25*G26*G27/100*G28/100),0)) | J29: kW
D31: 機器番号/見積明細番号
C32: ③ | D32: 発電方式
D33: 水の流量 | J33: m3/s
D34: 有効落差 | J34: m
D35: 重力加速度 | G35: 9.8 | J35: m/s2
D36: 水車の効率 | J36: ％
D37: 発電機の効率 | J37: ％
D38: 定格出力 | G38: =IF(G32="","",ROUNDDOWN((G33*G34*G35*G36/100*G37/100),0)) | J38: kW
B41: （4）発電機
C42: ① | D42: 機器番号/見積明細番号
D43: 製造者名（メーカー名）
D44: 型式名
D45: 設備の仕様が確認できるURL
D46: １台あたりの定格出力 | J46: kW
D47: 台数 | J47: 台
D48: 定格出力合計 | G48: =IF(G46="","",ROUNDDOWN((G46*G47),2)) | J48: kW
C50: ② | D50: 機器番号/見積明細番号
D51: 製造者名（メーカー名）
D52: 型式名
D53: 設備の仕様が確認できるURL
D54: １台あたりの定格出力 | J54: kW
D55: 台数 | J55: 台
D56: 定格出力合計 | G56: =IF(G54="","",ROUNDDOWN((G54*G55),2)) | J56: kW
C58: ③ | D58: 機器番号/見積明細番号
D59: 製造者名（メーカー名）
D60: 型式名
D61: 設備の仕様が確認できるURL
D62: １台あたりの定格出力 | J62: kW
D63: 台数 | J63: 台
D64: 定格出力合計 | G64: =IF(G62="","",ROUNDDOWN((G62*G63),2)) | J64: kW
B65: （5）水車
C66: ① | D66: 機器番号/見積明細番号
D67: 製造者名（メーカー名）
D68: 型式名
D69: 設備の仕様が確認できるURL
D70: １台あたりの定格出力 | J70: kW
D71: 台数 | J71: 台
D72: 定格出力合計 | G72: =IF(G70="","",ROUNDDOWN((G70*G71),2)) | J72: kW
C74: ② | D74: 機器番号/見積明細番号
D75: 製造者名（メーカー名）
D76: 型式名
D77: 設備の仕様が確認できるURL
D78: １台あたりの定格出力 | J78: kW
D79: 台数 | J79: 台
D80: 定格出力合計 | G80: =IF(G78="","",ROUNDDOWN((G78*G79),2)) | J80: kW
C82: ③ | D82: 機器番号/見積明細番号
D83: 製造者名（メーカー名）
D84: 型式名
D85: 設備の仕様が確認できるURL
D86: １台あたりの定格出力 | J86: kW
D87: 台数 | J87: 台
D88: 定格出力合計 | G88: =IF(G86="","",ROUNDDOWN((G86*G87),2)) | J88: kW
B91: （6）変圧器
C92: ① | D92: 機器番号/見積明細番号
D93: 製造者名（メーカー名）
D94: 型式名
D95: 設備の仕様が確認できるURL
D96: １台あたりの定格容量 | J96: kW
D97: 台数 | J97: 台
D98: 定格容量合計 | G98: =IF(G96="","",ROUNDDOWN((G96*G97),2)) | J98: kW
C100: ② | D100: 機器番号/見積明細番号
D101: 製造者名（メーカー名）
D102: 型式名
D103: 設備の仕様が確認できるURL
D104: １台あたりの定格容量 | J104: kW
D105: 台数 | J105: 台
D106: 定格容量合計 | G106: =IF(G104="","",ROUNDDOWN((G104*G105),2)) | J106: kW
C108: ③ | D108: 機器番号/見積明細番号
D109: 製造者名（メーカー名）
D110: 型式名
D111: 設備の仕様が確認できるURL
D112: １台あたりの定格容量 | J112: kW
D113: 台数 | J113: 台
D114: 定格容量合計 | G114: =IF(G112="","",ROUNDDOWN((G112*G113),2)) | J114: kW
B117: （7）水系及び河川
D118: 水系及び河川名
D119: 河川管理者
...

Sheet 共通１－２（地熱発電)
B1: ２．設備の概要(※複数施設で設置の場合は様式をコピーし追加すること)
B2: ※複数の型式を導入する場合は、それぞれの型式ごとにまとめること。
B4: （１）設備導入場所の名称 | BB4: （２）設備導入場所ごとの設備概要
C6: 導入場所の名称 | BC6: 導入場所名称 | BF6: =IF('[6]第４号（太陽光,蓄電池）'!BE16="","",'[6]第４号（太陽光,蓄電池）'!BE16) -> ○○県○○市○○町１－１－１
B8: （2）地熱発電出力
D9: 発電総出力 | G9: =IF(G20="","",ROUNDDOWN(SUM(G22,G30,G38),0)) | H9: kW
B11: （3）地熱発電設備の発電方式
D12: 発電方式 | M12: ←プルダウンリストから選択してください。 | O12: フラッシュ発電
O13: バイナリー発電
O14: その他
B15: （4）発電機
C16: ① | D16: 機器番号/見積明細番号
D17: 製造者名（メーカー名）
D18: 型式名
D19: 設備の仕様が確認できるURL
D20: １台あたりの定格出力 | J20: kW
D21: 台数 | J21: 台
D22: 定格出力合計 | G22: =IF(G20="","",ROUNDDOWN(G20*G21,2)) | J22: kW
C24: ② | D24: 機器番号/見積明細番号
D25: 製造者名（メーカー名）
D26: 型式名
D27: 設備の仕様が確認できるURL
D28: １台あたりの定格出力 | J28: kW
D29: 台数 | J29: 台
D30: 定格出力合計 | G30: =IF(G28="","",ROUNDDOWN(G28*G29,2)) | J30: kW
C32: ③ | D32: 機器番号/見積明細番号
D33: 製造者名（メーカー名）
D34: 型式名
D35: 設備の仕様が確認できるURL
D36: １台あたりの定格出力 | J36: kW
D37: 台数 | J37: 台
D38: 定格出力合計 | G38: =IF(G36="","",ROUNDDOWN(G36*G37,2)) | J38: kW
B41: （5）タービン
C42: ① | D42: 機器番号/見積明細番号
D43: 製造者名（メーカー名）
D44: 型式名
D45: 設備の仕様が確認できるURL
D46: １台あたりの定格出力 | J46: kW
D47: 台数 | J47: 台
D48: 定格出力合計 | G48: =IF(G46="","",ROUNDDOWN(G46*G47,2)) | J48: kW
C50: ② | D50: 機器番号/見積明細番号
D51: 製造者名（メーカー名）
D52: 型式名
D53: 設備の仕様が確認できるURL
D54: １台あたりの定格出力 | J54: kW
D55: 台数 | J55: 台
D56: 定格出力合計 | G56: =IF(G54="","",ROUNDDOWN(G54*G55,2)) | J56: kW
C58: ③ | D58: 機器番号/見積明細番号
D59: 製造者名（メーカー名）
D60: 型式名
D61: 設備の仕様が確認できるURL
D62: １台あたりの定格出力 | J62: kW
D63: 台数 | J63: 台
D64: 定格出力合計 | G64: =IF(G62="","",ROUNDDOWN(G62*G63,2)) | J64: kW
B67: （6）冷却塔 （※設置する場合のみ記入）
C68: ① | D68: 機器番号/見積明細番号
D69: 製造者名（メーカー名）
D70: 型式名
D71: 設備の仕様が確認できるURL
D72: 機器の種類
D73: １台あたりの能力 | J73: kW
D74: 台数 | J74: 台
D75: 能力合計 | G75: =IF(G73="","",ROUNDDOWN(G73*G74,2)) | J75: kW
C77: ② | D77: 機器番号/見積明細番号
D78: 製造者名（メーカー名）
D79: 型式名
D80: 設備の仕様が確認できるURL
D81: 機器の種類
D82: １台あたりの能力 | J82: kW
D83: 台数 | J83: 台
D84: 能力合計 | G84: =IF(G82="","",ROUNDDOWN(G82*G83,2)) | J84: kW
C86: ③ | D86: 機器番号/見積明細番号
D87: 製造者名（メーカー名）
D88: 型式名
D89: 設備の仕様が確認できるURL
D90: 機器の種類
D91: １台あたりの能力 | J91: kW
D92: 台数 | J92: 台
D93: 能力合計 | G93: =IF(G91="","",ROUNDDOWN(G91*G92,2)) | J93: kW
B96: （7）熱交換器 （※設置する場合のみ記入）
C97: ① | D97: 機器番号/見積明細番号
D98: 製造者名（メーカー名）
D99: 型式名
D100: 設備の仕様が確認できるURL
D101: １台あたりの交換容量 | J101: kW
D102: 台数 | J102: 台
D103: 交換容量合計 | G103: =IF(G101="","",ROUNDDOWN(G101*G102,2)) | J103: kW
C105: ② | D105: 機器番号/見積明細番号
D106: 製造者名（メーカー名）
D107: 型式名
D108: 設備の仕様が確認できるURL
D109: １台あたりの交換容量 | J109: kW
D110: 台数 | J110: 台
D111: 交換容量合計 | G111: =IF(G109="","",ROUNDDOWN(G109*G110,2)) | J111: kW
C113: ③ | D113: 機器番号/見積明細番号
D114: 製造者名（メーカー名）
D115: 型式名
D116: 設備の仕様が確認できるURL
D117: １台あたりの交換容量 | J117: kW
D118: 台数 | J118: 台
...

Sheet 共通１－２（バイオマス）
B1: ２．設備の概要(※複数施設で設置の場合は様式をコピーし追加すること)
B2: ※複数の型式を導入する場合は、それぞれの型式ごとにまとめること。
B3: （１）設備導入場所の名称
C5: 導入場所の名称
B7: （２）発電機総出力（事業費合計値）
D8: 発電機総出力 | F8: =IFERROR(G37+G46+G55,"") | H8: kW
B10: （３）バイオマス発電設備
D11: 形態 | M11: ←プルダウンリストから選択してください
D12: １日あたりの設備稼働時間 | J12: ｈ/日
D13: 年間稼働日数 | J13: 日
D14: 年間稼働時間 | G14: =IF(G12="","",ROUNDDOWN((G12*G13),2)) | J14: ｈ/年
B16: （４）バイオマス燃料
D17: 種類
D18: バイオマス依存率（※） | G18: ='共通１－２_別紙(1)'!H46 -> 0 | J18: ％ | M18: ←別紙４を作成すると自動計算されます
D19: ※算定方法は、別紙２のとおり。 | M19: ※バイオマス依存率60％以上
B21: （５）助成燃料等 （※使用する場合のみ記入）
D22: スタートアップの場合
D23: 使用量 | J23: ｔ/回
D24: 使用頻度 | J24: 回/年
D25: その他
D26: 使用量 | J26: ｔ/回
D27: 使用頻度 | J27: 回/年
B29: （６）発電機
C30: ① | D30: 機器番号/見積明細番号
D31: 製造者名（メーカー名）
D32: 型式名
D33: 発電方式 | M33: ←プルダウンリストから選択してください
D34: 設備の仕様が確認できるURL
D35: １台あたりの定格出力 | J35: kW
D36: 台数 | J36: 台
D37: 定格出力合計 | G37: =IF(G35="","",ROUNDDOWN(G35*G36,2)) | J37: kW
C39: ② | D39: 機器番号/見積明細番号
D40: 製造者名（メーカー名）
D41: 型式名
D42: 発電方式 | M42: ←プルダウンリストから選択してください
D43: 設備の仕様が確認できるURL
D44: １台あたりの定格出力 | J44: kW
D45: 台数 | J45: 台
D46: 定格出力合計 | G46: =IF(G44="","",ROUNDDOWN(G44*G45,2)) | J46: kW
C48: ③ | D48: 機器番号/見積明細番号
D49: 製造者名（メーカー名）
D50: 型式名
D51: 発電方式 | M51: ←プルダウンリストから選択してください
D52: 設備の仕様が確認できるURL
D53: １台あたりの定格出力 | J53: kW
D54: 台数 | J54: 台
D55: 定格出力合計 | G55: =IF(G53="","",ROUNDDOWN(G53*G54,2)) | J55: kW
B57: （７）バイオマスボイラ-
C58: ① | D58: 機器番号/見積明細番号
D59: 製造者名（メーカー名）
D60: 型式名
D61: 設備の仕様が確認できるURL
D62: 機器の種類
D63: １台あたりの能力 | J63: kW
D64: 台数 | J64: 台
D65: 能力合計 | G65: =IF(G63="","",ROUNDDOWN(G63*G64,2)) | J65: kW
C67: ② | D67: 機器番号/見積明細番号
D68: 製造者名（メーカー名）
D69: 型式名
D70: 設備の仕様が確認できるURL
D71: 機器の種類
D72: １台あたりの能力 | J72: kW
D73: 台数 | J73: 台
D74: 能力合計 | G74: =IF(G72="","",ROUNDDOWN(G72*G73,2)) | J74: kW
C76: ③ | D76: 機器番号/見積明細番号
D77: 製造者名（メーカー名）
D78: 型式名
D79: 設備の仕様が確認できるURL
D80: 機器の種類
D81: １台あたりの能力 | J81: kW
D82: 台数 | J82: 台
D83: 能力合計 | G83: =IF(G81="","",ROUNDDOWN(G81*G82,2)) | J83: kW
B85: （８）バイオマス受入・供給設備 （※設置する場合のみ記入）
C86: ① | D86: 機器番号/見積明細番号
D87: 製造者名（メーカー名）
D88: 型式名
D89: 設備の仕様が確認できるURL
D90: １基あたりの容量 | J90: ｍ3
D91: 台数 | J91: 基
D92: 容量合計 | G92: =IF(G90="","",ROUNDDOWN(G90*G91,2)) | J92: ｍ3
C94: ② | D94: 機器番号/見積明細番号
D95: 製造者名（メーカー名）
D96: 型式名
D97: 設備の仕様が確認できるURL
D98: １基あたりの容量 | J98: ｍ3
D99: 台数 | J99: 基
D100: 容量合計 | G100: =IF(G98="","",ROUNDDOWN(G98*G99,2)) | J100: ｍ3
C102: ③ | D102: 機器番号/見積明細番号
D103: 製造者名（メーカー名）
D104: 型式名
D105: 設備の仕様が確認できるURL
D106: １基あたりの容量 | J106: ｍ3
D107: 台数 | J107: 基
D108: 容量合計 | G108: =IF(G106="","",ROUNDDOWN(G106*G107,2)) | J108: ｍ3
B110: （９）冷却塔 （※設置する場合のみ記入）
C111: ① | D111: 機器番号/見積明細番号
D112: 製造者名（メーカー名）
D113: 型式名
D114: 設備の仕様が確認できるURL
D115: 機器の種類
...

Sheet 共通１－２_別紙(1)
B1: ２．設備の概要：別紙２（１）
B3: バイオマス依存率計算書（バイオマス発電）
B5: バイオマス燃料 | C5: 種類 | E5: 構成比 | F5: Ａ．バイオマス （燃料）利用量 | G5: Ｂ．バイオマス （燃料）低位発熱量 | H5: バイオマス （燃料）発熱量
E6: ％ | F6: kg/h | G6: =IF(F6="kg/h","MJ/kg","MJ/N㎥") -> MJ/kg | H6: MJ/h | M6: ←利用量の単位は、プルダウンリストから選択してください
C7: 紙くず | D7: 紙類 | E7: =IFERROR(F7/SUM($F$7:$F$19,$F$23:$F$40)*100,"") | H7: =F7*G7 -> 0
D8: 新聞紙 | E8: =IFERROR(F8/SUM($F$7:$F$19,$F$23:$F$40)*100,"") | H8: =F8*G8 -> 0
D9: 紙管 | E9: =IFERROR(F9/SUM($F$7:$F$19,$F$23:$F$40)*100,"") | H9: =F9*G9 -> 0
C10: 木くず | D10: 草・木 | E10: =IFERROR(F10/SUM($F$7:$F$19,$F$23:$F$40)*100,"") | H10: =F10*G10 -> 0
D11: おがくず | E11: =IFERROR(F11/SUM($F$7:$F$19,$F$23:$F$40)*100,"") | H11: =F11*G11 -> 0
D12: 木片 | E12: =IFERROR(F12/SUM($F$7:$F$19,$F$23:$F$40)*100,"") | H12: =F12*G12 -> 0
D13: ベニア・合板・化粧版 | E13: =IFERROR(F13/SUM($F$7:$F$19,$F$23:$F$40)*100,"") | H13: =F13*G13 -> 0
D14: 集成材・ボード | E14: =IFERROR(F14/SUM($F$7:$F$19,$F$23:$F$40)*100,"") | H14: =F14*G14 -> 0
C15: 繊維くず | D15: 木綿 | E15: =IFERROR(F15/SUM($F$7:$F$19,$F$23:$F$40)*100,"") | H15: =F15*G15 -> 0
D16: 羊毛 | E16: =IFERROR(F16/SUM($F$7:$F$19,$F$23:$F$40)*100,"") | H16: =F16*G16 -> 0
C17: その他 | D17: 一般雑芥 | E17: =IFERROR(F17/SUM($F$7:$F$19,$F$23:$F$40)*100,"") | H17: =F17*G17 -> 0
D18: 廃油(動植物系) | E18: =IFERROR(F18/SUM($F$7:$F$19,$F$23:$F$40)*100,"") | H18: =F18*G18 -> 0
D19: その他 | E19: =IFERROR(F19/SUM($F$7:$F$19,$F$23:$F$40)*100,"") | H19: =F19*G19 -> 0
H20: ① | I20: =SUM(H7:J19) -> 0
B21: 非バイオマス燃料 | C21: 種類 | E21: 構成比 | F21: Ｃ．非バイオマス （燃料）利用量 | G21: Ｄ．非バイオマス （燃料）低位発熱量 | H21: 非バイオマス （燃料）発熱量
E22: ％ | F22: =F6 -> kg/h | G22: =G6 -> MJ/kg | H22: MJ/h
C23: 廃プラスチック類 | D23: ポリエチレン（ＰＥ） | E23: =IFERROR(F23/SUM($F$7:$F$19,$F$23:$F$40)*100,"") | H23: =F23*G23 -> 0
D24: ポリプロピレン（ＰＰ） | E24: =IFERROR(F24/SUM($F$7:$F$19,$F$23:$F$40)*100,"") | H24: =F24*G24 -> 0
D25: ポリスチレン（ＰＳ） | E25: =IFERROR(F25/SUM($F$7:$F$19,$F$23:$F$40)*100,"") | H25: =F25*G25 -> 0
D26: 発泡スチロール | E26: =IFERROR(F26/SUM($F$7:$F$19,$F$23:$F$40)*100,"") | H26: =F26*G26 -> 0
D27: ＦＲＰ樹脂 | E27: =IFERROR(F27/SUM($F$7:$F$19,$F$23:$F$40)*100,"") | H27: =F27*G27 -> 0
D28: フェノール樹脂 | E28: =IFERROR(F28/SUM($F$7:$F$19,$F$23:$F$40)*100,"") | H28: =F28*G28 -> 0
D29: 熱可塑性樹脂 | E29: =IFERROR(F29/SUM($F$7:$F$19,$F$23:$F$40)*100,"") | H29: =F29*G29 -> 0
D30: 混合樹脂製品 | E30: =IFERROR(F30/SUM($F$7:$F$19,$F$23:$F$40)*100,"") | H30: =F30*G30 -> 0
D31: ＰＥＴボトル | E31: =IFERROR(F31/SUM($F$7:$F$19,$F$23:$F$40)*100,"") | H31: =F31*G31 -> 0
D32: 皮製品 | E32: =IFERROR(F32/SUM($F$7:$F$19,$F$23:$F$40)*100,"") | H32: =F32*G32 -> 0
C33: ゴムくず | D33: タイヤ | E33: =IFERROR(F33/SUM($F$7:$F$19,$F$23:$F$40)*100,"") | H33: =F33*G33 -> 0
D34: 合成ゴム | E34: =IFERROR(F34/SUM($F$7:$F$19,$F$23:$F$40)*100,"") | H34: =F34*G34 -> 0
C35: 繊維くず | D35: ナイロン布 | E35: =IFERROR(F35/SUM($F$7:$F$19,$F$23:$F$40)*100,"") | H35: =F35*G35 -> 0
D36: アクリル布 | E36: =IFERROR(F36/SUM($F$7:$F$19,$F$23:$F$40)*100,"") | H36: =F36*G36 -> 0
D37: ビニロン布 | E37: =IFERROR(F37/SUM($F$7:$F$19,$F$23:$F$40)*100,"") | H37: =F37*G37 -> 0
D38: ポリエステル布 | E38: =IFERROR(F38/SUM($F$7:$F$19,$F$23:$F$40)*100,"") | H38: =F38*G38 -> 0
C39: その他 | D39: 廃油（石油系） | E39: =IFERROR(F39/SUM($F$7:$F$19,$F$23:$F$40)*100,"") | H39: =F39*G39 -> 0
D40: その他 | E40: =IFERROR(F40/SUM($F$7:$F$19,$F$23:$F$40)*100,"") | H40: =F40*G40 -> 0
H41: ② | I41: =SUM(H23:J40) -> 0
C42: 構成比の合計 | E42: =SUM(E7:E19,E23:E40) -> 0
B45: バイオマス依存率＝ | G45: ×100＝ ①/（①+②）×100
G46: ＝ | H46: =IF(I20=0,0,I20/(I20+I41)*100) -> 0 | J46: % | M46: ※バイオマス依存率60％以上
C47: ・バイオマス排水、家畜糞尿、食品残渣等を原料にする場合は、バイオマス依存率を100%とする。
C48: ・メタン発酵方式の場合は、発酵槽へ投じられるものをバイオマス原料とする。

Sheet 共通１－２_別紙(2)
B1: 第４号様式：別紙２（２）（１枚目）
B3: バイオマス依存率計算書（バイオマス燃料製造）
B5: バイオマス燃料 | C5: 種類 | E5: 構成比 | F5: Ａ．バイオマス （原料）利用量 | G5: Ｂ．バイオマス （原料）低位発熱量 | H5: バイオマス （原料）発熱量
E6: ％ | F6: kg/h | G6: =IF(F6="kg/h","MJ/kg","MJ/N㎥") -> MJ/kg | H6: MJ/h | M6: ←利用量の単位は、プルダウンリストから選択してください
C7: 紙くず | D7: 紙類 | E7: =IFERROR(F7/SUM($F$7:$F$19,$F$23:$F$40)*100,"") | H7: =F7*G7 -> 0
D8: 新聞紙 | E8: =IFERROR(F8/SUM($F$7:$F$19,$F$23:$F$40)*100,"") | H8: =F8*G8 -> 0
D9: 紙管 | E9: =IFERROR(F9/SUM($F$7:$F$19,$F$23:$F$40)*100,"") | H9: =F9*G9 -> 0
C10: 木くず | D10: 草・木 | E10: =IFERROR(F10/SUM($F$7:$F$19,$F$23:$F$40)*100,"") | H10: =F10*G10 -> 0
D11: おがくず | E11: =IFERROR(F11/SUM($F$7:$F$19,$F$23:$F$40)*100,"") | H11: =F11*G11 -> 0
D12: 木片 | E12: =IFERROR(F12/SUM($F$7:$F$19,$F$23:$F$40)*100,"") | H12: =F12*G12 -> 0
D13: ベニア・合板・化粧版 | E13: =IFERROR(F13/SUM($F$7:$F$19,$F$23:$F$40)*100,"") | H13: =F13*G13 -> 0
D14: 集成材・ボード | E14: =IFERROR(F14/SUM($F$7:$F$19,$F$23:$F$40)*100,"") | H14: =F14*G14 -> 0
C15: 繊維くず | D15: 木綿 | E15: =IFERROR(F15/SUM($F$7:$F$19,$F$23:$F$40)*100,"") | H15: =F15*G15 -> 0
D16: 羊毛 | E16: =IFERROR(F16/SUM($F$7:$F$19,$F$23:$F$40)*100,"") | H16: =F16*G16 -> 0
C17: その他 | D17: 一般雑芥 | E17: =IFERROR(F17/SUM($F$7:$F$19,$F$23:$F$40)*100,"") | H17: =F17*G17 -> 0
D18: 廃油(動植物系) | E18: =IFERROR(F18/SUM($F$7:$F$19,$F$23:$F$40)*100,"") | H18: =F18*G18 -> 0
D19: その他 | E19: =IFERROR(F19/SUM($F$7:$F$19,$F$23:$F$40)*100,"") | H19: =F19*G19 -> 0
H20: ① | I20: =SUM(H7:J19) -> 0
B21: 非バイオマス燃料 | C21: 種類 | E21: 構成比 | F21: Ｃ．非バイオマス （原料）利用量 | G21: Ｄ．非バイオマス （原料）低位発熱量 | H21: 非バイオマス （原料）発熱量
E22: ％ | F22: =F6 -> kg/h | G22: =G6 -> MJ/kg | H22: MJ/h
C23: 廃プラスチック類 | D23: ポリエチレン（ＰＥ） | E23: =IFERROR(F23/SUM($F$7:$F$19,$F$23:$F$40)*100,"") | H23: =F23*G23 -> 0
D24: ポリプロピレン（ＰＰ） | E24: =IFERROR(F24/SUM($F$7:$F$19,$F$23:$F$40)*100,"") | H24: =F24*G24 -> 0
D25: ポリスチレン（ＰＳ） | E25: =IFERROR(F25/SUM($F$7:$F$19,$F$23:$F$40)*100,"") | H25: =F25*G25 -> 0
D26: 発泡スチロール | E26: =IFERROR(F26/SUM($F$7:$F$19,$F$23:$F$40)*100,"") | H26: =F26*G26 -> 0
D27: ＦＲＰ樹脂 | E27: =IFERROR(F27/SUM($F$7:$F$19,$F$23:$F$40)*100,"") | H27: =F27*G27 -> 0
D28: フェノール樹脂 | E28: =IFERROR(F28/SUM($F$7:$F$19,$F$23:$F$40)*100,"") | H28: =F28*G28 -> 0
D29: 熱可塑性樹脂 | E29: =IFERROR(F29/SUM($F$7:$F$19,$F$23:$F$40)*100,"") | H29: =F29*G29 -> 0
D30: 混合樹脂製品 | E30: =IFERROR(F30/SUM($F$7:$F$19,$F$23:$F$40)*100,"") | H30: =F30*G30 -> 0
D31: ＰＥＴボトル | E31: =IFERROR(F31/SUM($F$7:$F$19,$F$23:$F$40)*100,"") | H31: =F31*G31 -> 0
D32: 皮製品 | E32: =IFERROR(F32/SUM($F$7:$F$19,$F$23:$F$40)*100,"") | H32: =F32*G32 -> 0
C33: ゴムくず | D33: タイヤ | E33: =IFERROR(F33/SUM($F$7:$F$19,$F$23:$F$40)*100,"") | H33: =F33*G33 -> 0
D34: 合成ゴム | E34: =IFERROR(F34/SUM($F$7:$F$19,$F$23:$F$40)*100,"") | H34: =F34*G34 -> 0
C35: 繊維くず | D35: ナイロン布 | E35: =IFERROR(F35/SUM($F$7:$F$19,$F$23:$F$40)*100,"") | H35: =F35*G35 -> 0
D36: アクリル布 | E36: =IFERROR(F36/SUM($F$7:$F$19,$F$23:$F$40)*100,"") | H36: =F36*G36 -> 0
D37: ビニロン布 | E37: =IFERROR(F37/SUM($F$7:$F$19,$F$23:$F$40)*100,"") | H37: =F37*G37 -> 0
D38: ポリエステル布 | E38: =IFERROR(F38/SUM($F$7:$F$19,$F$23:$F$40)*100,"") | H38: =F38*G38 -> 0
C39: その他 | D39: 廃油（石油系） | E39: =IFERROR(F39/SUM($F$7:$F$19,$F$23:$F$40)*100,"") | H39: =F39*G39 -> 0
D40: その他 | E40: =IFERROR(F40/SUM($F$7:$F$19,$F$23:$F$40)*100,"") | H40: =F40*G40 -> 0
H41: ② | I41: =SUM(H23:J40) -> 0
C42: 構成比の合計 | E42: =SUM(E7:E19,E23:E40) -> 0
B44: バイオマス依存率＝ | G44: ×100＝ ①/（①+②）×100
G45: ＝ | H45: =IF(I20=0,0,I20/(I20+I41)*100) -> 0 | J45: % | M45: ※バイオマス依存率60％以上
C46: ・バイオマス排水、家畜糞尿、食品残渣等を原料にする場合は、バイオマス依存率を100%とする。
C47: ・メタン発酵方式の場合は、発酵槽へ投じられるものをバイオマス原料とする。

Sheet 共通１－３_導入効果
B1: ３．導入効果 | BB1: ３．導入効果
D3: ・需要先の年間想定電力消費量(A) | G3: =IF(E15="","",(J18+J24+J30+J36+J42+J48+J54+J60+J66+J72)) | I3: kWh/年 | BD3: ・需要先の年間想定電力消費量(A) | BG3: =IF(BE15="","",(BJ18+BJ24+BJ30+BJ36+BJ42+BJ48+BJ54+BJ60+BJ66+BJ72)) -> 192000 | BI3: kWh/年
D5: ・年間想定発電電力量(B)（事業合計） | G5: =IF(E76="","",SUM(J79,J85,J91,J97,J103)) | I5: kWh/年 | BD5: ・年間想定発電電力量(B)（事業合計） | BG5: =IF(BE76="","",SUM(BJ79,BJ85,BJ91,BJ97,BJ103)) -> 31200 | BI5: kWh/年
D7: ・差 （A－B) | G7: =IF(E15="","",G3-G5) | I7: kWh/年 | BD7: ・差 （A－B) | BG7: =IF(BE15="","",BG3-BG5) -> 160800 | BI7: kWh/年
B9: 「需要先の年間想定電力消費量」に対する「年間想定発電電力量」の比率 | BB9: 「需要先の年間想定電力消費量」に対する「年間想定発電電力量」の比率
G10: =IF(G5="","",ROUND(G5/G3*100,2)) | H10: % | BG10: =IF(BG5="","",ROUND(BG5/BG3*100,2)) -> 16.25 | BH10: %
F11: =IF(G10="","",IF(G10>=100,"申請要件を満たさないため申請不可"," ")) | BF11: =IF(BG10="","",IF(BG10>=100,"申請要件を満たさないため申請不可"," "))
B13: （１）需要先ごとの消費電力量（月別、年間の消費電力量） | J13: （kWh） | BB13: （１）需要先ごとの消費電力量（月別、年間の消費電力量） | BJ13: （kWh）
C14: 施設の名称 | E14: ４月 | F14: ５月 | G14: ６月 | H14: ７月 | I14: ８月 | J14: ９月 | BE14: ４月 | BF14: ５月 | BG14: ６月 | BH14: ７月 | BI14: ８月 | BJ14: ９月
C15: =IF('共通１ー１（基本情報（１）～（11））'!C122="","",'共通１ー１（基本情報（１）～（11））'!C122) | BC15: =IF('[6]第４号（太陽光,蓄電池）'!BE49="","",'[6]第４号（太陽光,蓄電池）'!BE49) -> ■■株式会社 ○○営業所 | BE15: 7000 | BF15: 8000 | BG15: 9000 | BH15: 10000 | BI15: 11000 | BJ15: 10000
E16: １０月 | F16: １１月 | G16: １２月 | H16: １月 | I16: ２月 | J16: ３月 | BE16: １０月 | BF16: １１月 | BG16: １２月 | BH16: １月 | BI16: ２月 | BJ16: ３月
BE17: 9000 | BF17: 8000 | BG17: 7000 | BH17: 6000 | BI17: 5000 | BJ17: 6000
H18: 消費電力量小計(kWh) | J18: =IF(E15="","0",SUM(E15:J15,E17:J17)) -> 0 | BH18: 消費電力量小計(kWh) | BJ18: =IF(BE15="","0",SUM(BE15:BJ15,BE17:BJ17)) -> 96000
C20: 施設の名称 | E20: ４月 | F20: ５月 | G20: ６月 | H20: ７月 | I20: ８月 | J20: ９月 | BE20: ４月 | BF20: ５月 | BG20: ６月 | BH20: ７月 | BI20: ８月 | BJ20: ９月
C21: =IF('共通１ー１（基本情報（１）～（11））'!C131="","",'共通１ー１（基本情報（１）～（11））'!C131) | BC21: =IF('[6]第４号（太陽光,蓄電池）'!BE55="","",'[6]第４号（太陽光,蓄電池）'!BE55) -> ■■株式会社 本社ビル | BE21: 7000 | BF21: 8000 | BG21: 9000 | BH21: 10000 | BI21: 11000 | BJ21: 10000
E22: １０月 | F22: １１月 | G22: １２月 | H22: １月 | I22: ２月 | J22: ３月 | BE22: １０月 | BF22: １１月 | BG22: １２月 | BH22: １月 | BI22: ２月 | BJ22: ３月
BE23: 9000 | BF23: 8000 | BG23: 7000 | BH23: 6000 | BI23: 5000 | BJ23: 6000
H24: 消費電力量小計(kWh) | J24: =IF(E21="","0",SUM(E21:J21,E23:J23)) -> 0 | BH24: 消費電力量小計(kWh) | BJ24: =IF(BE21="","0",SUM(BE21:BJ21,BE23:BJ23)) -> 96000
C26: 施設の名称 | E26: ４月 | F26: ５月 | G26: ６月 | H26: ７月 | I26: ８月 | J26: ９月 | BE26: ４月 | BF26: ５月 | BG26: ６月 | BH26: ７月 | BI26: ８月 | BJ26: ９月
C27: =IF('共通１ー１（基本情報（１）～（11））'!C140="","",'共通１ー１（基本情報（１）～（11））'!C140) | BC27: =IF('[6]第４号（太陽光,蓄電池）'!BE61="","",'[6]第４号（太陽光,蓄電池）'!BE61)
E28: １０月 | F28: １１月 | G28: １２月 | H28: １月 | I28: ２月 | J28: ３月 | BE28: １０月 | BF28: １１月 | BG28: １２月 | BH28: １月 | BI28: ２月 | BJ28: ３月
H30: 消費電力量小計(kWh) | J30: =IF(E27="","0",SUM(E27:J27,E29:J29)) -> 0 | BH30: 消費電力量小計(kWh) | BJ30: =IF(BE27="","0",SUM(BE27:BJ27,BE29:BJ29)) -> 0
C32: 施設の名称 | E32: ４月 | F32: ５月 | G32: ６月 | H32: ７月 | I32: ８月 | J32: ９月 | BE32: ４月 | BF32: ５月 | BG32: ６月 | BH32: ７月 | BI32: ８月 | BJ32: ９月
C33: =IF('共通１ー１（基本情報（１）～（11））'!C149="","",'共通１ー１（基本情報（１）～（11））'!C149) | BC33: =IF('[6]第４号（太陽光,蓄電池）'!BE67="","",'[6]第４号（太陽光,蓄電池）'!BE67)
E34: １０月 | F34: １１月 | G34: １２月 | H34: １月 | I34: ２月 | J34: ３月 | BE34: １０月 | BF34: １１月 | BG34: １２月 | BH34: １月 | BI34: ２月 | BJ34: ３月
H36: 消費電力量小計(kWh) | J36: =IF(E33="","0",SUM(E33:J33,E35:J35)) -> 0 | BH36: 消費電力量小計(kWh) | BJ36: =IF(BE33="","0",SUM(BE33:BJ33,BE35:BJ35)) -> 0
C38: 施設の名称 | E38: ４月 | F38: ５月 | G38: ６月 | H38: ７月 | I38: ８月 | J38: ９月 | BE38: ４月 | BF38: ５月 | BG38: ６月 | BH38: ７月 | BI38: ８月 | BJ38: ９月
C39: =IF('共通１ー１（基本情報（１）～（11））'!C158="","",'共通１ー１（基本情報（１）～（11））'!C158) | BC39: =IF('[6]第４号（太陽光,蓄電池）'!BE73="","",'[6]第４号（太陽光,蓄電池）'!BE73)
E40: １０月 | F40: １１月 | G40: １２月 | H40: １月 | I40: ２月 | J40: ３月 | BE40: １０月 | BF40: １１月 | BG40: １２月 | BH40: １月 | BI40: ２月 | BJ40: ３月
H42: 消費電力量小計(kWh) | J42: =IF(E39="","0",SUM(E39:J39,E41:J41)) -> 0 | BH42: 消費電力量小計(kWh) | BJ42: =IF(BE39="","0",SUM(BE39:BJ39,BE41:BJ41)) -> 0
C44: 施設の名称 | E44: ４月 | F44: ５月 | G44: ６月 | H44: ７月 | I44: ８月 | J44: ９月 | BE44: ４月 | BF44: ５月 | BG44: ６月 | BH44: ７月 | BI44: ８月 | BJ44: ９月
C45: =IF('共通１ー１（基本情報（１）～（11））'!C167="","",'共通１ー１（基本情報（１）～（11））'!C167) | BC45: =IF('[6]第４号（太陽光,蓄電池）'!BE79="","",'[6]第４号（太陽光,蓄電池）'!BE79)
E46: １０月 | F46: １１月 | G46: １２月 | H46: １月 | I46: ２月 | J46: ３月 | BE46: １０月 | BF46: １１月 | BG46: １２月 | BH46: １月 | BI46: ２月 | BJ46: ３月
H48: 消費電力量小計(kWh) | J48: =IF(E45="","0",SUM(E45:J45,E47:J47)) -> 0 | BH48: 消費電力量小計(kWh) | BJ48: =IF(BE45="","0",SUM(BE45:BJ45,BE47:BJ47)) -> 0
C50: 施設の名称 | E50: ４月 | F50: ５月 | G50: ６月 | H50: ７月 | I50: ８月 | J50: ９月 | BE50: ４月 | BF50: ５月 | BG50: ６月 | BH50: ７月 | BI50: ８月 | BJ50: ９月
C51: =IF('共通１ー１（基本情報（１）～（11））'!C176="","",'共通１ー１（基本情報（１）～（11））'!C176) | BC51: =IF('[6]第４号（太陽光,蓄電池）'!BE85="","",'[6]第４号（太陽光,蓄電池）'!BE85)
E52: １０月 | F52: １１月 | G52: １２月 | H52: １月 | I52: ２月 | J52: ３月 | BE52: １０月 | BF52: １１月 | BG52: １２月 | BH52: １月 | BI52: ２月 | BJ52: ３月
H54: 消費電力量小計(kWh) | J54: =IF(E51="","0",SUM(E51:J51,E53:J53)) -> 0 | BH54: 消費電力量小計(kWh) | BJ54: =IF(BE51="","0",SUM(BE51:BJ51,BE53:BJ53)) -> 0
C56: 施設の名称 | E56: ４月 | F56: ５月 | G56: ６月 | H56: ７月 | I56: ８月 | J56: ９月 | BE56: ４月 | BF56: ５月 | BG56: ６月 | BH56: ７月 | BI56: ８月 | BJ56: ９月
C57: =IF('共通１ー１（基本情報（１）～（11））'!C185="","",'共通１ー１（基本情報（１）～（11））'!C185) | BC57: =IF('[6]第４号（太陽光,蓄電池）'!BE90="","",'[6]第４号（太陽光,蓄電池）'!BE90)
E58: １０月 | F58: １１月 | G58: １２月 | H58: １月 | I58: ２月 | J58: ３月 | BE58: １０月 | BF58: １１月 | BG58: １２月 | BH58: １月 | BI58: ２月 | BJ58: ３月
H60: 消費電力量小計(kWh) | J60: =IF(E57="","0",SUM(E57:J57,E59:J59)) -> 0 | BH60: 消費電力量小計(kWh) | BJ60: =IF(BE57="","0",SUM(BE57:BJ57,BE59:BJ59)) -> 0
C62: 施設の名称 | E62: ４月 | F62: ５月 | G62: ６月 | H62: ７月 | I62: ８月 | J62: ９月 | BE62: ４月 | BF62: ５月 | BG62: ６月 | BH62: ７月 | BI62: ８月 | BJ62: ９月
C63: =IF('共通１ー１（基本情報（１）～（11））'!C194="","",'共通１ー１（基本情報（１）～（11））'!C194) | BC63: =IF('[6]第４号（太陽光,蓄電池）'!BE96="","",'[6]第４号（太陽光,蓄電池）'!BE96)
E64: １０月 | F64: １１月 | G64: １２月 | H64: １月 | I64: ２月 | J64: ３月 | BE64: １０月 | BF64: １１月 | BG64: １２月 | BH64: １月 | BI64: ２月 | BJ64: ３月
H66: 消費電力量小計(kWh) | J66: =IF(E63="","0",SUM(E63:J63,E65:J65)) -> 0 | BH66: 消費電力量小計(kWh) | BJ66: =IF(BE63="","0",SUM(BE63:BJ63,BE65:BJ65)) -> 0
C68: 施設の名称 | E68: ４月 | F68: ５月 | G68: ６月 | H68: ７月 | I68: ８月 | J68: ９月 | BE68: ４月 | BF68: ５月 | BG68: ６月 | BH68: ７月 | BI68: ８月 | BJ68: ９月
C69: =IF('共通１ー１（基本情報（１）～（11））'!C204="","",'共通１ー１（基本情報（１）～（11））'!C204) | BC69: =IF('[6]第４号（太陽光,蓄電池）'!BE102="","",'[6]第４号（太陽光,蓄電池）'!BE102)
E70: １０月 | F70: １１月 | G70: １２月 | H70: １月 | I70: ２月 | J70: ３月 | BE70: １０月 | BF70: １１月 | BG70: １２月 | BH70: １月 | BI70: ２月 | BJ70: ３月
H72: 消費電力量小計(kWh) | J72: =IF(E69="","0",SUM(E69:J69,E71:J71)) -> 0 | BH72: 消費電力量小計(kWh) | BJ72: =IF(BE69="","0",SUM(BE69:BJ69,BE71:BJ71)) -> 0
B74: （２）設備導入場所ごとの想定発電電力量（月別、年間の発電量） | J74: （kWh） | BB74: （２）設備導入場所ごとの想定発電電力量（月別、年間の発電量） | BJ74: （kWh）
C75: 施設の名称 | E75: ４月 | F75: ５月 | G75: ６月 | H75: ７月 | I75: ８月 | J75: ９月 | M75: 発電電力量は試算をもとに記入してください | BE75: ４月 | BF75: ５月 | BG75: ６月 | BH75: ７月 | BI75: ８月 | BJ75: ９月
C76: =IF('共通１ー１（基本情報（１）～（11））'!C72="","",'共通１ー１（基本情報（１）～（11））'!C72) | BC76: =[6]第４号_設備の概要_１枚目!BF8 -> ○○発電所１ | BE76: 2500 | BF76: 2600 | BG76: 2700 | BH76: 2800 | BI76: 2900 | BJ76: 2800
E77: １０月 | F77: １１月 | G77: １２月 | H77: １月 | I77: ２月 | J77: ３月 | BE77: １０月 | BF77: １１月 | BG77: １２月 | BH77: １月 | BI77: ２月 | BJ77: ３月
BE78: 2700 | BF78: 2600 | BG78: 2500 | BH78: 2400 | BI78: 2300 | BJ78: 2400
H79: 発電電力量小計(kWh) | J79: =IF(E76="","0",SUM(E76:J76,E78:J78)) -> 0 | BH79: 発電電力量小計(kWh) | BJ79: =IF(BE76="","0",SUM(BE76:BJ76,BE78:BJ78)) -> 31200
C81: 施設の名称 | E81: ４月 | F81: ５月 | G81: ６月 | H81: ７月 | I81: ８月 | J81: ９月 | BE81: ４月 | BF81: ５月 | BG81: ６月 | BH81: ７月 | BI81: ８月 | BJ81: ９月
C82: =IF('共通１ー１（基本情報（１）～（11））'!C82="","",'共通１ー１（基本情報（１）～（11））'!C82) | BC82: ='[6]第４号_設備の概要_２枚目 '!BF6 -> 0
E83: １０月 | F83: １１月 | G83: １２月 | H83: １月 | I83: ２月 | J83: ３月 | BE83: １０月 | BF83: １１月 | BG83: １２月 | BH83: １月 | BI83: ２月 | BJ83: ３月
H85: 発電電力量小計(kWh) | J85: =IF(E82="","0",SUM(E82:J82,E84:J84)) -> 0 | BH85: 発電電力量小計(kWh) | BJ85: =IF(BE82="","0",SUM(BE82:BJ82,BE84:BJ84)) -> 0
C87: 施設の名称 | E87: ４月 | F87: ５月 | G87: ６月 | H87: ７月 | I87: ８月 | J87: ９月 | BE87: ４月 | BF87: ５月 | BG87: ６月 | BH87: ７月 | BI87: ８月 | BJ87: ９月
C88: =IF('共通１ー１（基本情報（１）～（11））'!C92="","",'共通１ー１（基本情報（１）～（11））'!C92) | BC88: =[6]第４号_設備の概要_３枚目!BF6 -> 0
E89: １０月 | F89: １１月 | G89: １２月 | H89: １月 | I89: ２月 | J89: ３月 | BE89: １０月 | BF89: １１月 | BG89: １２月 | BH89: １月 | BI89: ２月 | BJ89: ３月
H91: 発電電力量小計(kWh) | J91: =IF(E88="","0",SUM(E88:J88,E90:J90)) -> 0 | BH91: 発電電力量小計(kWh) | BJ91: =IF(BE88="","0",SUM(BE88:BJ88,BE90:BJ90)) -> 0
C93: 施設の名称 | E93: ４月 | F93: ５月 | G93: ６月 | H93: ７月 | I93: ８月 | J93: ９月 | BE93: ４月 | BF93: ５月 | BG93: ６月 | BH93: ７月 | BI93: ８月 | BJ93: ９月
C94: =IF('共通１ー１（基本情報（１）～（11））'!C102="","",'共通１ー１（基本情報（１）～（11））'!C102) | BC94: ='[6]第４号（太陽光,蓄電池）'!BE35 -> ●●併設蓄電池
E95: １０月 | F95: １１月 | G95: １２月 | H95: １月 | I95: ２月 | J95: ３月 | BE95: １０月 | BF95: １１月 | BG95: １２月 | BH95: １月 | BI95: ２月 | BJ95: ３月
H97: 発電電力量小計(kWh) | J97: =IF(E94="","0",SUM(E94:J94,E96:J96)) -> 0 | BH97: 発電電力量小計(kWh) | BJ97: =IF(BE94="","0",SUM(BE94:BJ94,BE96:BJ96)) -> 0
C99: 施設の名称 | E99: ４月 | F99: ５月 | G99: ６月 | H99: ７月 | I99: ８月 | J99: ９月 | BE99: ４月 | BF99: ５月 | BG99: ６月 | BH99: ７月 | BI99: ８月 | BJ99: ９月
C100: =IF('共通１ー１（基本情報（１）～（11））'!C112="","",'共通１ー１（基本情報（１）～（11））'!C112) | BC100: ='[6]第４号（太陽光,蓄電池）'!BE42 -> 0
E101: １０月 | F101: １１月 | G101: １２月 | H101: １月 | I101: ２月 | J101: ３月 | BE101: １０月 | BF101: １１月 | BG101: １２月 | BH101: １月 | BI101: ２月 | BJ101: ３月
H103: 発電電力量小計(kWh) | J103: =IF(E100="","0",SUM(E100:J100,E102:J102)) -> 0 | BH103: 発電電力量小計(kWh) | BJ103: =IF(BE100="","0",SUM(BE100:BJ100,BE102:BJ102)) -> 0
BC105: ［添付資料］
BC106: ・対象施設等で必要とされる電力の計算根拠 | BH106: （添付資料10）
BC107: ・再エネ設備から供給される発電量の計算根拠 | BH107: （添付資料11）

Sheet 共通１－４（環境価値）
B1: 4．環境価値の利用 | BB1: ７．環境価値の利用
B2: （１）－１．再エネ電力証書利用場所及び年間電力消費量 | BB2: （１）－１．再エネ電力証書利用場所及び年間電力消費量
B3: 名称 | BB3: 名称 | BE3: ○○株式会社
C4: 住所 | BC4: 住所 | BE4: 東京都新宿区西新宿○-○○-○○
B5: 年間電力消費量 | E5: ４月 | F5: ５月 | G5: ６月 | H5: ７月 | I5: ８月 | J5: ９月 | BB5: 年間電力消費量 | BE5: ４月 | BF5: ５月 | BG5: ６月 | BH5: ７月 | BI5: ８月 | BJ5: ９月
BE6: 10000 | BF6: 20000 | BG6: 30000 | BH6: 40000 | BI6: 50000 | BJ6: 60000
E7: １０月 | F7: １１月 | G7: １２月 | H7: １月 | I7: ２月 | J7: ３月 | BE7: １０月 | BF7: １１月 | BG7: １２月 | BH7: １月 | BI7: ２月 | BJ7: ３月
BE8: 60000 | BF8: 50000 | BG8: 40000 | BH8: 30000 | BI8: 20000 | BJ8: 10000
G9: 年間電力消費量小計(kWh) | J9: =IF(E6="",0,SUM(E6:J6,E8:J8)) -> 0 | BG9: 年間電力消費量小計(kWh) | BJ9: =IF(BE6="","0",SUM(BE6:BJ6,BE8:BJ8)) -> 420000
B11: （１）－２．再エネ電力証書利用場所及び年間電力消費量 | BB11: （１）－２．再エネ電力証書利用場所及び年間電力消費量
B12: 名称 | BB12: 名称
C13: 住所 | BC13: 住所
B14: 年間電力消費量 | E14: ４月 | F14: ５月 | G14: ６月 | H14: ７月 | I14: ８月 | J14: ９月 | BB14: 年間電力消費量 | BE14: ４月 | BF14: ５月 | BG14: ６月 | BH14: ７月 | BI14: ８月 | BJ14: ９月
E16: １０月 | F16: １１月 | G16: １２月 | H16: １月 | I16: ２月 | J16: ３月 | BE16: １０月 | BF16: １１月 | BG16: １２月 | BH16: １月 | BI16: ２月 | BJ16: ３月
G18: 年間電力消費量小計(kWh) | J18: =IF(E15="",0,SUM(E15:J15,E17:J17)) -> 0 | BG18: 年間電力消費量小計(kWh) | BJ18: =IF(BE15="","0",SUM(BE15:BJ15,BE17:BJ17)) -> 0
B20: （１）－３．再エネ電力証書利用場所及び年間電力消費量 | BB20: （１）－３．再エネ電力証書利用場所及び年間電力消費量
B21: 名称 | BB21: 名称
C22: 住所 | BC22: 住所
B23: 年間電力消費量 | E23: ４月 | F23: ５月 | G23: ６月 | H23: ７月 | I23: ８月 | J23: ９月 | BB23: 年間電力消費量 | BE23: ４月 | BF23: ５月 | BG23: ６月 | BH23: ７月 | BI23: ８月 | BJ23: ９月
E25: １０月 | F25: １１月 | G25: １２月 | H25: １月 | I25: ２月 | J25: ３月 | BE25: １０月 | BF25: １１月 | BG25: １２月 | BH25: １月 | BI25: ２月 | BJ25: ３月
G27: 年間電力消費量小計(kWh) | J27: =IF(E24="",0,SUM(E24:J24,E26:J26)) -> 0 | BG27: 年間電力消費量小計(kWh) | BJ27: =IF(BE24="","0",SUM(BE24:BJ24,BE26:BJ26)) -> 0
B29: （１）－４．再エネ電力証書利用場所及び年間電力消費量 | BB29: （１）－４．再エネ電力証書利用場所及び年間電力消費量
B30: 名称 | BB30: 名称
C31: 住所 | BC31: 住所
B32: 年間電力消費量 | E32: ４月 | F32: ５月 | G32: ６月 | H32: ７月 | I32: ８月 | J32: ９月 | BB32: 年間電力消費量 | BE32: ４月 | BF32: ５月 | BG32: ６月 | BH32: ７月 | BI32: ８月 | BJ32: ９月
E34: １０月 | F34: １１月 | G34: １２月 | H34: １月 | I34: ２月 | J34: ３月 | BE34: １０月 | BF34: １１月 | BG34: １２月 | BH34: １月 | BI34: ２月 | BJ34: ３月
G36: 年間電力消費量小計(kWh) | J36: =IF(E33="",0,SUM(E33:J33,E35:J35)) -> 0 | BG36: 年間電力消費量小計(kWh) | BJ36: =IF(BE33="","0",SUM(BE33:BJ33,BE35:BJ35)) -> 0
B38: （１）－５．再エネ電力証書利用場所及び年間電力消費量 | BB38: （１）－５．再エネ電力証書利用場所及び年間電力消費量
B39: 名称 | BB39: 名称
C40: 住所 | BC40: 住所
B41: 年間電力消費量 | E41: ４月 | F41: ５月 | G41: ６月 | H41: ７月 | I41: ８月 | J41: ９月 | BB41: 年間電力消費量 | BE41: ４月 | BF41: ５月 | BG41: ６月 | BH41: ７月 | BI41: ８月 | BJ41: ９月
E43: １０月 | F43: １１月 | G43: １２月 | H43: １月 | I43: ２月 | J43: ３月 | BE43: １０月 | BF43: １１月 | BG43: １２月 | BH43: １月 | BI43: ２月 | BJ43: ３月
G45: 年間電力消費量小計(kWh) | J45: =IF(E42="",0,SUM(E42:J42,E44:J44)) -> 0 | BG45: 年間電力消費量小計(kWh) | BJ45: =IF(BE42="","0",SUM(BE42:BJ42,BE44:BJ44)) -> 0
B47: （１）－６．再エネ電力証書利用場所及び年間電力消費量 | BB47: （１）－６．再エネ電力証書利用場所及び年間電力消費量
B48: 名称 | BB48: 名称
C49: 住所 | BC49: 住所
B50: 年間電力消費量 | E50: ４月 | F50: ５月 | G50: ６月 | H50: ７月 | I50: ８月 | J50: ９月 | BB50: 年間電力消費量 | BE50: ４月 | BF50: ５月 | BG50: ６月 | BH50: ７月 | BI50: ８月 | BJ50: ９月
E52: １０月 | F52: １１月 | G52: １２月 | H52: １月 | I52: ２月 | J52: ３月 | BE52: １０月 | BF52: １１月 | BG52: １２月 | BH52: １月 | BI52: ２月 | BJ52: ３月
G54: 年間電力消費量小計(kWh) | J54: =IF(E51="",0,SUM(E51:J51,E53:J53)) -> 0 | BG54: 年間電力消費量小計(kWh) | BJ54: =IF(BE51="","0",SUM(BE51:BJ51,BE53:BJ53)) -> 0
B56: （１）－７．再エネ電力証書利用場所及び年間電力消費量 | BB56: （１）－７．再エネ電力証書利用場所及び年間電力消費量
B57: 名称 | BB57: 名称
C58: 住所 | BC58: 住所
B59: 年間電力消費量 | E59: ４月 | F59: ５月 | G59: ６月 | H59: ７月 | I59: ８月 | J59: ９月 | BB59: 年間電力消費量 | BE59: ４月 | BF59: ５月 | BG59: ６月 | BH59: ７月 | BI59: ８月 | BJ59: ９月
E61: １０月 | F61: １１月 | G61: １２月 | H61: １月 | I61: ２月 | J61: ３月 | BE61: １０月 | BF61: １１月 | BG61: １２月 | BH61: １月 | BI61: ２月 | BJ61: ３月
G63: 年間電力消費量小計(kWh) | J63: =IF(E60="",0,SUM(E60:J60,E62:J62)) -> 0 | BG63: 年間電力消費量小計(kWh) | BJ63: =IF(BE60="","0",SUM(BE60:BJ60,BE62:BJ62)) -> 0
B65: （１）－８．再エネ電力証書利用場所及び年間電力消費量 | BB65: （１）－８．再エネ電力証書利用場所及び年間電力消費量
B66: 名称 | BB66: 名称
C67: 住所 | BC67: 住所
B68: 年間電力消費量 | E68: ４月 | F68: ５月 | G68: ６月 | H68: ７月 | I68: ８月 | J68: ９月 | BB68: 年間電力消費量 | BE68: ４月 | BF68: ５月 | BG68: ６月 | BH68: ７月 | BI68: ８月 | BJ68: ９月
E70: １０月 | F70: １１月 | G70: １２月 | H70: １月 | I70: ２月 | J70: ３月 | BE70: １０月 | BF70: １１月 | BG70: １２月 | BH70: １月 | BI70: ２月 | BJ70: ３月
G72: 年間電力消費量小計(kWh) | J72: =IF(E69="",0,SUM(E69:J69,E71:J71)) -> 0 | BG72: 年間電力消費量小計(kWh) | BJ72: =IF(BE69="","0",SUM(BE69:BJ69,BE71:BJ71)) -> 0
B74: （１）－９．再エネ電力証書利用場所及び年間電力消費量 | BB74: （１）－９．再エネ電力証書利用場所及び年間電力消費量
B75: 名称 | BB75: 名称
C76: 住所 | BC76: 住所
B77: 年間電力消費量 | E77: ４月 | F77: ５月 | G77: ６月 | H77: ７月 | I77: ８月 | J77: ９月 | BB77: 年間電力消費量 | BE77: ４月 | BF77: ５月 | BG77: ６月 | BH77: ７月 | BI77: ８月 | BJ77: ９月
E79: １０月 | F79: １１月 | G79: １２月 | H79: １月 | I79: ２月 | J79: ３月 | BE79: １０月 | BF79: １１月 | BG79: １２月 | BH79: １月 | BI79: ２月 | BJ79: ３月
G81: 年間電力消費量小計(kWh) | J81: =IF(E78="",0,SUM(E78:J78,E80:J80)) -> 0 | BG81: 年間電力消費量小計(kWh) | BJ81: =IF(BE78="","0",SUM(BE78:BJ78,BE80:BJ80)) -> 0
B83: （１）－10．再エネ電力証書利用場所及び年間電力消費量 | O83: 分子 | P83: 分母 | BB83: （１）－10．再エネ電力証書利用場所及び年間電力消費量
B84: 名称 | N84: ="2/3" -> 2/3 | O84: 2 | P84: 3 | BB84: 名称 | BO84: 分子 | BP84: 分母
C85: 住所 | N85: ="1/2" -> 1/2 | O85: 1 | P85: 2 | BC85: 住所 | BN85: ="1/2" -> 1/2 | BO85: 1 | BP85: 2
B86: 年間電力消費量 | E86: ４月 | F86: ５月 | G86: ６月 | H86: ７月 | I86: ８月 | J86: ９月 | N86: 太陽光 | O86: =IF('[7]共通１－２(太陽光）'!G136="",0,'[7]共通１－２(太陽光）'!G136) -> 0 | BB86: 年間電力消費量 | BE86: ４月 | BF86: ５月 | BG86: ６月 | BH86: ７月 | BI86: ８月 | BJ86: ９月 | BN86: 太陽光 | BO86: ='[2]第４号(太陽光）'!BG173 -> 31200
N87: 風力 | O87: =IF('[7]共通１－２（風力)'!G81="",0,'[7]共通１－２（風力)'!G81) -> 0 | BN87: 風力 | BO87: ='[2]第４号（風力)'!BG116 -> 0
E88: １０月 | F88: １１月 | G88: １２月 | H88: １月 | I88: ２月 | J88: ３月 | N88: 水力 | O88: =IF('[7]共通１－２（水力)'!G171="",0,'[7]共通１－２（水力)'!G171) -> 0 | BE88: １０月 | BF88: １１月 | BG88: １２月 | BH88: １月 | BI88: ２月 | BJ88: ３月 | BN88: 水力 | BO88: ='[2]第４号（水力)'!BG202 -> 0
N89: 地熱 | O89: =IF('[7]共通１－２（地熱発電)'!G166="",0,'[7]共通１－２（地熱発電)'!G166) -> 0 | BN89: 地熱 | BO89: ='[2]第４号（地熱)'!BG206 -> 0
G90: 年間電力消費量小計(kWh) | J90: =IF(E87="",0,SUM(E87:J87,E89:J89)) -> 0 | N90: バイオマス | O90: =IF('[7]共通１－２（ﾊﾞｲｵﾏｽ発電)'!G325="",0,'[7]共通１－２（ﾊﾞｲｵﾏｽ発電)'!G325) -> 0 | BG90: 年間電力消費量小計(kWh) | BJ90: =IF(BE87="","0",SUM(BE87:BJ87,BE89:BJ89)) -> 0 | BN90: バイオマス | BO90: ='[2]第４号（ﾊﾞｲｵﾏｽ発電)'!BG356 -> 0
N92: 合計 | O92: =SUM(O86:O90) -> 0
B95: （２）再エネ電力証書利用場所の年間電力消費量 | H95: =J9+J18+J27+J36+J45+J54+J63+J72+J81+J90 -> 0 | J95: kWh/年 | BB95: （２）再エネ電力証書利用場所の年間電力消費量 | BH95: =BJ9+BJ18+BJ27+BJ36+BJ45+BJ54+BJ63+BJ72+BJ81+BJ90 -> 420000 | BJ95: kWh/年
B97: （３）東京都助成率 | BB97: （３）東京都助成率 | BH97: 2/3
B99: （４）再エネ電力証書化想定量 | H99: =IF(H95=0,"",ROUNDUP(IF(H97=N85,O85/P85,O84/P84)*O92,0)) | J99: kWh/年 | BB99: （４）再エネ電力証書化想定量 | BH99: =IF(BH95=0,"",ROUNDUP(IF(BH97=#REF!,#REF!/#REF!,BO85/BP85)*IF(BO86<>"",BO86,IF(BO87<>"",BO87,IF(BO88<>"",BO88,IF(BO89<>"",BO89,BO90)))),0)) -> #REF! | BJ99: kWh/年
D100: =IF(H99="","",IF(H95<H99,"申請要件を満たさないため、申請不可","")) | BD100: =IF(BH99="","",IF(BH95<BH99,"申請要件を満たさないため、申請不可","")) -> #REF!
B101: （５）再エネ電力証書種別及びスケジュール | BB101: （５）再エネ電力証書種別及びスケジュール
C102: ①再エネ電力証書種別 | BC102: ①再エネ電力証書種別
C104: ②スケジュール | BC104: ②スケジュール
BD105: 令和〇年□月 設備の審査を審査機関○○○〇へ審査依頼予定 令和◎年△月 設備審査終了予定 令和▲年●月 発電量計測開始 以降令和□年〇月まで継続して発電量を計測予定 令和■年×月 再エネ電力証書発行を行い都内事業所で証書利用開始予定 以降毎年〇月に再エネ電力証書発行を行い、令和□年〇月まで証書を都内事業所で利用予定 ※証書発行事業者を利用して実施する場合は証書発行事業者名も記載してください。申請内容で発行事業者が証書発行が可能であるか確認をした上で発行事業者名を記載してください。

Sheet 共通１－４（費用対効果）
B1: ４．実施手法の検討及び費用対効果の検証資料
B2: 比較項目 | C2: 施設名１：‐kW | D2: 施設名２：‐kW | E2: 備考
B3: 設置場所 イメージ
B4: 年間発電量 （kWh/年）
B5: １kwあたりの効率 （kWh/年・kW）
B6: 予想年間電気料金削減額（円/年）
B7: 国および都の助成金控除後のイニシャルコスト （円）
B8: 投資回収年数 （年）
B9: 評価

Sheet システム系統図（光）最新
B1: システム系統図
B2: 【太陽光発電の場合】
I4: 見積明細番号１ | S4: 見積明細番号２ | AA4: 助成対象設備
AA7: 助成対象外設備
AA10: 共通設備の 利用範囲①
K12: 接続箱 | M12: 見積明細番号５ | U12: 接続箱 | W12: 見積明細番号５
AA13: 共通設備の 利用範囲②
M15: 見積明細番号３ | W15: 見積明細番号４
J16: パワーコンディショナ （5.0kW） | T16: ハイブリッド パワーコンディショナ （5.0kW） | Z16: 見積明細番号10
Z17: 蓄電池 (10kWh)
AB21: 見積明細番号11
X22: データ 計測装置 | AB22: 表示装置
D24: 受変電設備 | X24: 見積明細番号７
L25: 見積明細番号〇 | Q25: 分電盤
J26: 零相電圧検出器(ZPD) | Z26: 負荷
E29: 逆電力継電器(RPR) | J29: 地絡過電圧継電器(OVGR)
F32: 見積明細番号〇 | J32: 見積明細番号〇

Sheet 共通様式１別紙１
B1: 共通様式別紙１
B3: バイオマス依存率計算書（バイオマス発電）
B5: バイオマス燃料 | C5: 種類 | E5: 構成比 | F5: Ａ．バイオマス （燃料）利用量 | G5: Ｂ．バイオマス （燃料）低位発熱量 | H5: バイオマス （燃料）発熱量
E6: ％ | F6: kg/h | G6: =IF(F6="kg/h","MJ/kg","MJ/N㎥") -> MJ/kg | H6: MJ/h | M6: ←利用量の単位は、プルダウンリストから選択してください
C7: 紙くず | D7: 紙類 | E7: =IFERROR(F7/SUM($F$7:$F$19,$F$24:$F$41)*100,"") | H7: =F7*G7 -> 0
D8: 新聞紙 | E8: =IFERROR(F8/SUM($F$7:$F$19,$F$24:$F$41)*100,"") | H8: =F8*G8 -> 0
D9: 紙管 | E9: =IFERROR(F9/SUM($F$7:$F$19,$F$24:$F$41)*100,"") | H9: =F9*G9 -> 0
C10: 木くず | D10: 草・木 | E10: =IFERROR(F10/SUM($F$7:$F$19,$F$24:$F$41)*100,"") | H10: =F10*G10 -> 0
D11: おがくず | E11: =IFERROR(F11/SUM($F$7:$F$19,$F$24:$F$41)*100,"") | H11: =F11*G11 -> 0
D12: 木片 | E12: =IFERROR(F12/SUM($F$7:$F$19,$F$24:$F$41)*100,"") | H12: =F12*G12 -> 0
D13: ベニア・合板・化粧版 | E13: =IFERROR(F13/SUM($F$7:$F$19,$F$24:$F$41)*100,"") | H13: =F13*G13 -> 0
D14: 集成材・ボード | E14: =IFERROR(F14/SUM($F$7:$F$19,$F$24:$F$41)*100,"") | H14: =F14*G14 -> 0
C15: 繊維くず | D15: 木綿 | E15: =IFERROR(F15/SUM($F$7:$F$19,$F$24:$F$41)*100,"") | H15: =F15*G15 -> 0
D16: 羊毛 | E16: =IFERROR(F16/SUM($F$7:$F$19,$F$24:$F$41)*100,"") | H16: =F16*G16 -> 0
C17: その他 | D17: 一般雑芥 | E17: =IFERROR(F17/SUM($F$7:$F$19,$F$24:$F$41)*100,"") | H17: =F17*G17 -> 0
D18: 廃油(動植物系) | E18: =IFERROR(F18/SUM($F$7:$F$19,$F$24:$F$41)*100,"") | H18: =F18*G18 -> 0
D19: その他 | E19: =IFERROR(F19/SUM($F$7:$F$19,$F$24:$F$41)*100,"") | H19: =F19*G19 -> 0
H20: ① | I20: =SUM(H7:J19) -> 0
B22: 非バイオマス燃料 | C22: 種類 | E22: 構成比 | F22: Ｃ．非バイオマス （燃料）利用量 | G22: Ｄ．非バイオマス （燃料）低位発熱量 | H22: 非バイオマス （燃料）発熱量
E23: ％ | F23: =F6 -> kg/h | G23: =G6 -> MJ/kg | H23: MJ/h
C24: 廃プラスチック類 | D24: ポリエチレン（ＰＥ） | E24: =IFERROR(F24/SUM($F$7:$F$19,$F$24:$F$41)*100,"") | H24: =F24*G24 -> 0
D25: ポリプロピレン（ＰＰ） | E25: =IFERROR(F25/SUM($F$7:$F$19,$F$24:$F$41)*100,"") | H25: =F25*G25 -> 0
D26: ポリスチレン（ＰＳ） | E26: =IFERROR(F26/SUM($F$7:$F$19,$F$24:$F$41)*100,"") | H26: =F26*G26 -> 0
D27: 発泡スチロール | E27: =IFERROR(F27/SUM($F$7:$F$19,$F$24:$F$41)*100,"") | H27: =F27*G27 -> 0
D28: ＦＲＰ樹脂 | E28: =IFERROR(F28/SUM($F$7:$F$19,$F$24:$F$41)*100,"") | H28: =F28*G28 -> 0
D29: フェノール樹脂 | E29: =IFERROR(F29/SUM($F$7:$F$19,$F$24:$F$41)*100,"") | H29: =F29*G29 -> 0
D30: 熱可塑性樹脂 | E30: =IFERROR(F30/SUM($F$7:$F$19,$F$24:$F$41)*100,"") | H30: =F30*G30 -> 0
D31: 混合樹脂製品 | E31: =IFERROR(F31/SUM($F$7:$F$19,$F$24:$F$41)*100,"") | H31: =F31*G31 -> 0
D32: ＰＥＴボトル | E32: =IFERROR(F32/SUM($F$7:$F$19,$F$24:$F$41)*100,"") | H32: =F32*G32 -> 0
D33: 皮製品 | E33: =IFERROR(F33/SUM($F$7:$F$19,$F$24:$F$41)*100,"") | H33: =F33*G33 -> 0
C34: ゴムくず | D34: タイヤ | E34: =IFERROR(F34/SUM($F$7:$F$19,$F$24:$F$41)*100,"") | H34: =F34*G34 -> 0
D35: 合成ゴム | E35: =IFERROR(F35/SUM($F$7:$F$19,$F$24:$F$41)*100,"") | H35: =F35*G35 -> 0
C36: 繊維くず | D36: ナイロン布 | E36: =IFERROR(F36/SUM($F$7:$F$19,$F$24:$F$41)*100,"") | H36: =F36*G36 -> 0
D37: アクリル布 | E37: =IFERROR(F37/SUM($F$7:$F$19,$F$24:$F$41)*100,"") | H37: =F37*G37 -> 0
D38: ビニロン布 | E38: =IFERROR(F38/SUM($F$7:$F$19,$F$24:$F$41)*100,"") | H38: =F38*G38 -> 0
D39: ポリエステル布 | E39: =IFERROR(F39/SUM($F$7:$F$19,$F$24:$F$41)*100,"") | H39: =F39*G39 -> 0
C40: その他 | D40: 廃油（石油系） | E40: =IFERROR(F40/SUM($F$7:$F$19,$F$24:$F$41)*100,"") | H40: =F40*G40 -> 0
D41: その他 | E41: =IFERROR(F41/SUM($F$7:$F$19,$F$24:$F$41)*100,"") | H41: =F41*G41 -> 0
H42: ② | I42: =SUM(H24:J41) -> 0
C43: 構成比の合計 | E43: =SUM(E7:E19,E24:E41) -> 0
B46: バイオマス依存率＝ | G46: ×100＝ ①/（①+②）×100
G47: ＝ | H47: =IF(I20=0,0,I20/(I20+I42)*100) -> 0 | J47: ％ | M47: ※バイオマス依存率60％以上
B48: ・バイオマス排水、家畜糞尿、食品残渣等を原料にする場合は、バイオマス依存率を１００％とする。

Sheet 共通様式１別紙１（燃料製造）
B1: 共通様式別紙１
B3: バイオマス依存率計算書（バイオマス燃料製造）
B5: バイオマス燃料 | C5: 種類 | E5: 構成比 | F5: Ａ．バイオマス （原料）利用量 | G5: Ｂ．バイオマス （原料）低位発熱量 | H5: バイオマス （原料）発熱量
E6: ％ | F6: kg/h | G6: =IF(F6="kg/h","MJ/kg","MJ/N㎥") -> MJ/kg | H6: MJ/h | M6: ←利用量の単位は、プルダウンリストから選択してください
C7: 紙くず | D7: 紙類 | E7: =IFERROR(F7/SUM($F$7:$F$19,$F$24:$F$41)*100,"") | H7: =F7*G7 -> 0
D8: 新聞紙 | E8: =IFERROR(F8/SUM($F$7:$F$19,$F$24:$F$41)*100,"") | H8: =F8*G8 -> 0
D9: 紙管 | E9: =IFERROR(F9/SUM($F$7:$F$19,$F$24:$F$41)*100,"") | H9: =F9*G9 -> 0
C10: 木くず | D10: 草・木 | E10: =IFERROR(F10/SUM($F$7:$F$19,$F$24:$F$41)*100,"") | H10: =F10*G10 -> 0
D11: おがくず | E11: =IFERROR(F11/SUM($F$7:$F$19,$F$24:$F$41)*100,"") | H11: =F11*G11 -> 0
D12: 木片 | E12: =IFERROR(F12/SUM($F$7:$F$19,$F$24:$F$41)*100,"") | H12: =F12*G12 -> 0
D13: ベニア・合板・化粧版 | E13: =IFERROR(F13/SUM($F$7:$F$19,$F$24:$F$41)*100,"") | H13: =F13*G13 -> 0
D14: 集成材・ボード | E14: =IFERROR(F14/SUM($F$7:$F$19,$F$24:$F$41)*100,"") | H14: =F14*G14 -> 0
C15: 繊維くず | D15: 木綿 | E15: =IFERROR(F15/SUM($F$7:$F$19,$F$24:$F$41)*100,"") | H15: =F15*G15 -> 0
D16: 羊毛 | E16: =IFERROR(F16/SUM($F$7:$F$19,$F$24:$F$41)*100,"") | H16: =F16*G16 -> 0
C17: その他 | D17: 一般雑芥 | E17: =IFERROR(F17/SUM($F$7:$F$19,$F$24:$F$41)*100,"") | H17: =F17*G17 -> 0
D18: 廃油(動植物系) | E18: =IFERROR(F18/SUM($F$7:$F$19,$F$24:$F$41)*100,"") | H18: =F18*G18 -> 0
D19: その他 | E19: =IFERROR(F19/SUM($F$7:$F$19,$F$24:$F$41)*100,"") | H19: =F19*G19 -> 0
H20: ① | I20: =SUM(H7:J19) -> 0
B22: 非バイオマス燃料 | C22: 種類 | E22: 構成比 | F22: Ｃ．非バイオマス （原料）利用量 | G22: Ｄ．非バイオマス （原料）低位発熱量 | H22: 非バイオマス （原料）発熱量
E23: ％ | F23: =F6 -> kg/h | G23: =G6 -> MJ/kg | H23: MJ/h
C24: 廃プラスチック類 | D24: ポリエチレン（ＰＥ） | E24: =IFERROR(F24/SUM($F$7:$F$19,$F$24:$F$41)*100,"") | H24: =F24*G24 -> 0
D25: ポリプロピレン（ＰＰ） | E25: =IFERROR(F25/SUM($F$7:$F$19,$F$24:$F$41)*100,"") | H25: =F25*G25 -> 0
D26: ポリスチレン（ＰＳ） | E26: =IFERROR(F26/SUM($F$7:$F$19,$F$24:$F$41)*100,"") | H26: =F26*G26 -> 0
D27: 発泡スチロール | E27: =IFERROR(F27/SUM($F$7:$F$19,$F$24:$F$41)*100,"") | H27: =F27*G27 -> 0
D28: ＦＲＰ樹脂 | E28: =IFERROR(F28/SUM($F$7:$F$19,$F$24:$F$41)*100,"") | H28: =F28*G28 -> 0
D29: フェノール樹脂 | E29: =IFERROR(F29/SUM($F$7:$F$19,$F$24:$F$41)*100,"") | H29: =F29*G29 -> 0
D30: 熱可塑性樹脂 | E30: =IFERROR(F30/SUM($F$7:$F$19,$F$24:$F$41)*100,"") | H30: =F30*G30 -> 0
D31: 混合樹脂製品 | E31: =IFERROR(F31/SUM($F$7:$F$19,$F$24:$F$41)*100,"") | H31: =F31*G31 -> 0
D32: ＰＥＴボトル | E32: =IFERROR(F32/SUM($F$7:$F$19,$F$24:$F$41)*100,"") | H32: =F32*G32 -> 0
D33: 皮製品 | E33: =IFERROR(F33/SUM($F$7:$F$19,$F$24:$F$41)*100,"") | H33: =F33*G33 -> 0
C34: ゴムくず | D34: タイヤ | E34: =IFERROR(F34/SUM($F$7:$F$19,$F$24:$F$41)*100,"") | H34: =F34*G34 -> 0
D35: 合成ゴム | E35: =IFERROR(F35/SUM($F$7:$F$19,$F$24:$F$41)*100,"") | H35: =F35*G35 -> 0
C36: 繊維くず | D36: ナイロン布 | E36: =IFERROR(F36/SUM($F$7:$F$19,$F$24:$F$41)*100,"") | H36: =F36*G36 -> 0
D37: アクリル布 | E37: =IFERROR(F37/SUM($F$7:$F$19,$F$24:$F$41)*100,"") | H37: =F37*G37 -> 0
D38: ビニロン布 | E38: =IFERROR(F38/SUM($F$7:$F$19,$F$24:$F$41)*100,"") | H38: =F38*G38 -> 0
D39: ポリエステル布 | E39: =IFERROR(F39/SUM($F$7:$F$19,$F$24:$F$41)*100,"") | H39: =F39*G39 -> 0
C40: その他 | D40: 廃油（石油系） | E40: =IFERROR(F40/SUM($F$7:$F$19,$F$24:$F$41)*100,"") | H40: =F40*G40 -> 0
D41: その他 | E41: =IFERROR(F41/SUM($F$7:$F$19,$F$24:$F$41)*100,"") | H41: =F41*G41 -> 0
H42: ② | I42: =SUM(H24:J41) -> 0
C43: 構成比の合計 | E43: =SUM(E7:E19,E24:E41) -> 0
B46: バイオマス依存率＝ | G46: ×100＝ ①/（①+②）×100
G47: ＝ | H47: =IF(I20=0,0,I20/(I20+I42)*100) -> 0 | J47: ％ | M47: ※バイオマス依存率60％以上
B48: ・バイオマス排水、家畜糞尿、食品残渣等を原料にする場合は、バイオマス依存率を１００％とする。
B49: ・メタン発酵方式の場合は、発酵槽へ投じられるものをバイオマス原料とする。

Sheet 共通２_発電設備
C1: 共通様式２ 助成対象事業経費算出書 | BG1: 共通様式 助成対象事業経費内訳
BV2: ※使用しない
C3: １.再生可能エネルギー発電に関する事業（※蓄電池を含む） | G3: 申請区分を選択してください | AG3: 今回の発電設備助成条件 | AL3: 今回の蓄電池助成条件 | AN3: 助成対象容量 | AO3: =H7 -> 0 | BG3: １.太陽光発電に関する事業（※蓄電池を含む） | BK3: 交付申請（実施要綱第５条一項ア～コ） | CG3: 今回の発電設備助成条件 | CL3: 今回の蓄電池助成条件 | CN3: 助成対象容量 | CO3: ='[8]共通１－２(太陽光）'!#REF! -> #REF!
C5: 国等補助金 の併用 | D5: 発電設備 | G5: 蓄電池 | K5: 発電設備＋蓄電池 | AG5: 助成率 | AH5: =F7 -> 1/2 | AI5: 1 | AJ5: 2 | AL5: 助成率 | AM5: =J7 -> 1/2 | AN5: 1 | AO5: 2 | BG5: 国等補助金 の併用 | BH5: 発電設備 | BL5: 蓄電池 | BO5: 発電設備＋蓄電池 | CG5: kw上限 | CH5: =VLOOKUP(BJ7,CJ12:CP13,5,FALSE) -> #N/A | CL5: kwh上限 | CM5: =VLOOKUP(BN7,CT12:CW14,2,FALSE) -> #N/A
D6: 設備の種類 | E6: 発電容量（kW） | F6: 都助成率 | G6: 総容量(kWh) | H6: 助成容量(kWh) | I6: 蓄電池助成率 | J6: 都助成率 | K6: 事業費上限 | S6: 公社利用欄 | AG6: 事業上限 | AH6: 100000000 | AL6: 事業上限 | AM6: 100000000 | BH6: 設備の種類 | BI6: 発電容量（kW） | BJ6: 都助成率 | BK6: 単位上限 | BL6: 蓄電池助成率 | BM6: 都助成率 | BN6: 単位上限 | BO6: 事業費上限 | BW6: 公社利用欄 | CG6: 助成率 | CH6: =BJ7 -> 2/3 | CI6: =IF(CH6="1/2",1,2) -> 2 | CJ6: =IF(CH6="1/2",2,3) -> 3 | CL6: 助成率 | CM6: =BM7 -> 3/4 | CN6: =VLOOKUP(CM6,CQ12:CW14,2) -> #N/A | CO6: =VLOOKUP(CM6,CQ12:CW14,3) -> #N/A
F7: 1/2 | I7: =IF(G7="","",H7/G7) | J7: 1/2 | K7: １億円 | BH7: 太陽光発電 | BI7: 9 | BJ7: 2/3 | BK7: 200,000円/kW | BL7: 0.9 | BM7: 3/4 | BN7: 220,000円/kWh | BO7: 1億円 | CG7: 事業上限 | CH7: =IF(BJ7="",100000000,VLOOKUP(BJ7,CJ12:CP13,7,FALSE)) -> #N/A | CL7: 事業上限 | CM7: =VLOOKUP(BN7,CT12:CW14,4,FALSE) -> #N/A
B9: 費用区分 | C9: 経費の内訳 | D9: 助成事業に要する経費 | G9: 国等補助 | H9: 都助成 | N9: 備考 | AA9: 共通利用時 | AC9: 按分時 | BF9: 費用区分 | BG9: 経費の内訳 | BH9: 助成事業に要する経費 | BK9: 国等補助 | BL9: 都助成 | BR9: 備考 | CA9: 共通利用時 | CC9: 按分時
H10: 国等補助控除無し都助成対象経費 | I10: 国等補助控除後の都助成対象 | J10: 按分計算 | L10: 発電設備 | M10: 蓄電池 | T10: 按分率 | V10: 国等補助控除無し都助成対象経費 | Z10: 国等補助控除後の都助成対象 (H列-G列) | AA10: 発電設備 | AB10: 蓄電池 | AC10: 共通 | AD10: 発電設備 | AE10: 蓄電池 | AJ10: 太陽光発電 | AQ10: 蓄電池 | BL10: 国等補助控除無し都助成対象経費 | BM10: 国等補助控除後の都助成対象 | BN10: 按分計算 | BP10: 発電設備 | BQ10: 蓄電池 | BX10: 按分率 | BZ10: 国等補助控除後の都助成対象 (H列-G列) | CA10: 発電設備 | CB10: 蓄電池 | CC10: 共通 | CD10: 発電設備 | CE10: 蓄電池 | CJ10: 太陽光発電 | CQ10: 蓄電池
G11: 都の助成対象となる国等補助 | J11: 発電容量 | K11: 蓄電池 容量 | L11: 助成金額 | M11: 助成金額 | S11: 発電容量+蓄電容量 | T11: 発電容量 | U11: 蓄電池 容量 | V11: 発電設備 | W11: 発電設備中 共通利用設備 | X11: 蓄電池 | Y11: 蓄電池中 共通利用設備 | AA11: 国等補助控除後の都助成対象 | AB11: 国等補助控除後の都助成対象 | AC11: 国等補助控除後の都助成対象 | AD11: 国等補助控除後の都助成対象 | AE11: 国等補助控除後の都助成対象 | AG11: 費用区分 | AH11: 助成区分 | AI11: 国等補助金の併用 | AJ11: 都助成率 | AM11: 限度額① | AO11: 限度額② | AQ11: 都助成率 | AT11: 限度額① | AV11: 限度額② | BK11: 都の助成対象となる国等補助 | BN11: 発電容量 | BO11: 蓄電池 容量 | BP11: 助成金額 | BQ11: 助成金額 | BW11: 発電容量+蓄電容量 | BX11: 発電容量 | BY11: 蓄電池 容量 | CA11: 国等補助控除後の都助成対象 | CB11: 国等補助控除後の都助成対象 | CC11: 国等補助控除後の都助成対象 | CD11: 国等補助控除後の都助成対象 | CE11: 国等補助控除後の都助成対象 | CG11: 費用区分 | CH11: 助成区分 | CI11: 国等補助金の併用 | CJ11: 都助成率 | CM11: 限度額① | CO11: 限度額② | CQ11: 都助成率 | CT11: 限度額① | CV11: 限度額②
D12: 明細番号 | E12: 助成区分 | F12: 金額 | G12: 金額 | H12: 金額 | I12: 金額 | J12: ｋW | K12: ｋWh | L12: 金額 | M12: 金額 | S12: kW+kWh | T12: ％ | U12: ％ | V12: 金額 | W12: 金額 | X12: 金額 | Y12: 金額 | Z12: 金額 | AA12: 金額 | AB12: 金額 | AC12: 金額 | AD12: 金額 | AE12: 金額 | AG12: 設計費 | AH12: 発電設備 | AI12: あり | AJ12: 1/2 | AK12: 1 | AL12: 2 | AO12: １億円 | AP12: 100000000 | AQ12: 1/2 | AR12: 1 | AS12: 2 | AV12: １億円 | AW12: 100000000 | BH12: 明細番号 | BI12: 助成区分 | BJ12: 金額 | BK12: 金額 | BL12: 金額 | BM12: 金額 | BN12: ｋW | BO12: ｋWh | BP12: 金額 | BQ12: 金額 | BU12: #VALUE!
I13: =IF(E$7="","",SUM(AA13:AB13,AD13:AE13)) | L13: =IF(E$7="","",(AA13+AD13)*$AI$5/$AJ$5) | M13: =IFERROR((AB13+AE13)*$AN$5/$AO$5,"") -> 0 | S13: =SUM(J13:K13) -> 0 | T13: =IFERROR((J13/S13),"") | U13: =IFERROR((1-T13),"") | V13: =IF(E13="発電設備",H13,0) -> 0 | W13: =IF(E13="共通設備",ROUNDDOWN(H13*T13,0),0) -> 0 | X13: =IF(E13="蓄電池",H13*$I$7,0) -> 0 | Y13: =IF(E13="共通設備",(H13-ROUNDDOWN(H13*T13,0))*$I$7,0) -> 0 | Z13: =H13-G13 -> 0 | AA13: =IF(E13="発電設備",Z13,0) -> 0 | AB13: =IF(E13="蓄電池",Z13*$I$7,0) -> 0 | AC13: =IF(E13="共通設備",Z13,"") | AD13: =IF(AC13="",0,ROUNDDOWN(AC13*T13,0)) -> 0 | AE13: =IF(AC13="",0,(AC13-AD13)*$I$7) -> 0 | AG13: 設備費 | AH13: 蓄電池 | AI13: なし | AJ13: 1/2 | AK13: 1 | AL13: 2 | AO13: １億円 | AP13: 100000000 | AQ13: 1/2 | AR13: 1 | AS13: 2 | AV13: １億円 | AW13: 100000000 | BF13: 設備費 | BG13: 太陽電池モジュール | BH13: 見積明細番号１、２ | BI13: 発電設備 | BJ13: 1000000 | BL13: 1000000 | BM13: =SUM(CA13:CB13,CD13:CE13) -> 0 | BP13: =IFERROR((CA13+CD13)*$AI$5/$AJ$5,"") -> 0 | BQ13: =IFERROR((CB13+CE13)*$AN$5/$AO$5,"") -> 0
I14: =IF(E$7="","",SUM(AA14:AB14,AD14:AE14)) | L14: =IF(E$7="","",(AA14+AD14)*$AI$5/$AJ$5) | M14: =IFERROR((AB14+AE14)*$AN$5/$AO$5,"") -> 0 | S14: =SUM(J14:K14) -> 0 | T14: =IFERROR((J14/S14),"") | U14: =IFERROR((1-T14),"") | V14: =IF(E14="発電設備",H14,0) -> 0 | W14: =IF(E14="共通設備",ROUNDDOWN(H14*T14,0),0) -> 0 | X14: =IF(E14="蓄電池",H14*$I$7,0) -> 0 | Y14: =IF(E14="共通設備",(H14-ROUNDDOWN(H14*T14,0))*$I$7,0) -> 0 | Z14: =H14-G14 -> 0 | AA14: =IF(E14="発電設備",Z14,0) -> 0 | AB14: =IF(E14="蓄電池",Z14*$I$7,0) -> 0 | AC14: =IF(E14="共通設備",Z14,"") | AD14: =IF(AC14="",0,ROUNDDOWN(AC14*T14,0)) -> 0 | AE14: =IF(AC14="",0,(AC14-AD14)*$I$7) -> 0 | AG14: 工事費 | AH14: 共通設備 | AI14: あり | AJ14: =AA38/SUM(V38:W38) -> #DIV/0! | AQ14: =AB38/(X38+Y38) -> #DIV/0! | BF14: 設備費 | BG14: パワーコンディショナー | BH14: 見積明細番号３ | BI14: 発電設備 | BJ14: 260000 | BL14: 260000 | BM14: =SUM(CA14:CB14,CD14:CE14) -> 0 | BP14: =IFERROR((CA14+CD14)*$AI$5/$AJ$5,"") -> 0 | BQ14: =IFERROR((CB14+CE14)*$AN$5/$AO$5,"") -> 0
I15: =IF(E$7="","",SUM(AA15:AB15,AD15:AE15)) | L15: =IF(E$7="","",(AA15+AD15)*$AI$5/$AJ$5) | M15: =IFERROR((AB15+AE15)*$AN$5/$AO$5,"") -> 0 | S15: =SUM(J15:K15) -> 0 | T15: =IFERROR((J15/S15),"") | U15: =IFERROR((1-T15),"") | V15: =IF(E15="発電設備",H15,0) -> 0 | W15: =IF(E15="共通設備",ROUNDDOWN(H15*T15,0),0) -> 0 | X15: =IF(E15="蓄電池",H15*$I$7,0) -> 0 | Y15: =IF(E15="共通設備",(H15-ROUNDDOWN(H15*T15,0))*$I$7,0) -> 0 | Z15: =H15-G15 -> 0 | AA15: =IF(E15="発電設備",Z15,0) -> 0 | AB15: =IF(E15="蓄電池",Z15*$I$7,0) -> 0 | AC15: =IF(E15="共通設備",Z15,"") | AD15: =IF(AC15="",0,ROUNDDOWN(AC15*T15,0)) -> 0 | AE15: =IF(AC15="",0,(AC15-AD15)*$I$7) -> 0 | AG15: 収益 | AI15: なし | AJ15: 1 | AQ15: 1 | BF15: 設備費 | BG15: 接続箱・ハイブリッドPCS | BH15: 見積明細番号４ | BI15: 共通設備 | BJ15: 320000 | BL15: 320000 | BM15: =SUM(CA15:CB15,CD15:CE15) -> 0 | BN15: 4.5 | BO15: 10 | BP15: =IFERROR((CA15+CD15)*$AI$5/$AJ$5,"") -> 0 | BQ15: =IFERROR((CB15+CE15)*$CN$6/$CO$6,"") | BR15: 共通設備の利用範囲①
I16: =IF(E$7="","",SUM(AA16:AB16,AD16:AE16)) | L16: =IF(E$7="","",(AA16+AD16)*$AI$5/$AJ$5) | M16: =IFERROR((AB16+AE16)*$AN$5/$AO$5,"") -> 0 | S16: =SUM(J16:K16) -> 0 | T16: =IFERROR((J16/S16),"") | U16: =IFERROR((1-T16),"") | V16: =IF(E16="発電設備",H16,0) -> 0 | W16: =IF(E16="共通設備",ROUNDDOWN(H16*T16,0),0) -> 0 | X16: =IF(E16="蓄電池",H16*$I$7,0) -> 0 | Y16: =IF(E16="共通設備",(H16-ROUNDDOWN(H16*T16,0))*$I$7,0) -> 0 | Z16: =H16-G16 -> 0 | AA16: =IF(E16="発電設備",Z16,0) -> 0 | AB16: =IF(E16="蓄電池",Z16*$I$7,0) -> 0 | AC16: =IF(E16="共通設備",Z16,"") | AD16: =IF(AC16="",0,ROUNDDOWN(AC16*T16,0)) -> 0 | AE16: =IF(AC16="",0,(AC16-AD16)*$I$7) -> 0 | BF16: 設備費 | BG16: データ計測装置・表示装置 | BH16: 見積明細番号７ | BI16: 共通設備 | BJ16: 220000 | BL16: 220000 | BM16: =SUM(CA16:CB16,CD16:CE16) -> 0 | BN16: 7.5 | BO16: 10 | BP16: =IFERROR((CA16+CD16)*$AI$5/$AJ$5,"") -> 0 | BQ16: =IFERROR((CB16+CE16)*$CN$6/$CO$6,"") | BR16: 共通設備の利用範囲②
I17: =IF(E$7="","",SUM(AA17:AB17,AD17:AE17)) | L17: =IF(E$7="","",(AA17+AD17)*$AI$5/$AJ$5) | M17: =IFERROR((AB17+AE17)*$AN$5/$AO$5,"") -> 0 | S17: =SUM(J17:K17) -> 0 | T17: =IFERROR((J17/S17),"") | U17: =IFERROR((1-T17),"") | V17: =IF(E17="発電設備",H17,0) -> 0 | W17: =IF(E17="共通設備",ROUNDDOWN(H17*T17,0),0) -> 0 | X17: =IF(E17="蓄電池",H17*$I$7,0) -> 0 | Y17: =IF(E17="共通設備",(H17-ROUNDDOWN(H17*T17,0))*$I$7,0) -> 0 | Z17: =H17-G17 -> 0 | AA17: =IF(E17="発電設備",Z17,0) -> 0 | AB17: =IF(E17="蓄電池",Z17*$I$7,0) -> 0 | AC17: =IF(E17="共通設備",Z17,"") | AD17: =IF(AC17="",0,ROUNDDOWN(AC17*T17,0)) -> 0 | AE17: =IF(AC17="",0,(AC17-AD17)*$I$7) -> 0 | BF17: 設備費 | BG17: 蓄電池 | BH17: 見積明細番号10 | BI17: 蓄電池 | BJ17: 380000 | BL17: 380000 | BM17: =SUM(CA17:CB17,CD17:CE17) -> 0 | BP17: =IFERROR((CA17+CD17)*$AI$5/$AJ$5,"") -> 0 | BQ17: =IFERROR((CB17+CE17)*$CN$6/$CO$6,"")
I18: =IF(E$7="","",SUM(AA18:AB18,AD18:AE18)) | L18: =IF(E$7="","",(AA18+AD18)*$AI$5/$AJ$5) | M18: =IFERROR((AB18+AE18)*$AN$5/$AO$5,"") -> 0 | S18: =SUM(J18:K18) -> 0 | T18: =IFERROR((J18/S18),"") | U18: =IFERROR((1-T18),"") | V18: =IF(E18="発電設備",H18,0) -> 0 | W18: =IF(E18="共通設備",ROUNDDOWN(H18*T18,0),0) -> 0 | X18: =IF(E18="蓄電池",H18*$I$7,0) -> 0 | Y18: =IF(E18="共通設備",(H18-ROUNDDOWN(H18*T18,0))*$I$7,0) -> 0 | Z18: =H18-G18 -> 0 | AA18: =IF(E18="発電設備",Z18,0) -> 0 | AB18: =IF(E18="蓄電池",Z18*$I$7,0) -> 0 | AC18: =IF(E18="共通設備",Z18,"") | AD18: =IF(AC18="",0,ROUNDDOWN(AC18*T18,0)) -> 0 | AE18: =IF(AC18="",0,(AC18-AD18)*$I$7) -> 0 | AG18: 申請区分を選択してください | AH18: 都の助成対象となる国等補助交付額 | AI18: 国等補助控除無し都助成対象経費 | AJ18: 国等補助控除後の都助成対象 | AK18: 都仮算定 助成金額 | AL18: 申請区分を選択してください | AN18: 区市町村 or 民間判断 | BF18: 工事費 | BG18: モジュール設置工事 | BH18: 見積明細番号11 | BI18: 発電設備 | BJ18: 300000 | BL18: 300000 | BM18: =SUM(CA18:CB18,CD18:CE18) -> 0 | BP18: =IFERROR((CA18+CD18)*$AI$5/$AJ$5,"") -> 0 | BQ18: =IFERROR((CB18+CE18)*$CN$6/$CO$6,"")
I19: =IF(E$7="","",SUM(AA19:AB19,AD19:AE19)) | L19: =IF(E$7="","",(AA19+AD19)*$AI$5/$AJ$5) | M19: =IFERROR((AB19+AE19)*$AN$5/$AO$5,"") -> 0 | S19: =SUM(J19:K19) -> 0 | T19: =IFERROR((J19/S19),"") | U19: =IFERROR((1-T19),"") | V19: =IF(E19="発電設備",H19,0) -> 0 | W19: =IF(E19="共通設備",ROUNDDOWN(H19*T19,0),0) -> 0 | X19: =IF(E19="蓄電池",H19*$I$7,0) -> 0 | Y19: =IF(E19="共通設備",(H19-ROUNDDOWN(H19*T19,0))*$I$7,0) -> 0 | Z19: =H19-G19 -> 0 | AA19: =IF(E19="発電設備",Z19,0) -> 0 | AB19: =IF(E19="蓄電池",Z19*$I$7,0) -> 0 | AC19: =IF(E19="共通設備",Z19,"") | AD19: =IF(AC19="",0,ROUNDDOWN(AC19*T19,0)) -> 0 | AE19: =IF(AC19="",0,(AC19-AD19)*$I$7) -> 0 | AG19: 交付申請（助成対象事業者”区市町村等”） | AH19: 都の助成対象となる国等補助交付額 | AI19: 国等補助控除無し都助成対象経費 | AJ19: 国等補助控除後の都助成対象 | AK19: 都助成交付申請額（合計） | AL19: 交付申請額 | AM19: 5 | AN19: =VLOOKUP(G3,AG19:AM26,7,FALSE) -> #N/A | BF19: 工事費 | BG19: 蓄電池設置工事費 | BH19: 見積明細番号12 | BI19: 蓄電池 | BJ19: 100000 | BL19: 100000 | BM19: =SUM(CA19:CB19,CD19:CE19) -> 0 | BP19: =IFERROR((CA19+CD19)*$AI$5/$AJ$5,"") -> 0 | BQ19: =IFERROR((CB19+CE19)*$CN$6/$CO$6,"")
I20: =IF(E$7="","",SUM(AA20:AB20,AD20:AE20)) | L20: =IF(E$7="","",(AA20+AD20)*$AI$5/$AJ$5) | M20: =IFERROR((AB20+AE20)*$AN$5/$AO$5,"") -> 0 | S20: =SUM(J20:K20) -> 0 | T20: =IFERROR((J20/S20),"") | U20: =IFERROR((1-T20),"") | V20: =IF(E20="発電設備",H20,0) -> 0 | W20: =IF(E20="共通設備",ROUNDDOWN(H20*T20,0),0) -> 0 | X20: =IF(E20="蓄電池",H20*$I$7,0) -> 0 | Y20: =IF(E20="共通設備",(H20-ROUNDDOWN(H20*T20,0))*$I$7,0) -> 0 | Z20: =H20-G20 -> 0 | AA20: =IF(E20="発電設備",Z20,0) -> 0 | AB20: =IF(E20="蓄電池",Z20*$I$7,0) -> 0 | AC20: =IF(E20="共通設備",Z20,"") | AD20: =IF(AC20="",0,ROUNDDOWN(AC20*T20,0)) -> 0 | AE20: =IF(AC20="",0,(AC20-AD20)*$I$7) -> 0 | AG20: 計画変更（助成対象事業者”区市町村等”） | AH20: 都の助成対象となる国等補助交付額 | AI20: 国等補助控除無し都助成対象経費 | AJ20: 国等補助控除後の都助成対象 | AK20: 都助成交付申請額（合計） | AL20: 交付申請額 | AM20: 5 | BF20: 設計費 | BG20: 太陽光設計費 | BH20: 見積明細番号13 | BI20: 発電設備 | BJ20: 50000 | BL20: 50000 | BM20: =SUM(CA20:CB20,CD20:CE20) -> 0 | BP20: =IFERROR((CA20+CD20)*$AI$5/$AJ$5,"") -> 0 | BQ20: =IFERROR((CB20+CE20)*$CN$6/$CO$6,"")
I21: =IF(E$7="","",SUM(AA21:AB21,AD21:AE21)) | L21: =IF(E$7="","",(AA21+AD21)*$AI$5/$AJ$5) | M21: =IFERROR((AB21+AE21)*$AN$5/$AO$5,"") -> 0 | S21: =SUM(J21:K21) -> 0 | T21: =IFERROR((J21/S21),"") | U21: =IFERROR((1-T21),"") | V21: =IF(E21="発電設備",H21,0) -> 0 | W21: =IF(E21="共通設備",ROUNDDOWN(H21*T21,0),0) -> 0 | X21: =IF(E21="蓄電池",H21*$I$7,0) -> 0 | Y21: =IF(E21="共通設備",(H21-ROUNDDOWN(H21*T21,0))*$I$7,0) -> 0 | Z21: =H21-G21 -> 0 | AA21: =IF(E21="発電設備",Z21,0) -> 0 | AB21: =IF(E21="蓄電池",Z21*$I$7,0) -> 0 | AC21: =IF(E21="共通設備",Z21,"") | AD21: =IF(AC21="",0,ROUNDDOWN(AC21*T21,0)) -> 0 | AE21: =IF(AC21="",0,(AC21-AD21)*$I$7) -> 0 | AG21: 実績報告（助成対象事業者”区市町村等”） | AH21: 都の助成対象となる国等補助交付額 | AI21: 国等補助控除無し都助成対象経費 | AJ21: 国等補助控除後の都助成対象 | AK21: 都助成実績報告額（合計） | AL21: 実績報告額 | AM21: 5 | BF21: 設計費 | BG21: 蓄電池設計費 | BH21: 見積明細番号14 | BI21: 蓄電池 | BJ21: 30000 | BL21: 30000 | BM21: =SUM(CA21:CB21,CD21:CE21) -> 0 | BP21: =IFERROR((CA21+CD21)*$AI$5/$AJ$5,"") -> 0 | BQ21: =IFERROR((CB21+CE21)*$CN$6/$CO$6,"")
I22: =IF(E$7="","",SUM(AA22:AB22,AD22:AE22)) | L22: =IF(E$7="","",(AA22+AD22)*$AI$5/$AJ$5) | M22: =IFERROR((AB22+AE22)*$AN$5/$AO$5,"") -> 0 | S22: =SUM(J22:K22) -> 0 | T22: =IFERROR((J22/S22),"") | U22: =IFERROR((1-T22),"") | V22: =IF(E22="発電設備",H22,0) -> 0 | W22: =IF(E22="共通設備",ROUNDDOWN(H22*T22,0),0) -> 0 | X22: =IF(E22="蓄電池",H22*$I$7,0) -> 0 | Y22: =IF(E22="共通設備",(H22-ROUNDDOWN(H22*T22,0))*$I$7,0) -> 0 | Z22: =H22-G22 -> 0 | AA22: =IF(E22="発電設備",Z22,0) -> 0 | AB22: =IF(E22="蓄電池",Z22*$I$7,0) -> 0 | AC22: =IF(E22="共通設備",Z22,"") | AD22: =IF(AC22="",0,ROUNDDOWN(AC22*T22,0)) -> 0 | AE22: =IF(AC22="",0,(AC22-AD22)*$I$7) -> 0 | AG22: 交付申請（助成対象事業者”その他”） | AH22: 都の助成対象となる国等補助交付額 | AI22: 国等補助控除無し都助成対象経費 | AJ22: 国等補助控除後の都助成対象 | AK22: 都助成交付申請額（合計） | AL22: 交付申請額 | AM22: 6 | BM22: =SUM(CA22:CB22,CD22:CE22) -> 0 | BP22: =IFERROR((CA22+CD22)*$AI$5/$AJ$5,"") -> 0 | BQ22: =IFERROR((CB22+CE22)*$CN$6/$CO$6,"")
I23: =IF(E$7="","",SUM(AA23:AB23,AD23:AE23)) | L23: =IF(E$7="","",(AA23+AD23)*$AI$5/$AJ$5) | M23: =IFERROR((AB23+AE23)*$AN$5/$AO$5,"") -> 0 | S23: =SUM(J23:K23) -> 0 | T23: =IFERROR((J23/S23),"") | U23: =IFERROR((1-T23),"") | V23: =IF(E23="発電設備",H23,0) -> 0 | W23: =IF(E23="共通設備",ROUNDDOWN(H23*T23,0),0) -> 0 | X23: =IF(E23="蓄電池",H23*$I$7,0) -> 0 | Y23: =IF(E23="共通設備",(H23-ROUNDDOWN(H23*T23,0))*$I$7,0) -> 0 | Z23: =H23-G23 -> 0 | AA23: =IF(E23="発電設備",Z23,0) -> 0 | AB23: =IF(E23="蓄電池",Z23*$I$7,0) -> 0 | AC23: =IF(E23="共通設備",Z23,"") | AD23: =IF(AC23="",0,ROUNDDOWN(AC23*T23,0)) -> 0 | AE23: =IF(AC23="",0,(AC23-AD23)*$I$7) -> 0 | AG23: 変更申請（助成対象事業者”その他”） | AH23: 都の助成対象となる国等補助交付額 | AI23: 国等補助控除無し都助成対象経費 | AJ23: 国等補助控除後の都助成対象 | AK23: 都助成交付申請額（合計） | AL23: 交付申請額 | AM23: 6 | BM23: =SUM(CA23:CB23,CD23:CE23) -> 0 | BP23: =IFERROR((CA23+CD23)*$AI$5/$AJ$5,"") -> 0 | BQ23: =IFERROR((CB23+CE23)*$CN$6/$CO$6,"")
I24: =IF(E$7="","",SUM(AA24:AB24,AD24:AE24)) | L24: =IF(E$7="","",(AA24+AD24)*$AI$5/$AJ$5) | M24: =IFERROR((AB24+AE24)*$AN$5/$AO$5,"") -> 0 | S24: =SUM(J24:K24) -> 0 | T24: =IFERROR((J24/S24),"") | U24: =IFERROR((1-T24),"") | V24: =IF(E24="発電設備",H24,0) -> 0 | W24: =IF(E24="共通設備",ROUNDDOWN(H24*T24,0),0) -> 0 | X24: =IF(E24="蓄電池",H24*$I$7,0) -> 0 | Y24: =IF(E24="共通設備",(H24-ROUNDDOWN(H24*T24,0))*$I$7,0) -> 0 | Z24: =H24-G24 -> 0 | AA24: =IF(E24="発電設備",Z24,0) -> 0 | AB24: =IF(E24="蓄電池",Z24*$I$7,0) -> 0 | AC24: =IF(E24="共通設備",Z24,"") | AD24: =IF(AC24="",0,ROUNDDOWN(AC24*T24,0)) -> 0 | AE24: =IF(AC24="",0,(AC24-AD24)*$I$7) -> 0 | AG24: 実績報告（助成対象事業者”その他”） | AH24: 都の助成対象となる国等補助交付額 | AI24: 国等補助控除無し都助成対象経費 | AJ24: 国等補助控除後の都助成対象 | AK24: 都助成実績報告額（合計） | AL24: 実績報告額 | AM24: 6 | BM24: =SUM(CA24:CB24,CD24:CE24) -> 0 | BP24: =IFERROR((CA24+CD24)*$AI$5/$AJ$5,"") -> 0 | BQ24: =IFERROR((CB24+CE24)*$AN$5/$AO$5,"") -> 0
I25: =IF(E$7="","",SUM(AA25:AB25,AD25:AE25)) | L25: =IF(E$7="","",(AA25+AD25)*$AI$5/$AJ$5) | M25: =IFERROR((AB25+AE25)*$AN$5/$AO$5,"") -> 0 | S25: =SUM(J25:K25) -> 0 | T25: =IFERROR((J25/S25),"") | U25: =IFERROR((1-T25),"") | V25: =IF(E25="発電設備",H25,0) -> 0 | W25: =IF(E25="共通設備",ROUNDDOWN(H25*T25,0),0) -> 0 | X25: =IF(E25="蓄電池",H25*$I$7,0) -> 0 | Y25: =IF(E25="共通設備",(H25-ROUNDDOWN(H25*T25,0))*$I$7,0) -> 0 | Z25: =H25-G25 -> 0 | AA25: =IF(E25="発電設備",Z25,0) -> 0 | AB25: =IF(E25="蓄電池",Z25*$I$7,0) -> 0 | AC25: =IF(E25="共通設備",Z25,"") | AD25: =IF(AC25="",0,ROUNDDOWN(AC25*T25,0)) -> 0 | AE25: =IF(AC25="",0,(AC25-AD25)*$I$7) -> 0 | AH25: 都の助成対象となる国等補助交付額 | AI25: 国等補助控除無し都助成対象経費 | AJ25: 国等補助控除後の都助成対象 | AK25: 都助成実績報告額（合計） | AL25: 実績報告額 | AM25: 6 | BM25: =SUM(CA25:CB25,CD25:CE25) -> 0 | BP25: =IFERROR((CA25+CD25)*$AI$5/$AJ$5,"") -> 0 | BQ25: =IFERROR((CB25+CE25)*$AN$5/$AO$5,"") -> 0
I26: =IF(E$7="","",SUM(AA26:AB26,AD26:AE26)) | L26: =IF(E$7="","",(AA26+AD26)*$AI$5/$AJ$5) | M26: =IFERROR((AB26+AE26)*$AN$5/$AO$5,"") -> 0 | S26: =SUM(J26:K26) -> 0 | T26: =IFERROR((J26/S26),"") | U26: =IFERROR((1-T26),"") | V26: =IF(E26="発電設備",H26,0) -> 0 | W26: =IF(E26="共通設備",ROUNDDOWN(H26*T26,0),0) -> 0 | X26: =IF(E26="蓄電池",H26*$I$7,0) -> 0 | Y26: =IF(E26="共通設備",(H26-ROUNDDOWN(H26*T26,0))*$I$7,0) -> 0 | Z26: =H26-G26 -> 0 | AA26: =IF(E26="発電設備",Z26,0) -> 0 | AB26: =IF(E26="蓄電池",Z26*$I$7,0) -> 0 | AC26: =IF(E26="共通設備",Z26,"") | AD26: =IF(AC26="",0,ROUNDDOWN(AC26*T26,0)) -> 0 | AE26: =IF(AC26="",0,(AC26-AD26)*$I$7) -> 0 | AH26: 都の助成対象となる国等補助交付額 | AI26: 国等補助控除無し都助成対象経費 | AJ26: 国等補助控除後の都助成対象 | AK26: 都助成実績報告額（合計） | AL26: 実績報告額 | AM26: 6 | BM26: =SUM(CA26:CB26,CD26:CE26) -> 0 | BP26: =IFERROR((CA26+CD26)*$AI$5/$AJ$5,"") -> 0 | BQ26: =IFERROR((CB26+CE26)*$AN$5/$AO$5,"") -> 0
I27: =IF(E$7="","",SUM(AA27:AB27,AD27:AE27)) | L27: =IF(E$7="","",(AA27+AD27)*$AI$5/$AJ$5) | M27: =IFERROR((AB27+AE27)*$AN$5/$AO$5,"") -> 0 | S27: =SUM(J27:K27) -> 0 | T27: =IFERROR((J27/S27),"") | U27: =IFERROR((1-T27),"") | V27: =IF(E27="発電設備",H27,0) -> 0 | W27: =IF(E27="共通設備",ROUNDDOWN(H27*T27,0),0) -> 0 | X27: =IF(E27="蓄電池",H27*$I$7,0) -> 0 | Y27: =IF(E27="共通設備",(H27-ROUNDDOWN(H27*T27,0))*$I$7,0) -> 0 | Z27: =H27-G27 -> 0 | AA27: =IF(E27="発電設備",Z27,0) -> 0 | AB27: =IF(E27="蓄電池",Z27*$I$7,0) -> 0 | AC27: =IF(E27="共通設備",Z27,"") | AD27: =IF(AC27="",0,ROUNDDOWN(AC27*T27,0)) -> 0 | AE27: =IF(AC27="",0,(AC27-AD27)*$I$7) -> 0 | BM27: =SUM(CA27:CB27,CD27:CE27) -> 0 | BP27: =IFERROR((CA27+CD27)*$AI$5/$AJ$5,"") -> 0 | BQ27: =IFERROR((CB27+CE27)*$AN$5/$AO$5,"") -> 0
I28: =IF(E$7="","",SUM(AA28:AB28,AD28:AE28)) | L28: =IF(E$7="","",(AA28+AD28)*$AI$5/$AJ$5) | M28: =IFERROR((AB28+AE28)*$AN$5/$AO$5,"") -> 0 | S28: =SUM(J28:K28) -> 0 | T28: =IFERROR((J28/S28),"") | U28: =IFERROR((1-T28),"") | V28: =IF(E28="発電設備",H28,0) -> 0 | W28: =IF(E28="共通設備",ROUNDDOWN(H28*T28,0),0) -> 0 | X28: =IF(E28="蓄電池",H28*$I$7,0) -> 0 | Y28: =IF(E28="共通設備",(H28-ROUNDDOWN(H28*T28,0))*$I$7,0) -> 0 | Z28: =H28-G28 -> 0 | AA28: =IF(E28="発電設備",Z28,0) -> 0 | AB28: =IF(E28="蓄電池",Z28*$I$7,0) -> 0 | AC28: =IF(E28="共通設備",Z28,"") | AD28: =IF(AC28="",0,ROUNDDOWN(AC28*T28,0)) -> 0 | AE28: =IF(AC28="",0,(AC28-AD28)*$I$7) -> 0 | AG28: 設備の種類 | AH28: 発電容量 | AI28: 総容量(kWh) | AJ28: 助成容量（kWh） | BM28: =SUM(CA28:CB28,CD28:CE28) -> 0 | BP28: =IFERROR((CA28+CD28)*$AI$5/$AJ$5,"") -> 0 | BQ28: =IFERROR((CB28+CE28)*$AN$5/$AO$5,"") -> 0
I29: =IF(E$7="","",SUM(AA29:AB29,AD29:AE29)) | L29: =IF(E$7="","",(AA29+AD29)*$AI$5/$AJ$5) | M29: =IFERROR((AB29+AE29)*$AN$5/$AO$5,"") -> 0 | S29: =SUM(J29:K29) -> 0 | T29: =IFERROR((J29/S29),"") | U29: =IFERROR((1-T29),"") | V29: =IF(E29="発電設備",H29,0) -> 0 | W29: =IF(E29="共通設備",ROUNDDOWN(H29*T29,0),0) -> 0 | X29: =IF(E29="蓄電池",H29*$I$7,0) -> 0 | Y29: =IF(E29="共通設備",(H29-ROUNDDOWN(H29*T29,0))*$I$7,0) -> 0 | Z29: =H29-G29 -> 0 | AA29: =IF(E29="発電設備",Z29,0) -> 0 | AB29: =IF(E29="蓄電池",Z29*$I$7,0) -> 0 | AC29: =IF(E29="共通設備",Z29,"") | AD29: =IF(AC29="",0,ROUNDDOWN(AC29*T29,0)) -> 0 | AE29: =IF(AC29="",0,(AC29-AD29)*$I$7) -> 0 | AG29: 太陽光発電 | AH29: ='共通１－２(太陽光）'!G10 | AI29: ='共通１－２(太陽光）'!G123 | AJ29: ='共通１－２(太陽光）'!G124 | BM29: =SUM(CA29:CB29,CD29:CE29) -> 0 | BP29: =IFERROR((CA29+CD29)*$AI$5/$AJ$5,"") -> 0 | BQ29: =IFERROR((CB29+CE29)*$AN$5/$AO$5,"") -> 0
I30: =IF(E$7="","",SUM(AA30:AB30,AD30:AE30)) | L30: =IF(E$7="","",(AA30+AD30)*$AI$5/$AJ$5) | M30: =IFERROR((AB30+AE30)*$AN$5/$AO$5,"") -> 0 | S30: =SUM(J30:K30) -> 0 | T30: =IFERROR((J30/S30),"") | U30: =IFERROR((1-T30),"") | V30: =IF(E30="発電設備",H30,0) -> 0 | W30: =IF(E30="共通設備",ROUNDDOWN(H30*T30,0),0) -> 0 | X30: =IF(E30="蓄電池",H30*$I$7,0) -> 0 | Y30: =IF(E30="共通設備",(H30-ROUNDDOWN(H30*T30,0))*$I$7,0) -> 0 | Z30: =H30-G30 -> 0 | AA30: =IF(E30="発電設備",Z30,0) -> 0 | AB30: =IF(E30="蓄電池",Z30*$I$7,0) -> 0 | AC30: =IF(E30="共通設備",Z30,"") | AD30: =IF(AC30="",0,ROUNDDOWN(AC30*T30,0)) -> 0 | AE30: =IF(AC30="",0,(AC30-AD30)*$I$7) -> 0 | AG30: 風力発電 | AH30: ='共通１－２（風力)'!G9 | AI30: ='共通１－２（風力)'!G64 | AJ30: ='共通１－２（風力)'!G65 | BM30: =SUM(CA30:CB30,CD30:CE30) -> 0 | BP30: =IFERROR((CA30+CD30)*$AI$5/$AJ$5,"") -> 0 | BQ30: =IFERROR((CB30+CE30)*$AN$5/$AO$5,"") -> 0
I31: =IF(E$7="","",SUM(AA31:AB31,AD31:AE31)) | L31: =IF(E$7="","",(AA31+AD31)*$AI$5/$AJ$5) | M31: =IFERROR((AB31+AE31)*$AN$5/$AO$5,"") -> 0 | S31: =SUM(J31:K31) -> 0 | T31: =IFERROR((J31/S31),"") | U31: =IFERROR((1-T31),"") | V31: =IF(E31="発電設備",H31,0) -> 0 | W31: =IF(E31="共通設備",ROUNDDOWN(H31*T31,0),0) -> 0 | X31: =IF(E31="蓄電池",H31*$I$7,0) -> 0 | Y31: =IF(E31="共通設備",(H31-ROUNDDOWN(H31*T31,0))*$I$7,0) -> 0 | Z31: =H31-G31 -> 0 | AA31: =IF(E31="発電設備",Z31,0) -> 0 | AB31: =IF(E31="蓄電池",Z31*$I$7,0) -> 0 | AC31: =IF(E31="共通設備",Z31,"") | AD31: =IF(AC31="",0,ROUNDDOWN(AC31*T31,0)) -> 0 | AE31: =IF(AC31="",0,(AC31-AD31)*$I$7) -> 0 | AG31: 水力発電 | AH31: ='共通１－２（水力)'!G10 | AI31: ='共通１－２（水力)'!G154 | AJ31: ='共通１－２（水力)'!G155 | BM31: =SUM(CA31:CB31,CD31:CE31) -> 0 | BP31: =IFERROR((CA31+CD31)*$AI$5/$AJ$5,"") -> 0 | BQ31: =IFERROR((CB31+CE31)*$AN$5/$AO$5,"") -> 0
I32: =IF(E$7="","",SUM(AA32:AB32,AD32:AE32)) | L32: =IF(E$7="","",(AA32+AD32)*$AI$5/$AJ$5) | M32: =IFERROR((AB32+AE32)*$AN$5/$AO$5,"") -> 0 | S32: =SUM(J32:K32) -> 0 | T32: =IFERROR((J32/S32),"") | U32: =IFERROR((1-T32),"") | V32: =IF(E32="発電設備",H32,0) -> 0 | W32: =IF(E32="共通設備",ROUNDDOWN(H32*T32,0),0) -> 0 | X32: =IF(E32="蓄電池",H32*$I$7,0) -> 0 | Y32: =IF(E32="共通設備",(H32-ROUNDDOWN(H32*T32,0))*$I$7,0) -> 0 | Z32: =H32-G32 -> 0 | AA32: =IF(E32="発電設備",Z32,0) -> 0 | AB32: =IF(E32="蓄電池",Z32*$I$7,0) -> 0 | AC32: =IF(E32="共通設備",Z32,"") | AD32: =IF(AC32="",0,ROUNDDOWN(AC32*T32,0)) -> 0 | AE32: =IF(AC32="",0,(AC32-AD32)*$I$7) -> 0 | AG32: 地熱発電 | AH32: ='共通１－２（地熱発電)'!G9 | AI32: ='共通１－２（地熱発電)'!G148 | AJ32: ='共通１－２（地熱発電)'!G149 | BM32: =BL32-BK32 -> 0 | BP32: =IFERROR((CA32+CD32)*$AI$5/$AJ$5,"") -> 0 | BQ32: =IFERROR((CB32+CE32)*$AN$5/$AO$5,"") -> 0
I33: =IF(E$7="","",SUM(AA33:AB33,AD33:AE33)) | L33: =IF(E$7="","",(AA33+AD33)*$AI$5/$AJ$5) | M33: =IFERROR((AB33+AE33)*$AN$5/$AO$5,"") -> 0 | S33: =SUM(J33:K33) -> 0 | T33: =IFERROR((J33/S33),"") | U33: =IFERROR((1-T33),"") | V33: =IF(E33="発電設備",H33,0) -> 0 | W33: =IF(E33="共通設備",ROUNDDOWN(H33*T33,0),0) -> 0 | X33: =IF(E33="蓄電池",H33*$I$7,0) -> 0 | Y33: =IF(E33="共通設備",(H33-ROUNDDOWN(H33*T33,0))*$I$7,0) -> 0 | Z33: =H33-G33 -> 0 | AA33: =IF(E33="発電設備",Z33,0) -> 0 | AB33: =IF(E33="蓄電池",Z33*$I$7,0) -> 0 | AC33: =IF(E33="共通設備",Z33,"") | AD33: =IF(AC33="",0,ROUNDDOWN(AC33*T33,0)) -> 0 | AE33: =IF(AC33="",0,(AC33-AD33)*$I$7) -> 0 | AG33: バイオマス発電 | AH33: ='共通１－２（バイオマス）'!F8 | AI33: ='共通１－２（バイオマス）'!G162 | AJ33: ='共通１－２（バイオマス）'!G163 | BM33: =BL33-BK33 -> 0 | BP33: =IFERROR((CA33+CD33)*$AI$5/$AJ$5,"") -> 0 | BQ33: =IFERROR((CB33+CE33)*$AN$5/$AO$5,"") -> 0 | BW33: =SUM(BN33:BO33) -> 0 | BX33: =IFERROR((BN33/BW33),"") | BY33: =IFERROR((1-BX33),"") | BZ33: =BL33-BK33 -> 0 | CA33: =IF(BI33="発電設備",BZ33,0) -> 0 | CB33: =IF(BI33="蓄電池",BZ33*$J$7,0) -> 0 | CC33: =IF(BI33="共通設備",BZ33,"") | CD33: =IF(CC33="",0,ROUNDDOWN(CC33*BX33,0)) -> 0 | CE33: =IF(CC33="",0,(CC33-CD33)*$J$7) -> 0
I34: =IF(E$7="","",SUM(AA34:AB34,AD34:AE34)) | L34: =IF(E$7="","",(AA34+AD34)*$AI$5/$AJ$5) | M34: =IFERROR((AB34+AE34)*$AN$5/$AO$5,"") -> 0 | S34: =SUM(J34:K34) -> 0 | T34: =IFERROR((J34/S34),"") | U34: =IFERROR((1-T34),"") | V34: =IF(E34="発電設備",H34,0) -> 0 | W34: =IF(E34="共通設備",ROUNDDOWN(H34*T34,0),0) -> 0 | X34: =IF(E34="蓄電池",H34*$I$7,0) -> 0 | Y34: =IF(E34="共通設備",(H34-ROUNDDOWN(H34*T34,0))*$I$7,0) -> 0 | Z34: =H34-G34 -> 0 | AA34: =IF(E34="発電設備",Z34,0) -> 0 | AB34: =IF(E34="蓄電池",Z34*$I$7,0) -> 0 | AC34: =IF(E34="共通設備",Z34,"") | AD34: =IF(AC34="",0,ROUNDDOWN(AC34*T34,0)) -> 0 | AE34: =IF(AC34="",0,(AC34-AD34)*$I$7) -> 0 | AG34: 複数設置(２種類以上) | AH34: =SUM(AH29:AH33) -> 0 | AI34: =SUM(AI29:AI33) -> 0 | AJ34: =SUM(AJ29:AJ33) -> 0 | BM34: =BL34-BK34 -> 0 | BP34: =IFERROR((CA34+CD34)*$AI$5/$AJ$5,"") -> 0 | BQ34: =IFERROR((CB34+CE34)*$AN$5/$AO$5,"") -> 0 | BW34: =SUM(BN34:BO34) -> 0 | BX34: =IFERROR((BN34/BW34),"") | BY34: =IFERROR((1-BX34),"") | BZ34: =BL34-BK34 -> 0 | CA34: =IF(BI34="発電設備",BZ34,0) -> 0 | CB34: =IF(BI34="蓄電池",BZ34*$J$7,0) -> 0 | CC34: =IF(BI34="共通設備",BZ34,"") | CD34: =IF(CC34="",0,ROUNDDOWN(CC34*BX34,0)) -> 0 | CE34: =IF(CC34="",0,(CC34-CD34)*$J$7) -> 0
I35: =IF(E$7="","",SUM(AA35:AB35,AD35:AE35)) | L35: =IF(E$7="","",(AA35+AD35)*$AI$5/$AJ$5) | M35: =IFERROR((AB35+AE35)*$AN$5/$AO$5,"") -> 0 | S35: =SUM(J35:K35) -> 0 | T35: =IFERROR((J35/S35),"") | U35: =IFERROR((1-T35),"") | V35: =IF(E35="発電設備",H35,0) -> 0 | W35: =IF(E35="共通設備",ROUNDDOWN(H35*T35,0),0) -> 0 | X35: =IF(E35="蓄電池",H35*$I$7,0) -> 0 | Y35: =IF(E35="共通設備",(H35-ROUNDDOWN(H35*T35,0))*$I$7,0) -> 0 | Z35: =H35-G35 -> 0 | AA35: =IF(E35="発電設備",Z35,0) -> 0 | AB35: =IF(E35="蓄電池",Z35*$I$7,0) -> 0 | AC35: =IF(E35="共通設備",Z35,"") | AD35: =IF(AC35="",0,ROUNDDOWN(AC35*T35,0)) -> 0 | AE35: =IF(AC35="",0,(AC35-AD35)*$I$7) -> 0 | BM35: =BL35-BK35 -> 0 | BP35: =IFERROR((CA35+CD35)*$AI$5/$AJ$5,"") -> 0 | BQ35: =IFERROR((CB35+CE35)*$AN$5/$AO$5,"") -> 0 | BW35: =SUM(BN35:BO35) -> 0 | BX35: =IFERROR((BN35/BW35),"") | BY35: =IFERROR((1-BX35),"") | BZ35: =BL35-BK35 -> 0 | CA35: =IF(BI35="発電設備",BZ35,0) -> 0 | CB35: =IF(BI35="蓄電池",BZ35*$J$7,0) -> 0 | CC35: =IF(BI35="共通設備",BZ35,"") | CD35: =IF(CC35="",0,ROUNDDOWN(CC35*BX35,0)) -> 0 | CE35: =IF(CC35="",0,(CC35-CD35)*$J$7) -> 0
I36: =IF(E$7="","",SUM(AA36:AB36,AD36:AE36)) | L36: =IF(E$7="","",(AA36+AD36)*$AI$5/$AJ$5) | M36: =IFERROR((AB36+AE36)*$AN$5/$AO$5,"") -> 0 | S36: =SUM(J36:K36) -> 0 | T36: =IFERROR((J36/S36),"") | U36: =IFERROR((1-T36),"") | V36: =IF(E36="発電設備",H36,0) -> 0 | W36: =IF(E36="共通設備",ROUNDDOWN(H36*T36,0),0) -> 0 | X36: =IF(E36="蓄電池",H36*$I$7,0) -> 0 | Y36: =IF(E36="共通設備",(H36-ROUNDDOWN(H36*T36,0))*$I$7,0) -> 0 | Z36: =H36-G36 -> 0 | AA36: =IF(E36="発電設備",Z36,0) -> 0 | AB36: =IF(E36="蓄電池",Z36*$I$7,0) -> 0 | AC36: =IF(E36="共通設備",Z36,"") | AD36: =IF(AC36="",0,ROUNDDOWN(AC36*T36,0)) -> 0 | AE36: =IF(AC36="",0,(AC36-AD36)*$I$7) -> 0 | AI36: =D9 -> 助成事業に要する経費 | AJ36: =G11 -> 都の助成対象となる国等補助 | AK36: =C43 -> 国等補助控除無し都助成対象経費 | AL36: =I43 -> 国等補助控除後の都助成対象 | AM36: 発電設備 | AO36: 蓄電池 | BM36: =BL36-BK36 -> 0 | BP36: =IFERROR((CA36+CD36)*$AI$5/$AJ$5,"") -> 0 | BQ36: =IFERROR((CB36+CE36)*$AN$5/$AO$5,"") -> 0 | BW36: =SUM(BN36:BO36) -> 0 | BX36: =IFERROR((BN36/BW36),"") | BY36: =IFERROR((1-BX36),"") | BZ36: =BL36-BK36 -> 0 | CA36: =IF(BI36="発電設備",BZ36,0) -> 0 | CB36: =IF(BI36="蓄電池",BZ36*$J$7,0) -> 0 | CC36: =IF(BI36="共通設備",BZ36,"") | CD36: =IF(CC36="",0,ROUNDDOWN(CC36*BX36,0)) -> 0 | CE36: =IF(CC36="",0,(CC36-CD36)*$J$7) -> 0 | CI36: =BH9 -> 助成事業に要する経費 | CJ36: =BK11 -> 都の助成対象となる国等補助 | CK36: =BG43 -> 国等補助控除無し都助成対象経費 | CL36: =BM43 -> 国等補助控除後の都助成対象 | CM36: 発電設備 | CO36: 蓄電池
I37: =IF(E$7="","",SUM(AA37:AB37,AD37:AE37)) | L37: =IF(E$7="","",(AA37+AD37)*$AI$5/$AJ$5) | M37: =IFERROR((AB37+AE37)*$AN$5/$AO$5,"") -> 0 | S37: =SUM(J37:K37) -> 0 | T37: =IFERROR((J37/S37),"") | U37: =IFERROR((1-T37),"") | V37: =IF(E37="発電設備",H37,0) -> 0 | W37: =IF(E37="共通設備",ROUNDDOWN(H37*T37,0),0) -> 0 | X37: =IF(E37="蓄電池",H37*$I$7,0) -> 0 | Y37: =IF(E37="共通設備",(H37-ROUNDDOWN(H37*T37,0))*$I$7,0) -> 0 | Z37: =H37-G37 -> 0 | AA37: =IF(E37="発電設備",Z37,0) -> 0 | AB37: =IF(E37="蓄電池",Z37*$I$7,0) -> 0 | AC37: =IF(E37="共通設備",Z37,"") | AD37: =IF(AC37="",0,ROUNDDOWN(AC37*T37,0)) -> 0 | AE37: =IF(AC37="",0,(AC37-AD37)*$I$7) -> 0 | AM37: 助成対象経費 | AN37: 助成金額 | AO37: 助成対象経費 | AP37: 助成金額 | BM37: =BL37-BK37 -> 0 | BP37: =IFERROR((CA37+CD37)*$AI$5/$AJ$5,"") -> 0 | BQ37: =IFERROR((CB37+CE37)*$AN$5/$AO$5,"") -> 0 | BW37: =SUM(BN37:BO37) -> 0 | BX37: =IFERROR((BN37/BW37),"") | BY37: =IFERROR((1-BX37),"") | BZ37: =BL37-BK37 -> 0 | CA37: =IF(BI37="発電設備",BZ37,0) -> 0 | CB37: =IF(BI37="蓄電池",BZ37*$J$7,0) -> 0 | CC37: =IF(BI37="共通設備",BZ37,"") | CD37: =IF(CC37="",0,ROUNDDOWN(CC37*BX37,0)) -> 0 | CE37: =IF(CC37="",0,(CC37-CD37)*$J$7) -> 0 | CM37: 助成対象経費 | CN37: 助成金額 | CO37: 助成対象経費 | CP37: 助成金額
B38: 合計 | F38: =IF($E$7="","",SUM(F13:F37)) | G38: =IF($E$7="","",SUM(G13:G37)) | H38: =IF($E$7="","",SUM(H13:H37)) | I38: =IF($E$7="","",SUM(I13:I37)) | L38: =IF($E$7="","",SUM(L13:L37)) | M38: =IF($E$7="","",SUM(M13:M37)) | N38: =IF(SUMIF(B13:B37,AG15,N13:O37)=0,"","収益 計") | O38: =IF(SUMIF(B13:B37,AG15,N13:O37)=0,"",SUMIF(B13:B37,AG15,N13:O37)) | R38: 合計（税抜） | V38: =SUM(V13:V37) -> 0 | W38: =SUM(W13:W37) -> 0 | X38: =SUM(X13:X37) -> 0 | Y38: =SUM(Y13:Y37) -> 0 | Z38: =SUM(Z13:Z37) -> 0 | AA38: =SUM(AA13:AA37,AD13:AD37) -> 0 | AB38: =SUM(AB13:AB37,AE13:AE37) -> 0 | AC38: =SUM(AC13:AC37) -> 0 | AD38: =SUM(AD13:AD37) -> 0 | AE38: =SUM(AE13:AE37) -> 0 | AH38: 設計費 | AI38: =SUMIF($B$13:$B$37,$AH38,F13:F37) -> 0 | AJ38: =SUMIF($B$13:$B$37,$AH38,G13:G37) -> 0 | AK38: =SUMIF($B$13:$B$37,$AH38,H13:H37) -> 0 | AL38: =SUMIF($B$13:$B$37,$AH38,I13:I37) -> 0 | AM38: =SUMIF($B$13:$B$37,$AH38,AD13:AD37)+SUMIF($B$13:$B$37,$AH38,AA13:AA37) -> 0 | AN38: =SUMIF($B$13:$B$37,$AH38,L13:L37) -> 0 | AO38: =SUMIF($B$13:$B$37,$AH38,AE13:AE37)+SUMIF($B$13:$B$37,$AH38,AB13:AB37) -> 0 | AP38: =SUMIF($B$13:$B$37,$AH38,M13:M37) -> 0 | BG38: 合計 | BJ38: =SUM(BJ13:BJ37) -> 2660000 | BK38: =SUM(BK13:BK37) -> 0 | BL38: =SUM(BL13:BL37) -> 2660000 | BM38: =SUM(BM13:BM37) -> 0 | BP38: =SUM(BP13:BP37) -> 0 | BQ38: =SUM(BQ13:BQ37) -> 0 | BV38: 合計（税抜） | BZ38: =SUM(BZ13:BZ37) -> 0 | CA38: =SUM(CA13:CA37,CD13:CD37) -> 0 | CB38: =SUM(CB13:CB37,CE13:CE37) -> 0 | CC38: =SUM(CC13:CC37) -> 0 | CD38: =SUM(CD13:CD37) -> 0 | CE38: =SUM(CE13:CE37) -> 0 | CH38: 設計費 | CI38: =SUMIF($B$13:$B$37,$AH38,BJ13:BJ37) -> 0 | CJ38: =SUMIF($B$13:$B$37,$AH38,BK13:BK37) -> 0 | CK38: =SUMIF($B$13:$B$37,$AH38,BL13:BL37) -> 0 | CL38: =SUMIF($B$13:$B$37,$AH38,BM13:BM37) -> 0 | CM38: =SUMIF($B$13:$B$37,$AH38,CD13:CD37)+SUMIF($B$13:$B$37,$AH38,CA13:CA37) -> 0 | CN38: =SUMIF($B$13:$B$37,$AH38,BP13:BP37) -> 0 | CO38: =SUMIF($B$13:$B$37,$AH38,CE13:CE37)+SUMIF($B$13:$B$37,$AH38,CB13:CB37) -> 0 | CP38: =SUMIF($B$13:$B$37,$AH38,BQ13:BQ37) -> 0
B39: 消費税 | F39: =IF($E$7="","",ROUNDDOWN(F38*0.1,0)) | G39: =IF($E$7="","",ROUNDDOWN(G38*0.1,0)) | H39: =IF($E$7="","",ROUNDDOWN(H38*0.1,0)) | I39: =IF($E$7="","",ROUNDDOWN(I38*0.1,0)) | L39: =IF($E$7="","",ROUNDDOWN(L38*0.1,0)) | M39: =IF($E$7="","",ROUNDDOWN(M38*0.1,0)) | N39: =IF(SUMIF(B13:B37,AG15,J13:J37)=0,"","太陽光分収益") | O39: =IF(AG50=0,"",AG49) | R39: 消費税 | Z39: =ROUNDDOWN(Z38*0.1,0) -> 0 | AA39: =ROUNDDOWN(AA38*0.1,0) -> 0 | AB39: =ROUNDDOWN(AB38*0.1,0) -> 0 | AC39: =N39 | AH39: 設備費 | AI39: =SUMIF($B$13:$B$37,$AH39,F13:F37) -> 0 | AJ39: =SUMIF($B$13:$B$37,$AH39,G13:G37) -> 0 | AK39: =SUMIF($B$13:$B$37,$AH39,H13:H37) -> 0 | AL39: =SUMIF($B$13:$B$37,$AH39,I13:I37) -> 0 | AM39: =SUMIF($B$13:$B$37,$AH39,AD13:AD37)+SUMIF($B$13:$B$37,$AH39,AA13:AA37) -> 0 | AN39: =SUMIF($B$13:$B$37,$AH39,L13:L37) -> 0 | AO39: =SUMIF($B$13:$B$37,$AH39,AE13:AE37)+SUMIF($B$13:$B$37,$AH39,AB13:AB37) -> 0 | AP39: =SUMIF($B$13:$B$37,$AH39,M13:M37) -> 0 | BG39: 消費税 | BJ39: =ROUNDDOWN(BJ38*0.1,0) -> 266000 | BK39: =ROUNDDOWN(BK38*0.1,0) -> 0 | BL39: =ROUNDDOWN(BL38*0.1,0) -> 266000 | BM39: =ROUNDDOWN(BM38*0.1,0) -> 0 | BP39: =ROUNDDOWN(BP38*0.1,0) -> 0 | BQ39: =ROUNDDOWN(BQ38*0.1,0) -> 0 | BV39: 消費税 | BZ39: =ROUNDDOWN(BZ38*0.1,0) -> 0 | CA39: =ROUNDDOWN(CA38*0.1,0) -> 0 | CB39: =ROUNDDOWN(CB38*0.1,0) -> 0 | CC39: =BR39 -> 0 | CH39: 設備費 | CI39: =SUMIF($B$13:$B$37,$AH39,BJ13:BJ37) -> 0 | CJ39: =SUMIF($B$13:$B$37,$AH39,BK13:BK37) -> 0 | CK39: =SUMIF($B$13:$B$37,$AH39,BL13:BL37) -> 0 | CL39: =SUMIF($B$13:$B$37,$AH39,BM13:BM37) -> 0 | CM39: =SUMIF($B$13:$B$37,$AH39,CD13:CD37)+SUMIF($B$13:$B$37,$AH39,CA13:CA37) -> 0 | CN39: =SUMIF($B$13:$B$37,$AH39,BP13:BP37) -> 0 | CO39: =SUMIF($B$13:$B$37,$AH39,CE13:CE37)+SUMIF($B$13:$B$37,$AH39,CB13:CB37) -> 0 | CP39: =SUMIF($B$13:$B$37,$AH39,BQ13:BQ37) -> 0
B40: 合計（消費税含） | F40: =IF(F38="","",SUM(F38:F39)) | G40: =IF(G38="","",SUM(G38:G39)) | H40: =IF(H38="","",SUM(H38:H39)) | I40: =IF(I38="","",SUM(I38:I39)) | L40: =IF(L38="","",SUM(L38:L39)) | M40: =IF(M38="","",SUM(M38:M39)) | N40: =IF(SUMIF(B13:B37,AG15,K13:K37)=0,"","蓄電池収益") | O40: =IF(AG50=0,"",AG50) | R40: 合計（税込） | Z40: =SUM(Z38:Z39) -> 0 | AA40: =SUM(AA38:AA39) -> 0 | AB40: =M40 | AC40: =N40 | AH40: 工事費 | AI40: =SUMIF($B$13:$B$37,$AH40,F13:F37) -> 0 | AJ40: =SUMIF($B$13:$B$37,$AH40,G13:G37) -> 0 | AK40: =SUMIF($B$13:$B$37,$AH40,H13:H37) -> 0 | AL40: =SUMIF($B$13:$B$37,$AH40,I13:I37) -> 0 | AM40: =SUMIF($B$13:$B$37,$AH40,AD13:AD37)+SUMIF($B$13:$B$37,$AH40,AA13:AA37) -> 0 | AN40: =SUMIF($B$13:$B$37,$AH40,L13:L37) -> 0 | AO40: =SUMIF($B$13:$B$37,$AH40,AE13:AE37)+SUMIF($B$13:$B$37,$AH40,AB13:AB37) -> 0 | AP40: =SUMIF($B$13:$B$37,$AH40,M13:M37) -> 0 | BG40: 合計（消費税含） | BJ40: =SUM(BJ38:BJ39) -> 2926000 | BK40: =SUM(BK38:BK39) -> 0 | BL40: =SUM(BL38:BL39) -> 2926000 | BM40: =SUM(BM38:BM39) -> 0 | BP40: =SUM(BP38:BP39) -> 0 | BQ40: =SUM(BQ38:BQ39) -> 0 | BV40: 合計（税込） | BZ40: =SUM(BZ38:BZ39) -> 0 | CA40: =SUM(CA38:CA39) -> 0 | CB40: =BQ40 -> 0 | CC40: =BR40 -> 0 | CH40: 工事費 | CI40: =SUMIF($B$13:$B$37,$AH40,BJ13:BJ37) -> 0 | CJ40: =SUMIF($B$13:$B$37,$AH40,BK13:BK37) -> 0 | CK40: =SUMIF($B$13:$B$37,$AH40,BL13:BL37) -> 0 | CL40: =SUMIF($B$13:$B$37,$AH40,BM13:BM37) -> 0 | CM40: =SUMIF($B$13:$B$37,$AH40,CD13:CD37)+SUMIF($B$13:$B$37,$AH40,CA13:CA37) -> 0 | CN40: =SUMIF($B$13:$B$37,$AH40,BP13:BP37) -> 0 | CO40: =SUMIF($B$13:$B$37,$AH40,CE13:CE37)+SUMIF($B$13:$B$37,$AH40,CB13:CB37) -> 0 | CP40: =SUMIF($B$13:$B$37,$AH40,BQ13:BQ37) -> 0
C42: 助成事業に要する経費 | G42: =IFERROR(IF(AN19=6,F38,F40),0) -> 0 | I42: 都の助成対象となる国等補助 | M42: =IFERROR(IF(AN19=6,G38,G40),0) -> 0 | Z42: データ引抜 | AA42: =AA38 -> 0 | AB42: =AB38 -> 0 | BG42: 助成事業に要する経費 | BK42: =IFERROR((IF(CN19=5,BJ38,BJ40)),0) -> 2926000 | BM42: 都の助成対象となる国等補助 | BQ42: =IFERROR(IF(CN19=5,BK38,BK40),0) -> 0 | BZ42: データ引抜 | CA42: =IF(CN19=5,CA38,CA40) -> 0 | CB42: =IF(CN19=5,CA38,CA40) -> 0
C43: 国等補助控除無し都助成対象経費 | G43: =IFERROR(IF(AN19=6,H38,H40),0) -> 0 | I43: 国等補助控除後の都助成対象 | M43: =IFERROR(IF(AN19=6,I38,I40),0) -> 0 | BG43: 国等補助控除無し都助成対象経費 | BK43: =IFERROR(IF(CN19=5,BL38,BL40),0) -> 2926000 | BM43: 国等補助控除後の都助成対象 | BQ43: =IFERROR(IF(CN19=5,BM38,BM40),0) -> 0
C45: 算定上限額（太陽光分） | G45: =IFERROR(S48,"") | I45: 算定上限額（蓄電池額分） | M45: =IFERROR(T48,"") | R45: 事業費→ | Z45: =IF(AN19=6,L38,L40) -> #N/A | AA45: =IF(AN19=6,M38,M40) -> #N/A | AB45: =SUM(Z45:AA45) -> #N/A | AC45: 収益 計 | AD45: =SUMIF(B13:B37,AG15,N13:O37) -> 0 | BG45: 算定上限額（太陽光分） | BK45: =IFERROR(IF(CN19=6,BW50,ROUNDDOWN((MIN(BW49:BW50)),-3)),0) -> 0 | BM45: 算定上限額（蓄電池額分） | BQ45: =IFERROR(IF(CN19=6,BX50,ROUNDDOWN(MIN(BX49:BX50),-3)),0) -> 0 | BV45: 事業費→ | BZ45: =IF(CN19=5,BP38,BP40) -> 0 | CA45: =IF(CN19=5,BQ38,BQ40) -> 0 | CB45: =SUM(BZ45:CA45) -> 0
C46: 算定上限額（合計） | G46: =IF(G45="","",G45+M45) | I46: =IFERROR(VLOOKUP(G3,AG19:AL26,5,FALSE),"交付申請額") -> 交付申請額 | M46: =IF(G46="","",MIN(S49,G46)) | BG46: 算定上限額（合計） | BK46: =BK45+BQ45 -> 0 | BM46: =IFERROR(VLOOKUP(BK3,CG19:CL26,5,FALSE),"交付申請額") -> 交付申請額 | BQ46: =IFERROR(MIN(BW51,BK46),0) -> 0
S47: 発電設備 | T47: 蓄電池 | Z47: 設計費 | AA47: =SUMIF($B$13:$B$37,Z47,$F$13:$F$37) -> 0 | BM47: 第４号様式を入力しないと計算されません。
R48: 助成率上限 | S48: =ROUNDDOWN(Z45-AD45,-3) -> #N/A | T48: =ROUNDDOWN(AA45-AD45,-3) -> #N/A | Z48: 設備費 | AA48: =SUMIF($B$13:$B$37,Z48,$F$13:$F$37) -> 0 | AC48: 収益分按分根拠 | BW48: 発電設備 | BX48: 蓄電池 | BZ48: 設計費 | CA48: =SUMIF($B$13:$B$37,BZ48,$F$13:$F$37) -> 0
R49: 事業費上限 | S49: =AH6 -> 100000000 | Z49: 工事費 | AA49: =SUMIF($B$13:$B$37,Z49,$F$13:$F$37) -> 0 | AC49: 収益分の発電容量 | AE49: =IF(O38="",0,SUMIF(B13:B37,AG15,J13:J37)) -> 0 | AF49: =IFERROR(AE49/(AE49+AE50),0) -> 0 | AG49: =IFERROR(O38-AG50,0) -> 0 | BV49: kw上限 | BW49: =ROUNDDOWN((CH5*BI7*CJ16),-3) -> #N/A | BX49: =IF(CO3="",0,ROUNDDOWN((CM5*CO3*CJ16),-3)) -> #REF! | BZ49: 設備費 | CA49: =SUMIF($B$13:$B$37,BZ49,$F$13:$F$37) -> 0
R50: 申請総合計 | S50: =AA38+AD38 -> 0 | T50: =AB38+AE38 -> 0 | AC50: 収益分の蓄電容量 | AE50: =IF(O38="",0,IF(SUMIF(B13:B37,AG15,K13:K37)=0,"×",SUMIF(B13:B37,AG15,K13:K37))) -> 0 | AF50: =IFERROR(AE50/(AE49+AE50),0) -> 0 | AG50: =IFERROR(ROUND(O38*AF50,0),0) -> 0 | BV50: 助成率上限 | BW50: =ROUNDDOWN(BZ45,-3) -> 0 | BX50: =ROUNDDOWN(CA45,-3) -> 0 | BZ50: 工事費 | CA50: =SUMIF($B$13:$B$37,BZ50,$F$13:$F$37) -> 0
BV51: 事業費上限 | BW51: =CH7 -> #N/A
BV52: 申請額 | BW52: =MIN(BW49:BW50) -> #N/A | BX52: =MIN(BX49:BX50) -> #REF!
BV53: 申請総合計 | BW53: =CA38+CD38 -> 0 | BX53: =CB38+CE38 -> 0

Sheet 共通様式2_蓄電池単独
C2: 共通様式2 助成対象事業経費内訳 | F2: 交付申請 | BC2: 共通様式 助成対象事業経費内訳 | BF2: 交付申請（実施要綱第５条一項ア～コ）
C3: ３．蓄電池を単独で設置する事業 | N3: 申請者区分 | O3: =F2 -> 交付申請 | BC3: 蓄電池に関する事業 | BN3: 申請者区分 | BO3: =BF2 -> 交付申請（実施要綱第５条一項ア～コ）
B4: 設備の種類 | D4: 蓄電容量（kWh） | E4: 都助成率・上限額 | H4: 国等補助金 の併用 | O4: 選択してください | P4: 選択してください | T4: 蓄電池 | BB4: 設備の種類 | BD4: 蓄電容量（kWh） | BE4: 都助成率・上限額 | BH4: 国等補助金 の併用 | BO4: 選択してください | BP4: 選択してください | BT4: 蓄電池
B5: 蓄電池 | D5: =#REF! -> #REF! | F5: =IFERROR(VLOOKUP(E5,T6:Z7,4,FALSE),0) -> 0 | G5: =IFERROR(VLOOKUP(E5,T6:Z7,6,FALSE),0) -> 0 | N5: 150,000円/kWh | O5: 3/4 | P5: 併用あり | Q5: 900万円 | T5: 都助成率 | W5: 限度額① | Y5: 限度額② | BB5: 蓄電池 | BD5: 10 | BE5: 3/4 | BF5: =IFERROR(VLOOKUP(BE5,BT6:BZ8,4,FALSE),0) -> 220,000円/kWh | BG5: =IFERROR(VLOOKUP(BE5,BT6:BZ8,6,FALSE),0) -> 450万円 | BH5: 併用なし | BN5: 200,000円/kWh | BO5: 3/4 | BP5: 併用あり | BQ5: 450万円 | BT5: 都助成率 | BW5: 限度額① | BY5: 限度額②
N6: 130,000円/kWh | O6: 2/3 | P6: 併用なし | Q6: 800万円 | T6: 3/4 | U6: 3 | V6: 4 | W6: 150,000円/kWh | X6: 150000 | Y6: 900万円 | Z6: 9000000 | BN6: 220,001円/kWh | BO6: 2/3 | BP6: 併用なし | BQ6: 400万円 | BT6: 1/2 | BU6: 1 | BV6: 2 | BW6: 150,000円/kWh | BX6: 150000 | BY6: 300万円 | BZ6: 3000000
B7: 既設再エネ発電設備出力 | E7: =IF(#REF!="",0,#REF!) -> #REF! | F7: kW | T7: 2/3 | U7: 2 | V7: 3 | W7: 130,000円/kWh | X7: 130000 | Y7: 800万円 | Z7: 8000000 | BB7: 平常時蓄電容量 | BE7: 5 | BF7: kWh | BG7: 助成対象となる蓄電池容量 | BI7: =SUM(BE7:BE8) -> 10 | BJ7: kWh | BN7: 150,000円/kWh | BO7: 1/2 | BQ7: 300万円 | BT7: 2/3 | BU7: 2 | BV7: 3 | BW7: 200,000円/kWh | BX7: 200000 | BY7: 400万円 | BZ7: 4000000
B8: 助成対象となる蓄電池容量 | E8: =IF(E5="","",IF(#REF!="なし",D5,IF(E7*5>=D5,D5,E7*5))) | F8: kW | U8: =VLOOKUP(E5,T6:U7,2,FALSE) -> #N/A | V8: =VLOOKUP(E5,T6:V7,3,FALSE) -> #N/A | X8: =VLOOKUP(E5,T6:Z7,5,FALSE) -> #N/A | Z8: =VLOOKUP(E5,T6:Z7,7,FALSE) -> #N/A | BB8: 発災時蓄電容量 | BE8: 5 | BF8: kWh | BG8: 都助成対象比率 | BI8: =IFERROR((BI7/BE10),"") -> 1 | BT8: 3/4 | BU8: 3 | BV8: 4 | BW8: 220,000円/kWh | BX8: 220000 | BY8: 450万円 | BZ8: 4500000
B9: 都助成対象比率 | E9: =IFERROR(E8/D5,"") | BB9: 上記以外の容量 | BE9: =BD5-BE7-BE8 -> 0 | BF9: kWh | BG9: 既設発電設備の有無 | BI9: なし | BU9: =VLOOKUP(BE5,BT6:BU8,2,FALSE) -> 3 | BV9: =VLOOKUP(BE5,BT6:BV8,3,FALSE) -> 4 | BX9: =VLOOKUP(BE5,BT6:BZ8,5,FALSE) -> 220000 | BZ9: =VLOOKUP(BE5,BT6:BZ8,7,FALSE) -> 4500000
BB10: 蓄電池総容量 | BE10: =IF(BE7="","",SUM(BE7:BE9)) -> 10 | BF10: kWh | BG10: 既設再エネ発電出力 | BI10: 0 | BJ10: kW
B12: 総事業費 | F12: 国等補助 | G12: 都助成 | J12: 備考 | N12: 3/4 | O12: 0.75 | P12: 220000 | Q12: 4500000 | R12: 4 | S12: 3 | BB12: 総事業費 | BF12: 国等補助 | BG12: 都助成 | BJ12: 備考 | BN12: 3/4 | BO12: 0.75 | BP12: 220000 | BQ12: 4500000
B13: 経費の内容 | D13: 助成事業に要する経費 | F13: 都の助成対象となる国等補助 | G13: 国等補助控除無し都助成対象経費 | H13: 国等補助控除後の都助成対象 | I13: 助成金額 | M13: 併用なし | N13: 1/2 | O13: 0.5 | P13: 150000 | Q13: 3000000 | R13: 2 | S13: 1 | BB13: 経費の内容 | BD13: 助成事業に要する経費 | BF13: 都の助成対象となる国等補助 | BG13: 国等補助控除無し都助成対象経費 | BH13: 国等補助控除後の都助成対象 | BI13: 助成金額 | BM13: 併用なし | BN13: 1/2 | BO13: 0.5 | BP13: 150000 | BQ13: 3000000 | BR13: 4 | BS13: 3
B14: 費用区分 | C14: 内訳 | D14: 明細番号 | E14: 金額 | F14: 金額 | G14: 金額 | H14: 金額 | I14: 金額 | M14: 併用なし | N14: 2/3 | P14: 200000 | Q14: 4000000 | R14: 3 | S14: 2 | BB14: 費用区分 | BC14: 内訳 | BD14: 明細番号 | BE14: 金額 | BF14: 金額 | BG14: 金額 | BH14: 金額 | BI14: 金額 | BM14: 併用なし | BN14: 2/3 | BP14: 200000 | BQ14: 4000000 | BR14: 2 | BS14: 1
H15: =G15-F15 -> 0 | I15: =IFERROR((((H15*$U$8)/$V$8)*$E$9),"") | BB15: 設備費 | BC15: 蓄電池 | BD15: A-１ | BE15: 550000 | BG15: 550000 | BH15: =BG15-BF15 -> 550000 | BI15: 412500 | BR15: 3 | BS15: 2
H16: =G16-F16 -> 0 | I16: =IFERROR((((H16*$U$8)/$V$8)*$E$9),"") | N16: =E5 -> 0 | O16: =IF($N$16="3/4",O12,O13) -> 0.5 | P16: =IF($N$16="3/4",P12,P13) -> 150000 | Q16: =IF($N$16="3/4",Q12,Q13) -> 3000000 | R16: =IF($N$16="3/4",R12,R13) -> 2 | S16: =IF($N$16="3/4",S12,S13) -> 1 | T16: ←触らない | BB16: 工事費 | BC16: 設置工事 | BD16: B-１ | BE16: 250000 | BG16: 250000 | BH16: =BG16-BF16 -> 250000 | BI16: 187500 | BN16: =BE5 -> 3/4 | BO16: =IF($N$16="3/4",BO12,BO13) -> 0.5 | BP16: =IF($N$16="3/4",BP12,BP13) -> 150000 | BQ16: =IF($N$16="3/4",BQ12,BQ13) -> 3000000
H17: =G17-F17 -> 0 | I17: =IFERROR((((H17*$U$8)/$V$8)*$E$9),"") | W17: 申請区分を選択してください | X17: 都の助成対象となる国等補助交付額 | Y17: 国等補助控除無し都助成対象経費 | Z17: 国等補助控除後の都助成対象 | AA17: 都仮算定 助成金額 | AB17: 申請区分を選択してください | BH17: =BG17-BF17 -> 0 | BI17: =IFERROR((((BH17*$U$8)/$V$8)*$E$9),"") | BR17: =IF($N$16="3/4",BR13,BR14) -> 2 | BS17: =IF($N$16="3/4",BS13,BS14) -> 1 | BT17: ←触らない
H18: =G18-F18 -> 0 | I18: =IFERROR((((H18*$U$8)/$V$8)*$E$9),"") | N18: 上限計算 | W18: 交付申請 | X18: 都の助成対象となる国等補助交付額 | Y18: 国等補助控除無し都助成対象経費 | Z18: 国等補助控除後の都助成対象 | AA18: 都助成 交付申請額 | AB18: 交付申請額 | BH18: =BG18-BF18 -> 0 | BI18: =IFERROR((((BH18*$U$8)/$V$8)*$E$9),"") | BN18: 上限計算 | BW18: 申請区分を選択してください | BX18: 都の助成対象となる国等補助交付額 | BY18: 国等補助控除無し都助成対象経費 | BZ18: 国等補助控除後の都助成対象 | CA18: 都仮算定 助成金額 | CB18: 申請区分を選択してください
H19: =G19-F19 -> 0 | I19: =IFERROR((((H19*$U$8)/$V$8)*$E$9),"") | N19: kwh単価 | O19: =IFERROR((X8*E8*R21),"") | P19: ←触らない | Q19: 国補助控除前 | R19: =G41 -> 0 | W19: 計画変更 | X19: 都の助成対象となる国等補助交付額 | Y19: 国等補助控除無し都助成対象経費 | Z19: 国等補助控除後の都助成対象 | AA19: 都助成 交付申請額 | AB19: 交付申請額 | BH19: =BG19-BF19 -> 0 | BI19: =IFERROR((((BH19*$U$8)/$V$8)*$E$9),"") | BN19: kwh単価 | BO19: =IFERROR((BX9*BI7*BR21),"") -> 2200000 | BP19: ←触らない | BQ19: 国補助控除前 | BR19: =BG41 -> 800000 | BW19: 交付申請（実施要綱第５条一項ア～コ） | BX19: 都の助成対象となる国等補助交付額 | BY19: 国等補助控除無し都助成対象経費 | BZ19: 国等補助控除後の都助成対象 | CA19: 都助成 交付申請額 | CB19: 交付申請額
H20: =G20-F20 -> 0 | I20: =IFERROR((((H20*$U$8)/$V$8)*$E$9),"") | N20: 事業上限 | O20: =MIN(O19,Z8) -> #N/A | P20: ←触らない | Q20: 国補助控除後 | R20: =H41 -> 0 | W20: 実績報告 | X20: 都の助成対象となる国等補助交付額 | Y20: 国等補助控除無し都助成対象経費 | Z20: 国等補助控除後の都助成対象 | AA20: 都助成 実績報告額 | AB20: 実績報告額 | BH20: =BG20-BF20 -> 0 | BI20: =IFERROR((((BH20*$U$8)/$V$8)*$E$9),"") | BN20: 事業上限 | BO20: =MIN(BO19,BZ9) -> 2200000 | BP20: ←触らない | BQ20: 国補助控除後 | BR20: =BH41 -> 800000 | BW20: 計画変更（実施要綱第５条一項ア～コ） | BX20: 都の助成対象となる国等補助交付額 | BY20: 国等補助控除無し都助成対象経費 | BZ20: 国等補助控除後の都助成対象 | CA20: 都助成 交付申請額 | CB20: 交付申請額
H21: =G21-F21 -> 0 | I21: =IFERROR((((H21*$U$8)/$V$8)*$E$9),"") | N21: 本申請助成申請額 | O21: =IF(O3="実施要綱第5条第一項サ", I43,I41) -> 0 | P21: ←触らない | Q21: 割合 | R21: =IFERROR(R20/R19,"") | BH21: =BG21-BF21 -> 0 | BI21: =IFERROR((((BH21*$U$8)/$V$8)*$E$9),"") | BN21: 本申請助成申請額 | BO21: =IF(BO3="実施要綱第5条第一項サ", BI43,BI41) -> 600000 | BP21: ←触らない | BQ21: 割合 | BR21: =IFERROR(BR20/BR19,"") -> 1 | BW21: 実績報告（実施要綱第５条一項ア～コ） | BX21: 都の助成対象となる国等補助交付額 | BY21: 国等補助控除無し都助成対象経費 | BZ21: 国等補助控除後の都助成対象 | CA21: 都助成 実績報告額 | CB21: 実績報告額
H22: =G22-F22 -> 0 | I22: =IFERROR((((H22*$U$8)/$V$8)*$E$9),"") | N22: 交付申請額 | O22: =IFERROR((ROUNDDOWN(MIN(O19:O21),-3)),"") | P22: ←触らない | BH22: =BG22-BF22 -> 0 | BI22: =IFERROR((((BH22*$U$8)/$V$8)*$E$9),"") | BN22: 交付申請額 | BO22: =IFERROR((ROUNDDOWN(MIN(BO19:BO21),-3)),"") -> 600000 | BP22: ←触らない
H23: =G23-F23 -> 0 | I23: =IFERROR((((H23*$U$8)/$V$8)*$E$9),"") | BH23: =BG23-BF23 -> 0 | BI23: =IFERROR((((BH23*$U$8)/$V$8)*$E$9),"") | BN23: 自治体上限 | BO23: #REF! | BP23: 民間上限 | BQ23: =MIN(BO19:BO20) -> 2200000
H24: =G24-F24 -> 0 | I24: =IFERROR((((H24*$U$8)/$V$8)*$E$9),"") | N24: 申請区分 | BH24: =BG24-BF24 -> 0 | BI24: =IFERROR((((BH24*$U$8)/$V$8)*$E$9),"") | BN24: 申請区分
H25: =G25-F25 -> 0 | I25: =IFERROR((((H25*$U$8)/$V$8)*$E$9),"") | N25: 申請区分を選択してください | BH25: =BG25-BF25 -> 0 | BI25: =IFERROR((((BH25*$U$8)/$V$8)*$E$9),"") | BN25: 申請区分を選択してください
H26: =G26-F26 -> 0 | I26: =IFERROR((((H26*$U$8)/$V$8)*$E$9),"") | N26: 交付申請 | BH26: =BG26-BF26 -> 0 | BI26: =IFERROR((((BH26*$U$8)/$V$8)*$E$9),"") | BN26: 交付申請
H27: =G27-F27 -> 0 | I27: =IFERROR((((H27*$U$8)/$V$8)*$E$9),"") | N27: 開始届 | BH27: =BG27-BF27 -> 0 | BI27: =IFERROR((((BH27*$U$8)/$V$8)*$E$9),"") | BN27: 開始届
H28: =G28-F28 -> 0 | I28: =IFERROR((((H28*$U$8)/$V$8)*$E$9),"") | N28: 計画変更 | BH28: =BG28-BF28 -> 0 | BI28: =IFERROR((((BH28*$U$8)/$V$8)*$E$9),"") | BN28: 計画変更
H29: =G29-F29 -> 0 | I29: =IFERROR((((H29*$U$8)/$V$8)*$E$9),"") | N29: 実績報告 | BH29: =BG29-BF29 -> 0 | BI29: =IFERROR((((BH29*$U$8)/$V$8)*$E$9),"") | BN29: 実績報告
H30: =G30-F30 -> 0 | I30: =IFERROR((((H30*$U$8)/$V$8)*$E$9),"") | BH30: =BG30-BF30 -> 0 | BI30: =IFERROR((((BH30*$U$8)/$V$8)*$E$9),"")
H31: =G31-F31 -> 0 | I31: =IFERROR((((H31*$U$8)/$V$8)*$E$9),"") | N31: 申請区分を選択してください | O31: 都の助成対象となる国等補助交付額 | P31: 国等補助控除無し都助成対象経費 | Q31: 国等補助控除後の都助成対象 | R31: 都仮算定 助成金額 | S31: 申請区分を選択してください | BH31: =BG31-BF31 -> 0 | BI31: =IFERROR((((BH31*$U$8)/$V$8)*$E$9),"") | BN31: 申請区分を選択してください | BO31: 都の助成対象となる国等補助交付額 | BP31: 国等補助控除無し都助成対象経費 | BQ31: 国等補助控除後の都助成対象 | BR31: 都仮算定 助成金額 | BS31: 申請区分を選択してください
H32: =G32-F32 -> 0 | I32: =IFERROR((((H32*$U$8)/$V$8)*$E$9),"") | N32: 交付申請 | O32: 都の助成対象となる国等補助交付額 | P32: 国等補助控除無し都助成対象経費 | Q32: 国等補助控除後の都助成対象 | R32: 都助成 交付申請額 | S32: 交付申請額 | BH32: =BG32-BF32 -> 0 | BI32: =IFERROR((((BH32*$U$8)/$V$8)*$E$9),"") | BN32: 交付申請 | BO32: 都の助成対象となる国等補助交付額 | BP32: 国等補助控除無し都助成対象経費 | BQ32: 国等補助控除後の都助成対象 | BR32: 都助成 交付申請額 | BS32: 交付申請額
H33: =G33-F33 -> 0 | I33: =IFERROR((((H33*$U$8)/$V$8)*$E$9),"") | N33: 開始届 | O33: 都の助成対象となる国等補助交付額 | P33: 国等補助控除無し都助成対象経費 | Q33: 国等補助控除後の都助成対象 | R33: 都助成 交付申請額 | S33: 交付申請額 | BH33: =BG33-BF33 -> 0 | BI33: =IFERROR((((BH33*$U$8)/$V$8)*$E$9),"") | BN33: 開始届 | BO33: 都の助成対象となる国等補助交付額 | BP33: 国等補助控除無し都助成対象経費 | BQ33: 国等補助控除後の都助成対象 | BR33: 都助成 交付申請額 | BS33: 交付申請額
H34: =G34-F34 -> 0 | I34: =IFERROR((((H34*$U$8)/$V$8)*$E$9),"") | N34: 計画変更 | O34: 都の助成対象となる国等補助交付額 | P34: 国等補助控除無し都助成対象経費 | Q34: 国等補助控除後の都助成対象 | R34: 都助成 実績報告額 | S34: 実績報告額 | BH34: =BG34-BF34 -> 0 | BI34: =IFERROR((((BH34*$U$8)/$V$8)*$E$9),"") | BN34: 計画変更 | BO34: 都の助成対象となる国等補助交付額 | BP34: 国等補助控除無し都助成対象経費 | BQ34: 国等補助控除後の都助成対象 | BR34: 都助成 実績報告額 | BS34: 実績報告額
H35: =G35-F35 -> 0 | I35: =IFERROR((((H35*$U$8)/$V$8)*$E$9),"") | N35: 実績報告 | O35: 都の助成対象となる国等補助交付額 | P35: 国等補助控除無し都助成対象経費 | Q35: 国等補助控除後の都助成対象 | R35: 都助成 実績報告額 | S35: 実績報告額 | BH35: =BG35-BF35 -> 0 | BI35: =IFERROR((((BH35*$U$8)/$V$8)*$E$9),"") | BN35: 実績報告 | BO35: 都の助成対象となる国等補助交付額 | BP35: 国等補助控除無し都助成対象経費 | BQ35: 国等補助控除後の都助成対象 | BR35: 都助成 実績報告額 | BS35: 実績報告額
H36: =G36-F36 -> 0 | I36: =IFERROR((((H36*$U$8)/$V$8)*$E$9),"") | BH36: =BG36-BF36 -> 0 | BI36: =IFERROR((((BH36*$U$8)/$V$8)*$E$9),"")
H37: =G37-F37 -> 0 | I37: =IFERROR((((H37*$U$8)/$V$8)*$E$9),"") | N37: 設計費 | O37: =SUMIF($B$15:$B$39,N37,$E$15:$E$39) -> 0 | BH37: =BG37-BF37 -> 0 | BI37: =IFERROR((((BH37*$U$8)/$V$8)*$E$9),"") | BN37: 設計費 | BO37: =SUMIF($B$15:$B$39,BN37,$E$15:$E$39) -> 0
H38: =G38-F38 -> 0 | I38: =IFERROR((((H38*$U$8)/$V$8)*$E$9),"") | N38: 設備費 | O38: =SUMIF($B$15:$B$39,N38,$E$15:$E$39) -> 0 | BH38: =BG38-BF38 -> 0 | BI38: =IFERROR((((BH38*$U$8)/$V$8)*$E$9),"") | BN38: 設備費 | BO38: =SUMIF($B$15:$B$39,BN38,$E$15:$E$39) -> 0
H39: =G39-F39 -> 0 | I39: =IFERROR((((H39*$U$8)/$V$8)*$E$9),"") | N39: 工事費 | O39: =SUMIF($B$15:$B$39,N39,$E$15:$E$39) -> 0 | BH39: =BG39-BF39 -> 0 | BI39: =IFERROR((((BH39*$U$8)/$V$8)*$E$9),"") | BN39: 工事費 | BO39: =SUMIF($B$15:$B$39,BN39,$E$15:$E$39) -> 0
H40: =G40-F40 -> 0 | I40: =((H40*$S$16)/$R$16)*$E$9 -> #VALUE! | BH40: =BG40-BF40 -> 0 | BI40: =((BH40*$S$16)/$R$16)*$E$9 -> #VALUE!
B41: 合計(税抜） | E41: =SUM(E15:E39) -> 0 | F41: =SUM(F15:F39) -> 0 | G41: =SUM(G15:G39) -> 0 | H41: =SUM(H15:H39) -> 0 | I41: =SUM(I15:I39) -> 0 | BB41: 合計(税抜） | BE41: =SUM(BE15:BE39) -> 800000 | BF41: =SUM(BF15:BF39) -> 0 | BG41: =SUM(BG15:BG39) -> 800000 | BH41: =SUM(BH15:BH39) -> 800000 | BI41: =IFERROR((SUM(BI15:BI39)),"") -> 600000
B42: 消費税 | E42: =E43-E41 -> 0 | F42: =F43-F41 -> 0 | G42: =G43-G41 -> 0 | H42: =H43-H41 -> 0 | I42: =I43-I41 -> 0 | BB42: 消費税 | BE42: =BE43-BE41 -> 80000 | BF42: =BF43-BF41 -> 0 | BG42: =BG43-BG41 -> 80000 | BH42: =BH43-BH41 -> 80000 | BI42: =IFERROR((((BH42*$S$16)/$R$16)*$E$9),"")
B43: 合計（税込） | E43: =ROUNDDOWN(E41*1.1,0) -> 0 | F43: =ROUNDDOWN(F41*1.1,0) -> 0 | G43: =ROUNDDOWN(G41*1.1,0) -> 0 | H43: =ROUNDDOWN(H41*1.1,0) -> 0 | I43: =ROUNDDOWN(I41*1.1,0) -> 0 | BB43: 合計（税込） | BE43: =ROUNDDOWN(BE41*1.1,0) -> 880000 | BF43: =ROUNDDOWN(BF41*1.1,0) -> 0 | BG43: =ROUNDDOWN(BG41*1.1,0) -> 880000 | BH43: =ROUNDDOWN(BH41*1.1,0) -> 880000 | BI43: =SUM(BI41:BI41) -> 600000
B45: 算定上限額 | E45: =IFERROR(IF(E5="","",O20),"") | G45: =IFERROR(VLOOKUP(F2,W18:AB20,6),"交付申請額") -> 交付申請額 | I45: =IF(E5="","",O22) | BB45: 算定上限額 | BE45: =IF(BE7="","",BO20) -> 2200000 | BG45: =IFERROR(VLOOKUP(BF2,BW19:CB21,6),"交付申請額") -> 交付申請額 | BI45: =IF(BE5="","",BO22) -> 600000

Sheet 第５号様式
B1: 第５号様式（第13条関係）
T3: 年 | V3: 月 | X3: 日 | BX3: 令和6 | BY3: 1 | BZ3: 1
BX4: 令和7 | BY4: 2 | BZ4: 2
N5: （助成事業者） | BX5: 令和8 | BY5: 3 | BZ5: 3
C6: 公益財団法人 東京都環境公社 | N6: 住 所 | P6: =IF('共通１ー１（基本情報（１）～（11））'!C6="","",'共通１ー１（基本情報（１）～（11））'!C6) | R6: =IF('共通１ー１（基本情報（１）～（11））'!C7="","",'共通１ー１（基本情報（１）～（11））'!C7&'共通１ー１（基本情報（１）～（11））'!C8&'共通１ー１（基本情報（１）～（11））'!C9) | BY6: 4 | BZ6: 4
BY7: 5 | BZ7: 5
C8: 理事長 殿 | N8: 名 称 | P8: =IF('共通１ー１（基本情報（１）～（11））'!C5="","",'共通１ー１（基本情報（１）～（11））'!C5) | BY8: 6 | BZ8: 6
BY9: 7 | BZ9: 7
N10: 代表者の職・氏名 | P10: =IF('共通１ー１（基本情報（１）～（11））'!C10="","",'共通１ー１（基本情報（１）～（11））'!C10) | T10: =IF('共通１ー１（基本情報（１）～（11））'!C11="","",'共通１ー１（基本情報（１）～（11））'!C11) | BY10: 8 | BZ10: 8
BY11: 9 | BZ11: 9
N12: （共同申請者） | BY12: 10 | BZ12: 10
BY13: 11 | BZ13: 11
N14: 名 称 | BY14: 12 | BZ14: 12
BZ15: 13
N16: 代表者の職・氏名 | BZ16: 14
BZ17: 15
N18: （共同申請者） | BZ18: 16
BZ19: 17
N20: 名 称 | BZ20: 18
BZ21: 19
N22: 代表者の職・氏名 | BZ22: 20
BZ23: 21
N24: （手続代行者） | BZ24: 22
BZ25: 23
N26: 名 称 | P26: =IF('共通１ー１（基本情報（１）～（11））'!C59="","",'共通１ー１（基本情報（１）～（11））'!C59) | BZ26: 24
BZ27: 25
N28: 代表者の職・氏名 | P28: =IF('共通１ー１（基本情報（１）～（11））'!C64="","",'共通１ー１（基本情報（１）～（11））'!C64) | T28: =IF('共通１ー１（基本情報（１）～（11））'!C65="","",'共通１ー１（基本情報（１）～（11））'!C65) | BZ28: 26
BZ29: 27
C30: 助成金交付申請撤回届出書 | BZ30: 28
BZ31: 29
F32: 年 | H32: 月 | J32: 日付 | M32: 都環公地温第 | R32: 号で交付決定の通知を受けた | BZ32: 30
C33: 事業について、助成金の交付申請を下記のとおり撤回したいので、区市町村公共施設等への再生可能エネルギー導入促進事業助成金（都外設置都内消費）交付要綱（令和６年６月25日付６都環公地温第1780号）第13条の規定に基づき、届け出ます。 | BZ33: 31
C34: 記
D35: 設備の導入場所の施設名称
D36: 交付決定番号
D37: 交付申請年月日 | O37: 年 | Q37: 月 | S37: 日
D38: 撤回の理由

Sheet 第６号様式
B1: 第６号様式（第14条関係）
T3: 年 | V3: 月 | X3: 日 | BX3: 令和6 | BY3: 1 | BZ3: 1
BX4: 令和7 | BY4: 2 | BZ4: 2
N5: （助成事業者） | BX5: 令和8 | BY5: 3 | BZ5: 3
C6: 公益財団法人 東京都環境公社 | N6: 住 所 | P6: =IF('共通１ー１（基本情報（１）～（11））'!C6="","",'共通１ー１（基本情報（１）～（11））'!C6) | R6: =IF('共通１ー１（基本情報（１）～（11））'!C7="","",'共通１ー１（基本情報（１）～（11））'!C7&'共通１ー１（基本情報（１）～（11））'!C8&'共通１ー１（基本情報（１）～（11））'!C9) | BY6: 4 | BZ6: 4
BY7: 5 | BZ7: 5
C8: 理事長 殿 | N8: 名 称 | P8: =IF('共通１ー１（基本情報（１）～（11））'!C5="","",'共通１ー１（基本情報（１）～（11））'!C5) | BY8: 6 | BZ8: 6
BY9: 7 | BZ9: 7
N10: 代表者の職・氏名 | P10: =IF('共通１ー１（基本情報（１）～（11））'!C10="","",'共通１ー１（基本情報（１）～（11））'!C10) | T10: =IF('共通１ー１（基本情報（１）～（11））'!C11="","",'共通１ー１（基本情報（１）～（11））'!C11) | BY10: 8 | BZ10: 8
BY11: 9 | BZ11: 9
N12: （共同申請者） | BY12: 10 | BZ12: 10
BY13: 11 | BZ13: 11
N14: 名 称 | BY14: 12 | BZ14: 12
BZ15: 13
N16: 代表者の職・氏名 | BZ16: 14
BZ17: 15
BZ18: 16
N19: （共同申請者） | BZ19: 17
BZ20: 18
N21: 名 称 | BZ21: 19
BZ22: 20
N23: 代表者の職・氏名 | BZ23: 21
BZ24: 22
N25: （手続代行者） | BZ25: 23
BZ26: 24
N27: 名 称 | P27: =IF('共通１ー１（基本情報（１）～（11））'!C59="","",'共通１ー１（基本情報（１）～（11））'!C59) | BZ27: 25
BZ28: 26
N29: 代表者の職・氏名 | P29: =IF('共通１ー１（基本情報（１）～（11））'!C64="","",'共通１ー１（基本情報（１）～（11））'!C64) | T29: =IF('共通１ー１（基本情報（１）～（11））'!C65="","",'共通１ー１（基本情報（１）～（11））'!C65) | BZ29: 27
BZ30: 28
C31: 助成事業承継届出書 | BZ31: 29
BZ32: 30
F33: 年 | H33: 月 | J33: 日付 | M33: 都環公地温第 | R33: 号で交付決定の通知を受けた | BZ33: 31
C34: 事業について、助成事業者の地位を承継し、当該助成事業を継続して実施したいので、区市町村公共施設等への再生可能エネルギー導入促進事業助成金（都外設置都内消費）交付要綱（令和６年６月25日付６都環公地温第1780号）第14条第１項の規定に基づき、下記のとおり届け出ます。
C35: 記
D36: 設備の導入場所の施設名称
D37: 交付決定番号
D38: 承継前の助成事業者 | L38: 住 所
L40: 名 称
L42: 代表者の職・氏名
D43: 承継の理由
D44: 承継後の総括的連絡先
L45: 会社名
L47: 部課名
L49: 担当者氏名
L51: （電話番号 | W51: ）
L54: （Ｅ-mail | W54: ）
D57: ※助成事業の承継が確認できる書類を添付すること。

Sheet 第７号様式
B1: 第７号様式（第15条関係）
T3: 年 | V3: 月 | X3: 日 | BX3: 令和6 | BY3: 1 | BZ3: 1
BX4: 令和7 | BY4: 2 | BZ4: 2
N5: （助成事業者） | BX5: 令和8 | BY5: 3 | BZ5: 3
C6: 公益財団法人 東京都環境公社 | N6: 住 所 | P6: =IF('共通１ー１（基本情報（１）～（11））'!C6="","",'共通１ー１（基本情報（１）～（11））'!C6) | R6: =IF('共通１ー１（基本情報（１）～（11））'!C7="","",'共通１ー１（基本情報（１）～（11））'!C7&'共通１ー１（基本情報（１）～（11））'!C8&'共通１ー１（基本情報（１）～（11））'!C9) | BY6: 4 | BZ6: 4
BY7: 5 | BZ7: 5
C8: 理事長 殿 | N8: 名 称 | P8: =IF('共通１ー１（基本情報（１）～（11））'!C5="","",'共通１ー１（基本情報（１）～（11））'!C5) | BY8: 6 | BZ8: 6
BY9: 7 | BZ9: 7
N10: 代表者の職・氏名 | P10: =IF('共通１ー１（基本情報（１）～（11））'!C10="","",'共通１ー１（基本情報（１）～（11））'!C10) | T10: =IF('共通１ー１（基本情報（１）～（11））'!C11="","",'共通１ー１（基本情報（１）～（11））'!C11) | BY10: 8 | BZ10: 8
BY11: 9 | BZ11: 9
N12: （共同申請者） | BY12: 10 | BZ12: 10
BY13: 11 | BZ13: 11
N14: 名 称 | BY14: 12 | BZ14: 12
BZ15: 13
N16: 代表者の職・氏名 | BZ16: 14
BZ17: 15
N18: （共同申請者） | BZ18: 16
BZ19: 17
N20: 名 称 | BZ20: 18
BZ21: 19
N22: 代表者の職・氏名 | BZ22: 20
BZ23: 21
N24: （手続代行者） | BZ24: 22
BZ25: 23
N26: 名 称 | P26: =IF('共通１ー１（基本情報（１）～（11））'!C59="","",'共通１ー１（基本情報（１）～（11））'!C59) | BZ26: 24
BZ27: 25
N28: 代表者の職・氏名 | P28: =IF('共通１ー１（基本情報（１）～（11））'!C64="","",'共通１ー１（基本情報（１）～（11））'!C64) | T28: =IF('共通１ー１（基本情報（１）～（11））'!C65="","",'共通１ー１（基本情報（１）～（11））'!C65) | BZ28: 26
BZ29: 27
C30: 助成事業計画変更届出書 | BZ30: 28
BZ31: 29
F32: 年 | H32: 月 | J32: 日付 | M32: 都環公地温第 | R32: 号で交付決定の通知を受けた | BZ32: 30
C33: 事業について、事業計画を変更したいので、区市町村公共施設等への再生可能エネルギー導入促進事業助成金（都外設置都内消費）交付要綱（令和６年６月25日付６都環公地温第1780号）第15条第１項の規定に基づき、下記のとおり届け出ます。 | BZ33: 31
C34: 記
D35: 設備の導入場所の施設名称
D36: 交付決定番号
D37: 変更の内容
D38: 変更の理由
D39: 変更による影響
D40: 変更後の助成事業に要する経費等 | L40: 共通様式のとおり
D41: ※ 変更の内容について、詳細を説明する資料を添付すること。

Sheet 第８号様式
B1: 第８号様式（第17条関係）
T3: 年 | V3: 月 | X3: 日 | BX3: 令和6 | BY3: 1 | BZ3: 1
BX4: 令和7 | BY4: 2 | BZ4: 2
N5: （助成事業者） | BX5: 令和8 | BY5: 3 | BZ5: 3
C6: 公益財団法人 東京都環境公社 | N6: 住 所 | P6: =IF('共通１ー１（基本情報（１）～（11））'!C6="","",'共通１ー１（基本情報（１）～（11））'!C6) | R6: =IF('共通１ー１（基本情報（１）～（11））'!C7="","",'共通１ー１（基本情報（１）～（11））'!C7&'共通１ー１（基本情報（１）～（11））'!C8&'共通１ー１（基本情報（１）～（11））'!C9) | BY6: 4 | BZ6: 4
BY7: 5 | BZ7: 5
C8: 理事長 殿 | N8: 名 称 | P8: =IF('共通１ー１（基本情報（１）～（11））'!C5="","",'共通１ー１（基本情報（１）～（11））'!C5) | BY8: 6 | BZ8: 6
BY9: 7 | BZ9: 7
N10: 代表者の職・氏名 | P10: =IF('共通１ー１（基本情報（１）～（11））'!C10="","",'共通１ー１（基本情報（１）～（11））'!C10) | T10: =IF('共通１ー１（基本情報（１）～（11））'!C11="","",'共通１ー１（基本情報（１）～（11））'!C11) | BY10: 8 | BZ10: 8
BY11: 9 | BZ11: 9
N12: （共同申請者） | BY12: 10 | BZ12: 10
BY13: 11 | BZ13: 11
N14: 名 称 | BY14: 12 | BZ14: 12
BZ15: 13
N16: 代表者の職・氏名 | BZ16: 14
BZ17: 15
N18: （共同申請者） | BZ18: 16
BZ19: 17
N20: 名 称 | BZ20: 18
BZ21: 19
N22: 代表者の職・氏名 | BZ22: 20
BZ23: 21
N24: （手続代行者） | BZ24: 22
BZ25: 23
N26: 名 称 | P26: =IF('共通１ー１（基本情報（１）～（11））'!C59="","",'共通１ー１（基本情報（１）～（11））'!C59) | BZ26: 24
BZ27: 25
N28: 代表者の職・氏名 | P28: =IF('共通１ー１（基本情報（１）～（11））'!C64="","",'共通１ー１（基本情報（１）～（11））'!C64) | T28: =IF('共通１ー１（基本情報（１）～（11））'!C65="","",'共通１ー１（基本情報（１）～（11））'!C65) | BZ28: 26
BZ29: 27
C30: 事業者情報の変更届出書 | BZ30: 28
BZ31: 29
F32: 年 | H32: 月 | J32: 日付 | M32: 都環公地温第 | R32: 号で交付決定の通知を受けた | BZ32: 30
C33: 事業について、事業者情報等に変更が生じたため、区市町村公共施設等への再生可能エネルギー導入促進事業助成金（都外設置都内消費）交付要綱（令和６年６月25日付６都環公地温第1780号）第17条の規定に基づき、下記のとおり届け出ます。 | BZ33: 31
C34: 記
D35: 設備の導入場所の施設名称
D36: 交付決定番号
C38: 変更事項 | K38: 変更前 | R38: 変更後
C39: （該当のものに○） | K39: （変更事項のみ記載） | R39: （変更事項のみ記載）
D40: １ 法人登記住所の変更
D41: ２ 組織変更（株式会社化など）
D42: ３ 代表者変更
D43: ４ その他
D44: （注）本様式の他に、変更内容が確認できる書類を必ず添付すること。（登記簿謄本、定款等）

Sheet 第９号様式
B1: 第９号様式（第19条関係）
V3: 年 | X3: 月 | Z3: 日 | BX3: 令和6 | BY3: 1 | BZ3: 1
BX4: 令和7 | BY4: 2 | BZ4: 2
P5: （助成事業者） | BX5: 令和8 | BY5: 3 | BZ5: 3
C6: 公益財団法人 東京都環境公社 | P6: 住 所 | R6: =IF('共通１ー１（基本情報（１）～（11））'!C6="","",'共通１ー１（基本情報（１）～（11））'!C6) | T6: =IF('共通１ー１（基本情報（１）～（11））'!C7="","",'共通１ー１（基本情報（１）～（11））'!C7&'共通１ー１（基本情報（１）～（11））'!C8&'共通１ー１（基本情報（１）～（11））'!C9) | BY6: 4 | BZ6: 4
BY7: 5 | BZ7: 5
C8: 理事長 殿 | P8: 名 称 | R8: =IF('共通１ー１（基本情報（１）～（11））'!C5="","",'共通１ー１（基本情報（１）～（11））'!C5) | BY8: 6 | BZ8: 6
BY9: 7 | BZ9: 7
P10: 代表者の職・氏名 | R10: =IF('共通１ー１（基本情報（１）～（11））'!C10="","",'共通１ー１（基本情報（１）～（11））'!C10) | V10: =IF('共通１ー１（基本情報（１）～（11））'!C11="","",'共通１ー１（基本情報（１）～（11））'!C11) | BY10: 8 | BZ10: 8
BY11: 9 | BZ11: 9
P12: （共同申請者） | BY12: 10 | BZ12: 10
BY13: 11 | BZ13: 11
P14: 名 称 | BY14: 12 | BZ14: 12
BZ15: 13
P16: 代表者の職・氏名 | BZ16: 14
P17: （共同申請者） | BZ17: 15
BZ18: 16
P19: 名 称 | BZ19: 17
BZ20: 18
P21: 代表者の職・氏名 | BZ21: 19
BZ22: 20
BZ23: 21
P24: （手続代行者） | BZ24: 22
BZ25: 23
P26: 名 称 | R26: =IF('共通１ー１（基本情報（１）～（11））'!C59="","",'共通１ー１（基本情報（１）～（11））'!C59) | BZ26: 24
BZ27: 25
P28: 代表者の職・氏名 | R28: =IF('共通１ー１（基本情報（１）～（11））'!C64="","",'共通１ー１（基本情報（１）～（11））'!C64) | V28: =IF('共通１ー１（基本情報（１）～（11））'!C65="","",'共通１ー１（基本情報（１）～（11））'!C65) | BZ28: 26
BZ29: 27
C30: 助成事業中止（廃止）届出書 | BZ30: 28
BZ31: 29
F32: 年 | H32: 月 | J32: 日付 | M32: 都環公地温第 | R32: 号で交付決定の通知を受けた事業に | BZ32: 30
C33: ついて、下記のとおり事業を中止（廃止）したいので、区市町村公共施設等への再生可能エネルギー導入促進事業助成金（都外設置都内消費）交付要綱（令和６年６月25日付６都環公地温第1780号）第19条第１項の規定に基づき、届け出ます。 | BZ33: 31
C34: 記
D35: 設備の導入場所の施設名称
D36: 交付決定番号
D37: 中止（廃止）の理由
D38: 中止（廃止）による影響 ※中止する場合は、再開時期を記載

Sheet 第10号様式
B1: 第10号様式（第20条関係）
T3: 年 | V3: 月 | X3: 日 | BX3: 令和6 | BY3: 1 | BZ3: 1
BX4: 令和7 | BY4: 2 | BZ4: 2
N5: （助成事業者） | BX5: 令和8 | BY5: 3 | BZ5: 3
C6: 公益財団法人 東京都環境公社 | N6: 住 所 | P6: =IF('共通１ー１（基本情報（１）～（11））'!C6="","",'共通１ー１（基本情報（１）～（11））'!C6) | R6: =IF('共通１ー１（基本情報（１）～（11））'!C7="","",'共通１ー１（基本情報（１）～（11））'!C7&'共通１ー１（基本情報（１）～（11））'!C8&'共通１ー１（基本情報（１）～（11））'!C9) | BY6: 4 | BZ6: 4
BY7: 5 | BZ7: 5
C8: 理事長 殿 | N8: 名 称 | P8: =IF('共通１ー１（基本情報（１）～（11））'!C5="","",'共通１ー１（基本情報（１）～（11））'!C5) | BY8: 6 | BZ8: 6
BY9: 7 | BZ9: 7
N10: 代表者の 職・氏名 | P10: =IF('共通１ー１（基本情報（１）～（11））'!C10="","",'共通１ー１（基本情報（１）～（11））'!C10) | T10: =IF('共通１ー１（基本情報（１）～（11））'!C11="","",'共通１ー１（基本情報（１）～（11））'!C11) | BY10: 8 | BZ10: 8
BY11: 9 | BZ11: 9
N12: （手続代行者） | BY12: 10 | BZ12: 10
BY13: 11 | BZ13: 11
N14: 名 称 | P14: =IF('共通１ー１（基本情報（１）～（11））'!C59="","",'共通１ー１（基本情報（１）～（11））'!C59) | BY14: 12 | BZ14: 12
BZ15: 13
N16: 代表者の 職・氏名 | P16: =IF('共通１ー１（基本情報（１）～（11））'!C64="","",'共通１ー１（基本情報（１）～（11））'!C64) | T16: =IF('共通１ー１（基本情報（１）～（11））'!C65="","",'共通１ー１（基本情報（１）～（11））'!C65) | BZ16: 14
BZ17: 15
C18: 実績報告書兼助成金交付請求書 | BZ18: 16
BZ19: 17
D20: 【第一面】 | BZ20: 18
BZ21: 19
F22: 年 | H22: 月 | J22: 日付 | M22: 都環公地温第 | R22: 号で交付決定の通知を受け | BZ22: 20
C23: た事業について、事業が完了したので、区市町村公共施設等への再生可能エネルギー導入促進事業助成金（都外設置都内消費）交付要綱（令和６年６月25日付６都環公地温第1780号 ）第20条第１項の規定に基づき、下記のとおり届け出ます。 | BZ23: 21
D24: 記 | BZ24: 22
D25: 助成事業の名称 | BZ25: 23
BZ26: 24
D27: 交付決定番号 | BZ27: 25
D28: 再生可能エネルギー利用設備の種別 | BZ28: 26
D29: 助成金実績報告額 | L29: (1) 助成事業に要する経費 | W29: 円 | BZ29: 27
BZ30: 28
L31: (2) 助成対象経費 | W31: 円 | BZ31: 29
BZ32: 30
L33: (3) 助成金実績報告額 | W33: 円 | BZ33: 31
L35: (4) 既交付額 | W35: 円
L37: (5) 差額 | W37: 円
D38: 事業実施期間 | L38: 着手年月日 | P38: : | S38: 年 | U38: 月 | W38: 日
L40: 完了年月日 | P40: : | S40: 年 | U40: 月 | W40: 日
B42: 【第二面】
B48: 交付請求額 | G48: 金 | O48: 円 | AB48: ←第一面で算出された差額をベースに入力してください。
B50: （助成金振込先）
B51: 金融機関名 (カタカナ）
B53: 支店名 （カタカナ）
B55: 金融機関コード | J55: 支店コード | Q55: 預金種類 （該当項目に✔）
B56: 口座名義 （カタカナ）
C58: 口座番号 （右詰）
C60: （注）振込口座が確認できる資料（通帳等の写し）を添付すること。
B62: ■記載方法に関する注意事項 ・口座名義は、申請者と同一名義であること ・口座名義は、半角カタカナ英数字で記入 ・濁点、半濁点は一文字分とする ・口座名義は、前株の場合は「カ)●●」、後株の場合は、「●●(カ」と記入 ・口座名義が枠内（30文字）を超える場合は、名義名称の冒頭から30文字までを記入 ■振込口座が確認できる資料に関する注意事項 ・銀行名、支店名、預金種別、口座番号、口座名義人が読み取れる内容であること ・当座預金で通帳がない場合は、小切手帳や取引明細書、当座勘定照合等の写しを添付 ・ネット銀行で通帳がない場合は、インターネット画面を印刷したものを添付

Sheet 第10号の２様式
B1: 第10号の２様式（第10条関係）
T3: 年 | V3: 月 | X3: 日 | AC3: 部分を入力してください。 | BX3: 令和6 | BY3: 1 | BZ3: 1
BX4: 令和7 | BY4: 2 | BZ4: 2
N5: （助成事業者） | BX5: 令和8 | BY5: 3 | BZ5: 3
C6: 公益財団法人 東京都環境公社 | N6: 住 所 | P6: =IF('共通１ー１（基本情報（１）～（11））'!C6="","",'共通１ー１（基本情報（１）～（11））'!C6) | R6: =IF('共通１ー１（基本情報（１）～（11））'!C7="","",'共通１ー１（基本情報（１）～（11））'!C7&'共通１ー１（基本情報（１）～（11））'!C8&'共通１ー１（基本情報（１）～（11））'!C9) | BY6: 4 | BZ6: 4
BY7: 5 | BZ7: 5
C8: 理事長 殿 | N8: 名 称 | P8: =IF('共通１ー１（基本情報（１）～（11））'!C5="","",'共通１ー１（基本情報（１）～（11））'!C5) | BY8: 6 | BZ8: 6
BY9: 7 | BZ9: 7
N10: 代表者の 職・氏名 | P10: =IF('共通１ー１（基本情報（１）～（11））'!C10="","",'共通１ー１（基本情報（１）～（11））'!C10) | T10: =IF('共通１ー１（基本情報（１）～（11））'!C11="","",'共通１ー１（基本情報（１）～（11））'!C11) | BY10: 8 | BZ10: 8
BY11: 9 | BZ11: 9
N12: （手続代行者） | BY12: 10 | BZ12: 10
BY13: 11 | BZ13: 11
N14: 名 称 | P14: =IF('共通１ー１（基本情報（１）～（11））'!C59="","",'共通１ー１（基本情報（１）～（11））'!C59) | BY14: 12 | BZ14: 12
BZ15: 13
N16: 代表者の 職・氏名 | P16: =IF('共通１ー１（基本情報（１）～（11））'!C64="","",'共通１ー１（基本情報（１）～（11））'!C64) | T16: =IF('共通１ー１（基本情報（１）～（11））'!C65="","",'共通１ー１（基本情報（１）～（11））'!C65) | BZ16: 14
BZ17: 15
C18: 助成金交付請求書 | BZ18: 16
BZ19: 17
D20: 【第一面】 | BZ20: 18
BZ21: 19
F22: 年 | H22: 月 | J22: 日付 | M22: 都環公地温第 | R22: 号で交付決定の通知を受け | AB22: ←交付決定通知書の右上の日付・番号を記入してください。 | BZ22: 20
C23: た事業について、区市町村公共施設等への再生可能エネルギー導入促進事業助成金（都外設置都内消費）交付要綱（令和６年６月25日付６都環公地温第1780号 ）第10条第３項の規定に基づき、下記のとおり届け出ます。 | BZ23: 21
D24: 記 | BZ24: 22
D25: 助成事業の名称 | BZ25: 23
BZ26: 24
D27: 交付決定番号 | BZ27: 25
D28: 再生可能エネルギー利用設備の種別 | BZ28: 26
D29: 助成金交付請求額 | L29: (1) 助成事業に要する経費 | W29: 円 | BZ29: 27
BZ30: 28
L31: (2) 助成対象経費 | W31: 円 | BZ31: 29
BZ32: 30
L33: (3) 助成金交付請求額 | W33: 円 | BZ33: 31
D35: 事業実施期間 | L35: 着手（予定）年月日 | P35: : | S35: 年 | U35: 月 | W35: 日 | AB35: ←着手日：契約完了日
L37: 完了（予定）年月日 | P37: : | S37: 年 | U37: 月 | W37: 日 | AB37: ←完了日：施工業者への支払日
B39: 【第二面】
B45: 交付請求額 | G45: 金 | O45: 円 | AB45: ←交付決定時の助成金額を入力してください。
B47: （助成金振込先）
B48: 金融機関名 (カタカナ）
B50: 支店名 （カタカナ）
B52: 金融機関コード | J52: 支店コード | Q52: 預金種類 （該当項目に✔）
B53: 口座名義 （カタカナ）
C55: 口座番号 （右詰）
C57: （注）振込口座が確認できる資料（通帳等の写し）を添付すること。
B59: ■記載方法に関する注意事項 ・口座名義は、申請者と同一名義であること ・口座名義は、半角カタカナ英数字で記入 ・濁点、半濁点は一文字分とする ・口座名義は、前株の場合は「カ)●●」、後株の場合は、「●●(カ」と記入 ・口座名義が枠内（30文字）を超える場合は、名義名称の冒頭から30文字までを記入 ■振込口座が確認できる資料に関する注意事項 ・銀行名、支店名、預金種別、口座番号、口座名義人が読み取れる内容であること ・当座預金で通帳がない場合は、小切手帳や取引明細書、当座勘定照合等の写しを添付 ・ネット銀行で通帳がない場合は、インターネット画面を印刷したものを添付

Sheet 第14号様式
B1: 第14号様式（第24条関係）
V3: 年 | X3: 月 | Z3: 日 | BX3: 令和6 | BY3: 1 | BZ3: 1
BX4: 令和7 | BY4: 2 | BZ4: 2
C5: 公益財団法人 東京都環境公社 | BX5: 令和8 | BY5: 3 | BZ5: 3
C6: 理事長 殿 | O6: 住 所 | BY6: 4 | BZ6: 4
BY7: 5 | BZ7: 5
O8: 名 称 | BY8: 6 | BZ8: 6
BY9: 7 | BZ9: 7
O10: 代表者の職・氏名 | BY10: 8 | BZ10: 8
BY11: 9 | BZ11: 9
O12: （共同申請者） | BY12: 10 | BZ12: 10
BY13: 11 | BZ13: 11
O14: 名 称 | BY14: 12 | BZ14: 12
BZ15: 13
O16: 代表者の職・氏名 | BZ16: 14
BZ17: 15
O18: （共同申請者） | BZ18: 16
BZ19: 17
O20: 名 称 | BZ20: 18
BZ21: 19
O22: 代表者の職・氏名 | BZ22: 20
BZ23: 21
BZ24: 22
BZ25: 23
BZ26: 24
BZ27: 25
BZ28: 26
C29: 助成金返還報告書 | BZ29: 27
BZ30: 28
F31: 年 | H31: 月 | J31: 日付 | M31: 都環公地温第 | S31: 号で交付額確定の通知を受けた | BZ31: 29
C32: 事業について、助成金を返還しましたので、区市町村公共施設等への再生可能エネルギー導入促進事業助成金（都外設置都内消費）交付要綱（令和６年６月25日付６都環公地温第1780号）第24条第4項の規定に基づき、報告します。 | BZ32: 30
C33: 記 | BZ33: 31
D34: 設備の導入場所の施設名称
D36: 交付決定番号
D37: 既に交付を受けている 助成金額 | L37: 金 | S37: 円
D38: 返還を請求された 年月日及び金額 | K38: 令和 | N38: 年 | P38: 月 | R38: 日
L40: 金 | S40: 円
D41: 返還した 年月日及び金額 | K41: 令和 | N41: 年 | P41: 月 | R41: 日
L43: （１）返還金 | O43: 金 | U43: 円
L45: （２）加算金 | O45: 金 | U45: 円
L47: （３）延滞金 | O47: 金 | U47: 円
D48: 添付資料 | L48: ・加算金及び延滞金の算出根拠資料
D49: 未納返還金額 | L49: （１）返還金 | O49: 金 | U49: 円
L51: （２）加算金 | O51: 金 | U51: 円
L53: （３）延滞金 | O53: 金 | U53: 円

Sheet 第15号様式
C1: 第15号様式(第28条関係）
T3: 年 | V3: 月 | X3: 日 | BX3: 令和6 | BY3: 1 | BZ3: 1
BX4: 令和7 | BY4: 2 | BZ4: 2
C5: 公益財団法人 東京都環境公社 | BX5: 令和8 | BY5: 3 | BZ5: 3
C6: 理事長 殿 | BY6: 4 | BZ6: 4
BY7: 5 | BZ7: 5
BY8: 6 | BZ8: 6
N9: （助成事業者） | BY9: 7 | BZ9: 7
N10: 住 所 | P10: =IF('共通１ー１（基本情報（１）～（11））'!C6="","",'共通１ー１（基本情報（１）～（11））'!C6) | R10: =IF('共通１ー１（基本情報（１）～（11））'!C7="","",'共通１ー１（基本情報（１）～（11））'!C7&'共通１ー１（基本情報（１）～（11））'!C8&'共通１ー１（基本情報（１）～（11））'!C9) | BY10: 8 | BZ10: 8
BY11: 9 | BZ11: 9
N12: 名 称 | P12: =IF('共通１ー１（基本情報（１）～（11））'!C5="","",'共通１ー１（基本情報（１）～（11））'!C5) | BY12: 10 | BZ12: 10
BY13: 11 | BZ13: 11
N14: 代表者の職・氏名 | P14: =IF('共通１ー１（基本情報（１）～（11））'!C10="","",'共通１ー１（基本情報（１）～（11））'!C10) | T14: =IF('共通１ー１（基本情報（１）～（11））'!C11="","",'共通１ー１（基本情報（１）～（11））'!C11) | BY14: 12 | BZ14: 12
BZ15: 13
N16: （共同申請者） | BZ16: 14
BZ17: 15
N18: 名 称 | BZ18: 16
BZ19: 17
N20: 代表者の職・氏名 | BZ20: 18
BZ21: 19
N22: （共同申請者） | BZ22: 20
BZ23: 21
N24: 名 称 | BZ24: 22
BZ25: 23
N26: 代表者の職・氏名 | BZ26: 24
BZ27: 25
N28: （手続代行者） | BZ28: 26
BZ29: 27
N30: 名 称 | P30: =IF('共通１ー１（基本情報（１）～（11））'!C59="","",'共通１ー１（基本情報（１）～（11））'!C59) | BZ30: 28
BZ31: 29
N32: 代表者の職・氏名 | P32: =IF('共通１ー１（基本情報（１）～（11））'!C64="","",'共通１ー１（基本情報（１）～（11））'!C64) | T32: =IF('共通１ー１（基本情報（１）～（11））'!C65="","",'共通１ー１（基本情報（１）～（11））'!C65) | BZ32: 30
BZ33: 31
K34: =第15号様式!L4=#REF! -> #REF!
C35: 所有者変更承認申請書
F37: 年 | H37: 月 | J37: 日付 | M37: 都環公地温第 | R37: 号で交付額確定の通知を受けた事業
C38: について、下記のとおり取得財産の所有者を変更したいので、区市町村公共施設等への再生可能エネルギー導入促進事業助成金（都外設置都内消費）交付要綱（令和６年６月25日付６都環公地温第1780号）第28条第１項第三号の規定に基づき、申請します。
C39: 記
C40: 設備の導入場所の施設名称
C41: 交付決定番号
C42: 変更後 | F42: 助成事業者住所
F43: 助成事業者名
F44: 電話番号
C45: 変更前 | F45: 助成事業者住所
F46: 助成事業者名
C47: 変更理由
C48: 変更年月日 | O48: 年 | Q48: 月 | S48: 日
D50: 【助成金の交付に伴う義務】
F51: 承諾します | J51: 助成対象設備の所有者の変更に伴い、交付要綱に定められた本助成金の交付に伴う全ての条件、義務等についても、助成対象設備の変更後の所有者に移転することを承諾します。
C53: （注）変更後の現在事項全部証明書の写し（発行後３ヵ月以内のもの）を提出してください。

Sheet 第17号様式
B1: 第17号様式（第28条関係）
T3: 年 | V3: 月 | X3: 日 | BX3: 令和6 | BY3: 1 | BZ3: 1
BX4: 令和7 | BY4: 2 | BZ4: 2
C5: 公益財団法人 東京都環境公社 | N5: （助成事業者） | BX5: 令和8 | BY5: 3 | BZ5: 3
C6: 理事長 殿 | N6: 住 所 | P6: =IF('共通１ー１（基本情報（１）～（11））'!C6="","",'共通１ー１（基本情報（１）～（11））'!C6) | R6: =IF('共通１ー１（基本情報（１）～（11））'!C7="","",'共通１ー１（基本情報（１）～（11））'!C7&'共通１ー１（基本情報（１）～（11））'!C8&'共通１ー１（基本情報（１）～（11））'!C9) | BY6: 4 | BZ6: 4
BY7: 5 | BZ7: 5
N8: 名 称 | P8: =IF('共通１ー１（基本情報（１）～（11））'!C5="","",'共通１ー１（基本情報（１）～（11））'!C5) | BY8: 6 | BZ8: 6
BY9: 7 | BZ9: 7
N10: 代表者の職・氏名 | P10: =IF('共通１ー１（基本情報（１）～（11））'!C10="","",'共通１ー１（基本情報（１）～（11））'!C10) | T10: =IF('共通１ー１（基本情報（１）～（11））'!C11="","",'共通１ー１（基本情報（１）～（11））'!C11) | BY10: 8 | BZ10: 8
BY11: 9 | BZ11: 9
N12: （共同申請者） | BY12: 10 | BZ12: 10
BY13: 11 | BZ13: 11
N14: 名 称 | BY14: 12 | BZ14: 12
BZ15: 13
N16: 代表者の職・氏名 | BZ16: 14
BZ17: 15
N18: （共同申請者） | BZ18: 16
BZ19: 17
N20: 名 称 | BZ20: 18
BZ21: 19
N22: 代表者の職・氏名 | BZ22: 20
BZ23: 21
N24: （手続代行者） | BZ24: 22
BZ25: 23
N26: 名 称 | P26: =IF('共通１ー１（基本情報（１）～（11））'!C59="","",'共通１ー１（基本情報（１）～（11））'!C59) | BZ26: 24
BZ27: 25
N28: 代表者の職・氏名 | P28: =IF('共通１ー１（基本情報（１）～（11））'!C64="","",'共通１ー１（基本情報（１）～（11））'!C64) | T28: =IF('共通１ー１（基本情報（１）～（11））'!C65="","",'共通１ー１（基本情報（１）～（11））'!C65) | BZ28: 26
BZ29: 27
C30: 取得財産等処分承認申請書 | BZ30: 28
BZ31: 29
F32: 年 | H32: 月 | J32: 日付 | M32: 都環公地温第 | R32: 号で交付額確定の通知を受 | BZ32: 30
C33: けた事業について、下記のとおり取得財産を処分したいので、区市町村公共施設等への再生可能エネルギー導入促進事業助成金（都外設置都内消費）交付要綱（令和６年６月25日付６都環公地温第1780号）第28条第1項第六号の規定に基づき、申請します。 | BZ33: 31
C34: 記
D35: 設備の導入場所の施設名称
D37: 交付決定番号
D38: 処分しようとする取得財産等
D39: 処分の理由
D40: 処分の方法
D41: 処分の 相手方※ | G41: 名称
G42: 住所
G43: 使用場所
D44: 処分の条件
D45: 処分予定日 | O45: 年 | Q45: 月 | S45: 日
B47: （※）売却、譲渡、交換、貸与、担保提供の相手方のある場合は、それぞれの相手方、条件及び金額について記載
D48: すること。
C49: 処分の相手方の現在事項全部証明書の写し（発行後３カ月以内のもの）を提出してください。

Sheet 第19号様式
B1: 第19号様式(第29条関係） | BB1: 第19号様式(第29条関係）
T3: 年 | V3: 月 | X3: 日 | BR3: ● | BT3: 年 | BU3: ● | BV3: 月 | BW3: ● | BX3: 日 | CX3: 令和6 | CY3: 1 | CZ3: 1
CX4: 令和7 | CY4: 2 | CZ4: 2
CX5: 令和8 | CY5: 3 | CZ5: 3
C6: 公益財団法人 東京都環境公社 | N6: （助成事業者） | BC6: 公益財団法人 東京都環境公社 | BN6: （助成事業者） | CY6: 4 | CZ6: 4
CY7: 5 | CZ7: 5
C8: 理事長 殿 | N8: 住 所 | P8: =IF('共通１ー１（基本情報（１）～（11））'!C6="","",'共通１ー１（基本情報（１）～（11））'!C6) | R8: =IF('共通１ー１（基本情報（１）～（11））'!C7="","",'共通１ー１（基本情報（１）～（11））'!C7&'共通１ー１（基本情報（１）～（11））'!C8&'共通１ー１（基本情報（１）～（11））'!C9) | BC8: 理事長 殿 | BN8: 住 所 | BP8: =[9]第１号_１枚目!BJ8 -> 0 | CY8: 6 | CZ8: 6
CY9: 7 | CZ9: 7
N10: 名 称 | P10: =IF('共通１ー１（基本情報（１）～（11））'!C5="","",'共通１ー１（基本情報（１）～（11））'!C5) | BN10: 名 称 | BP10: =[9]第１号_１枚目!BJ9 -> 0 | CY10: 8 | CZ10: 8
CY11: 9 | CZ11: 9
N12: 代表者の職・氏名 | P12: =IF('共通１ー１（基本情報（１）～（11））'!C10="","",'共通１ー１（基本情報（１）～（11））'!C10) | T12: =IF('共通１ー１（基本情報（１）～（11））'!C11="","",'共通１ー１（基本情報（１）～（11））'!C11) | BN12: 代表者の職・氏名 | BP12: =[9]第１号_１枚目!BJ10 -> 0 | BT12: =[9]第１号_１枚目!BM10 -> 0 | CY12: 10 | CZ12: 10
CY13: 11 | CZ13: 11
CY14: 12 | CZ14: 12
CZ15: 13
CZ16: 14
C17: 電力供給施設変更申請書 | CZ17: 15
BC18: 電力供給施設変更申請書 | CZ18: 16
CZ19: 17
D20: 令和 | F20: 年 | H20: 月 | J20: 日付 | M20: 都環公地温第 | R20: 号で交付額確定の通知を受けた | BD20: 令和 | BF20: 年 | BH20: 月 | BJ20: 日付 | BM20: 都環公地温第 | BR20: 号で交付額確定の通知を受けた | CZ20: 18
C21: 事業について、下記のとおり電力供給施設を変更したいので、区市町村公共施設等への再生可能エネルギー導入促進事業助成金（都外設置都内消費）交付要綱（令和６年６月25日付６都環公地温第1780号。）第29条第２項の規定に基づき、申請します。 | BC21: 事業について、下記のとおり電力供給施設を変更したいので、再エネ設備の新規導入につながる電力調達構築事業助成金助成金交付要綱（令和３年８月19日付３都環公地温第1050号 ）第30条第２項の規定に基づき、申請します。 | CZ21: 19
CZ22: 20
CZ23: 21
C24: 記 | BC24: 記 | CZ24: 22
CZ25: 23
CZ26: 24
C27: 助成事業の名称 | BC27: 助成事業の名称 | BL27: =[9]第７号様式!BL24 -> ○○○○○○○○○○ | CZ27: 25
C28: （交付決定番号） | BC28: （交付決定番号） | BL28: （ | BM28: =[9]第７号様式!BM26 -> HH○○○○ | BQ28: ） | CZ28: 26
C29: 変更後 | F29: 電力供給施設住所 | L29: 〒 | BC29: 変更後 | BF29: 電力供給施設住所 | BL29: 〒 | BN29: ●●●-●●●● | CZ29: 27
BL30: 東京都△△区□□町 | CZ30: 28
F31: フリガナ | BF31: フリガナ | BL31: ■■カブシキカイシャ ダイヒョウトリシマリヤク ○○ ○○ | CZ31: 29
F32: 所有代表者 | BF32: 所有代表者 | BL32: ■■株式会社 代表取締役 代表取締役 〇〇 〇〇 | CZ32: 30
F33: 電話番号 | BF33: 電話番号 | BL33: ●●-●●●●-●●●● | CZ33: 31
C34: 変更前 | F34: 電力供給施設住所 | L34: 〒 | BC34: 変更前 | BF34: 電力供給施設住所 | BL34: 〒 | BN34: ●●●-●●●●
BL35: 東京都○○区○○町
F36: フリガナ | BF36: フリガナ | BL36: ■■カブシキカイシャ ダイヒョウトリシマリヤク ○○ ○○
F37: 所有代表者 | BF37: 所有代表者 | BL37: ■■株式会社 代表取締役 代表取締役 〇〇 〇〇
F38: 電話番号 | BF38: 電話番号 | BL38: ●●-●●●●-●●●●
C39: 変更理由 | BC39: 変更理由 | BL39: ●●●●●●●●●●●●が生じたため
C40: 変更年月日 | M40: 令和 | P40: 年 | R40: 月 | T40: 日 | BC40: 変更年月日 | BM40: 令和 | BO40: ○ | BP40: 年 | BQ40: ○ | BR40: 月 | BS40: ○ | BT40: 日
C42: （注）変更後施設の登記簿謄本の写し（発行後３ヵ月以内のもの）を提出してください。 | BC42: （注）変更後施設の登記簿謄本の写し（発行後３ヵ月以内のもの）を提出してください。

Sheet 第21号様式
B1: 第21号様式（第30条関係）
AC2: 部分を入力してください。
T3: 年 | V3: 月 | X3: 日 | BX3: 令和6 | BY3: 1 | BZ3: 1
BX4: 令和7 | BY4: 2 | BZ4: 2
BX5: 令和8 | BY5: 3 | BZ5: 3
C6: 公益財団法人 東京都環境公社 | N6: （助成事業者） | BY6: 4 | BZ6: 4
BY7: 5 | BZ7: 5
C8: 理事長 殿 | N8: 住 所 | P8: =IF('共通１ー１（基本情報（１）～（11））'!C6="","",'共通１ー１（基本情報（１）～（11））'!C6) | R8: =IF('共通１ー１（基本情報（１）～（11））'!C7="","",'共通１ー１（基本情報（１）～（11））'!C7&'共通１ー１（基本情報（１）～（11））'!C8&'共通１ー１（基本情報（１）～（11））'!C9) | BY8: 6 | BZ8: 6
BY9: 7 | BZ9: 7
N10: 名 称 | P10: =IF('共通１ー１（基本情報（１）～（11））'!C5="","",'共通１ー１（基本情報（１）～（11））'!C5) | BY10: 8 | BZ10: 8
BY11: 9 | BZ11: 9
N12: 代表者の職・氏名 | P12: =IF('共通１ー１（基本情報（１）～（11））'!C10="","",'共通１ー１（基本情報（１）～（11））'!C10) | T12: =IF('共通１ー１（基本情報（１）～（11））'!C11="","",'共通１ー１（基本情報（１）～（11））'!C11) | BY12: 10 | BZ12: 10
BY13: 11 | BZ13: 11
BY14: 12 | BZ14: 12
BZ15: 13
BZ16: 14
C17: 電力供給解除承認申請書 | BZ17: 15
BZ18: 16
BZ19: 17
D20: 令和 | F20: 年 | H20: 月 | J20: 日付 | M20: 都環公地温第 | R20: 号で交付額確定の通知を受け | AB20: ←助成金確定通知書の右上の日付・番号を記入してください。 | BZ20: 18
C21: た事業について、下記のとおり電力供給を解除したいので、区市町村公共施設等への再生可能エネルギー導入促進事業助成金（都外設置都内消費）交付要綱（令和６年６月25日付６都環公地温第1780号。）第30条第２項の規定に基づき、下記のとおり申請します。 | BZ21: 19
BZ22: 20
BZ23: 21
C24: 記 | BZ24: 22
BZ25: 23
BZ26: 24
D27: 助成事業の名称 | BZ27: 25
BZ28: 26
D29: （交付決定番号） | BZ29: 27
D30: 供給の解除理由 | BZ30: 28
D31: 供給解除施設の情報 | G31: 名称 | BZ31: 29
G32: 住所 | BZ32: 30
D33: 供給開始日 | L33: 令和 | O33: 年 | Q33: 月 | S33: 日 | BZ33: 31
D34: 供給解除予定日 | L34: 令和 | O34: 年 | Q34: 月 | S34: 日
E35: 承諾します | K35: 公社から【財産等の処分及び電力供給解除に係る納付額通知書】により通知された請求額を公社へ納めることに承諾します。
D37: ※ 供給開始日が確認できる書類を添付してください

Sheet 参考様式３
B1: 参考様式３．実施手法の検討及び費用対効果の検証資料
B2: 検証項目 | C2: 想定（計画時） | D2: 実績 | E2: 備考
B3: 発電容量（kW）
B4: 蓄電池容量 （kWh）
B5: 計測期間と計測期間内の発電量 | C5: ―
B6: 年間見込発電量 （kWh/年）
B7: 年間見込電力削減額 （円/年）
B8: 国および都の助成金控除後のイニシャルコスト （円）
B9: 投資回収年数 （年）
B10: CO2削減量 （t-CO2）
B11: 導入後の評価
